Workbook

Sheet READ ME
C2: Purpose of the Data Mapping Exercise
B3: This Data Mapping document was used to assess data collected through UNICEF Tajikistan's reporting processes and get an overall picture of UNICEF's intervention accross Goal Areas. This exercise was conducted at an early stage during the desk review and inception phase and aimed at identifying what data is available in Tajikistan, what is the data environement (what gaps can be identified in data collection, which entities are collecting data). Data included in this mapping exercise was extracted from several UNICEF reports (COARs, RAMs, SMQs) as well as additional reports, evaluations and baseline studies provided in the library for the desk review). Each tab (Learn, Survive and Thrive, Protective Environment, ADAP, Cross-sectoral or other) contain data collected from these different sources. The Baseline data and progress tab contains data collected from the RAM 2019 and SMQ 2019 (with the latest updated data) and was used to assess progress against indicators in the different outcome areas.
A21: Use the filter buttons to select data
A23: Tabs 1-5 | B23: Year | C23: Area | D23: Goal/Outcome | E23: Indicator | F23: Data source | G23: UNICEF or other | H23: Dis Sex | I23: Dis Age | J23: Dis Urb/Rural | K23: Comment
B24: Within each sheet, the data has been categorised according to the year or latest year of collection, goal areas and area of intervention, indicator found, document source and organisation reporting the data (UNICEF or other). | H24: Three colums indicate whether the data found has been disagregated by age, sex and rural/urban areas. | K24: The comments section provides additional information collected on the data. These comments are either extracted from UNICEF documentation and give more details about the data or list target set for some data sets.
E32: Evidence Map
A34: Evidence mapping tab.
E35: The evidence mapping is a data visualization tool. It presents a visual overview of data collected in intervention areas as well as outcome areas to helop identify existing sources of information as well as gaps.
A38: Goal/Outcome | C38: Learning outcomes | E38: The colour patern is used for better visualization of existing data and gaps.
A39: Nb of Entries | C39: 12 | E39: This number indicates the amount of data collected per outcome area
A40: UNICEF Reports | C40: 6 | E40: This number indicates how many of the entries where found in UNICEF sources (COARS, RAMs, SMQs etc.)
A41: Other sources | C41: 7 | E41: This number indicates how many entries were found in reports/sources from non-UNICEF sources
A42: Nb of data disaggregated by sex | C42: 1 | E42: This shows how many indicators or data are disagregated according to sex, age or rural/urban in each outcome areas
A43: Nb of data disaggregated by age | C43: 3
A44: Nb of data disaggregated by Urban/Rural | C44: 1
A59: Baseline tab | B59: Goal Area | C59: Indicator | D59: Baseline | F59: Target | H59: Progress | J59: Source | K59: Comments
D60: Year | E60: Value | F60: Year | G60: Value | H60: Year | I60: Value
B61: The information in this table is similar to information contained in RAM and SMQ and was adapted for easier analysis.

Sheet LEARN
A1: Year | B1: Area | C1: Goal/Outcome | D1: Indicator | E1: Data source | F1: UNICEF or other | G1: INDIC_UNICEForNot | H1: Qualitative or Quantitative | I1: Yes if Quant | J1: Dis Sex | K1: INDIC_Dis Sex | L1: Dis Age | M1: INDIC_Dis Age | N1: Dis Urb/Rural | O1: INDIC_Dis Urb/Rural | P1: Cross-referenced w/ RAM | Q1: Comment
A2: 2019 | B2: Education - Learn | C2: C4D | D2: UNICEF Magic Box TV animation series were broadcast nationally targeting over 70,000 children | E2: COAR 2019 | F2: UNICEF | G2: =IF(F2="UNICEF",1,0) -> 1 | H2: Qual | I2: =IF(H2 = "Quant", 1, 0) -> 0 | J2: No | K2: =IF(J2="Yes",1,0) -> 0 | L2: No | M2: =IF(L2="Yes",1,0) -> 0 | N2: No | O2: =IF(N2="Yes",1,0) -> 0
A3: 2018 | C3: Children with Disabilities | D3: The enrolment of children with disabilities in formal education increased by five percent over the last years, with the total of 6,584 children (2,611 girls) in Grades one to 11 in 2017-2018 school year, which is about 25% of officially registered children with disabilities. | E3: RAM 2018 | F3: EMIS data | G3: =IF(F3="UNICEF",1,0) -> 0 | H3: Qual | I3: =IF(H3 = "Quant", 1, 0) -> 0 | J3: Yes | K3: =IF(J3="Yes",1,0) -> 1 | L3: Yes | M3: =IF(L3="Yes",1,0) -> 1 | N3: No | O3: =IF(N3="Yes",1,0) -> 0 | P3: Yes
A4: 2019 | C4: Children with Disabilities | D4: 40 per cent of children identified with disabilities access learning opportunities but one in three are in segregated institutions | E4: EMIS 2019 | F4: EMIS 2020 | G4: =IF(F4="UNICEF",1,0) -> 0 | H4: Quant | I4: =IF(H4 = "Quant", 1, 0) -> 1 | J4: No | K4: =IF(J4="Yes",1,0) -> 0 | L4: No | M4: =IF(L4="Yes",1,0) -> 0 | N4: No | O4: =IF(N4="Yes",1,0) -> 0
A5: 2019 | C5: Children with Disabilities | D5: Less than 10 percent of children with disabilities have access to education | E5: Conservative estimates based on international WHO standards - COAR 2019 | F5: UNICEF | G5: =IF(F5="UNICEF",1,0) -> 1 | H5: Quant | I5: =IF(H5 = "Quant", 1, 0) -> 1 | J5: No | K5: =IF(J5="Yes",1,0) -> 0 | L5: No | M5: =IF(L5="Yes",1,0) -> 0 | N5: No | O5: =IF(N5="Yes",1,0) -> 0
A6: 2018 | C6: Children with Disabilities | D6: Attitudes towards people with disabilities | E6: Baseline study on Knowledge, Attitudes, Behaviours and Practices related to Children and Women with Disabilities in Tajikistan, 2019 | F6: UNICEF | G6: No | H6: Qual | I6: =IF(H6 = "Quant", 1, 0) -> 0 | J6: No | K6: Yes | L6: No | N6: No
A7: 2015 | C7: Children with Disabilities | D7: In 2015 there were only 12 special schools for children with mental and physical special needs | E7: Tajikistan in Figures, TajStat 2015 | F7: TajStat 2016 | G7: Does not apply | H7: Qual | I7: =IF(H7 = "Quant", 1, 0) -> 0 | J7: Does not apply | K7: No | L7: No | N7: No
A8: 2018 | C8: Children with Disabilities | D8: In 2018 there were an estimated 50,800 children with disabilities in Tajikistan with just over half recepient to a social pension from the government | E8: Adolescents Baseline Study, 2018 | F8: UNICEF | G8: No | H8: Quant | I8: =IF(H8 = "Quant", 1, 0) -> 1 | J8: No | K8: No | L8: No | M8: Many disabled children and children with specific health needs are not registered with the authorities, owing to fear of family or community stigma, and are therefore hidden from the numbers reported. | N8: No
A9: 2016 | C9: Children with Disabilities | D9: 24,000 children (up to 18 years old) were registered with disabilities by authorities in 2016, of whom 5,600 children attended schools. | E9: Mapping the Vulnerable and Excluded Groups of adolescents and youth in Tajikistan, UNICEF 2017 | F9: UNICEF | G9: No | H9: Quant | I9: =IF(H9 = "Quant", 1, 0) -> 1 | J9: No | K9: No | L9: No | N9: No
A10: 2009 | C10: Children with Disabilities | D10: Children with disabilities represent 80% of out-of-school children | E10: OECD 2009 | F10: OECD 2010 | G10: No | H10: Quant | I10: =IF(H10 = "Quant", 1, 0) -> 1 | J10: No | K10: No | L10: No | N10: No
A11: 2018 | C11: Competency-based education | D11: A resource pack on competence-based learning was completed with a focus on key peacebuilding skills. During 2018, 4,971 children (2,393 girls) and adolescents in five districts enhanced their competencies in problem-solving, creativity and innovation, critical thinking and goal setting through work with student councils. About 140 teachers and local education officials are commissioned to deliver this gender-sensitive and equity-focused model. | E11: COAR 2018 | F11: UNICEF | G11: =IF(F11="UNICEF",1,0) -> 1 | H11: Quant | I11: =IF(H11 = "Quant", 1, 0) -> 1 | J11: Yes | K11: =IF(J11="Yes",1,0) -> 1 | L11: No | M11: =IF(L11="Yes",1,0) -> 0 | N11: yes | O11: =IF(N11="Yes",1,0) -> 1
A12: 2016 | C12: Early childhood Education | D12: A campaign to promote early childhood education (ECE) was lauched nationwide featuring a locally designed animation programme aimed at reaching 70 % of children 3-6 years of age. | E12: COAR 2016 | F12: UNICEF | G12: =IF(F12="UNICEF",1,0) -> 1 | H12: Qual | I12: =IF(H12 = "Quant", 1, 0) -> 0 | J12: No | K12: =IF(J12="Yes",1,0) -> 0 | L12: Yes | M12: =IF(L12="Yes",1,0) -> 1 | N12: No | O12: =IF(N12="Yes",1,0) -> 0 | P12: No RAM for 2016 | Q12: This animation is the product of a collaboration that took place over several years with the Ministry of Education and Science (MoES), USAID and the Open Society Institute.
A13: 2016 | C13: Early childhood Education | D13: To assess the learning outcomes of children who benefit from ECE programmes, tools were developed and tested in 132 ECE centres in 2016. | E13: COAR 2016 | F13: UNICEF | G13: =IF(F13="UNICEF",1,0) -> 1 | H13: Qual | I13: =IF(H13 = "Quant", 1, 0) -> 0 | J13: Does not apply | K13: =IF(J13="Yes",1,0) -> 0 | L13: Does not apply | M13: =IF(L13="Yes",1,0) -> 0 | N13: No | O13: =IF(N13="Yes",1,0) -> 0 | P13: No RAM for 2016 | Q13: To generate evidence for a possible scale-up of the ECE model, UNICEF commissioned documentation of the model.
A14: 2017 | C14: Early Childhood Education | D14: 800 additional girls and boys were able to access ECE | E14: COAR 2017 | F14: UNICEF | G14: =IF(F14="UNICEF",1,0) -> 1 | H14: Quant | I14: =IF(H14 = "Quant", 1, 0) -> 1 | J14: Yes | K14: =IF(J14="Yes",1,0) -> 1 | L14: Yes | M14: =IF(L14="Yes",1,0) -> 1 | N14: Yes | O14: =IF(N14="Yes",1,0) -> 1 | P14: No RAM for 2017 | Q14: National data masks disparities in access to and quality of education for preschool-age girls, girls with disabilities, girls from minority ethnic communities and adolescent girls in rural areas.
A15: 2019 | C15: Early Childhood education | D15: In 2019, UNICEF ensured access to early learning for additional 649 children (46 per cent girls) of Tajik, Uzbek, Kyrgyz origin in six targeted areas. | E15: COAR 2019 | F15: UNICEF | G15: =IF(F15="UNICEF",1,0) -> 1 | H15: Quant | I15: =IF(H15 = "Quant", 1, 0) -> 1 | J15: Yes | K15: =IF(J15="Yes",1,0) -> 1 | L15: Yes | M15: =IF(L15="Yes",1,0) -> 1 | N15: Yes | O15: =IF(N15="Yes",1,0) -> 1 | P15: Yes | Q15: This adds to the total of 6,000 children (45 per cent girls) yearly enrolled in 240 UNICEF-supported ECE alternative centres in 20 districts since 2010.
C16: Early Childhood education | D16: 70,000 children are benefiting from early childhood education through alternative approaches (new model+ TV animation model) | E16: RAM 2019 | F16: UNICEF | G16: =IF(F16="UNICEF",1,0) -> 1 | H16: Quant | I16: =IF(H16 = "Quant", 1, 0) -> 1 | J16: No | K16: =IF(J16="Yes",1,0) -> 0 | L16: No | M16: =IF(L16="Yes",1,0) -> 0 | N16: No | O16: =IF(N16="Yes",1,0) -> 0 | P16: Yes | Q16: Target was reached in 2019, target for 2020 is 100,000
A17: 2019 | C17: Early Childhood education | D17: The enrolment rate of children aged three to six increased from 13.9 per cent in 2017-2018 school year to 14.7 per cent in 2018-2019 (an increase of 6,219 children) | E17: COAR 2019 | F17: UNICEF | G17: =IF(F17="UNICEF",1,0) -> 1 | H17: Quant | I17: =IF(H17 = "Quant", 1, 0) -> 1 | J17: No | K17: =IF(J17="Yes",1,0) -> 0 | L17: Yes | M17: =IF(L17="Yes",1,0) -> 1 | N17: No | O17: =IF(N17="Yes",1,0) -> 0
A18: 2019 | C18: Early childhood Education | D18: Only 15 out of 100 children attend preschools | E18: Ministry of Education and Science | F18: Ministry of Education and Science | G18: =IF(F18="UNICEF",1,0) -> 0 | H18: Quant | I18: =IF(H18 = "Quant", 1, 0) -> 1 | J18: No | K18: =IF(J18="Yes",1,0) -> 0 | L18: No | M18: =IF(L18="Yes",1,0) -> 0 | N18: No | O18: =IF(N18="Yes",1,0) -> 0
A19: 2018 | C19: Early childhood Education | D19: 12,5% of Tajik children (including 54,576 girls) are enrolled in Early Childhood Education centers. | E19: Vulnerability and Resilience Atlas 2018 | F19: Vulnerability and Resilience Atlas 2018 | G19: =IF(F19="UNICEF",1,0) -> 0 | H19: Quant | I19: =IF(H19 = "Quant", 1, 0) -> 1 | J19: Yes | K19: =IF(J19="Yes",1,0) -> 1 | L19: Yes | M19: =IF(L19="Yes",1,0) -> 1 | N19: No | O19: =IF(N19="Yes",1,0) -> 0
A20: 2017 | C20: Early childhood Education | D20: Number of children in state pre-school institution : 91,081 of which 10,988 under 3 years old, 77,323 between 3 and 6 years old, 2,770 7 years old. | E20: Joint Sector Review Education Sector Synthesis Report 2017 | F20: Joint Sector Review Education Sector Synthesis Report 2017 | G20: =IF(F20="UNICEF",1,0) -> 0 | H20: Quant | I20: =IF(H20 = "Quant", 1, 0) -> 1 | J20: No | K20: =IF(J20="Yes",1,0) -> 0 | L20: Yes | M20: =IF(L20="Yes",1,0) -> 1 | N20: No | O20: =IF(N20="Yes",1,0) -> 0
A21: 2017 | C21: Early childhood Education | D21: Number of State pre-school institutions : total of 602 institution of which 1 nurserie, 332 day care centers, 262 kindergartens and 7 nursery-schools | E21: Joint Sector Review Education Sector Synthesis Report 2017 | F21: Joint Sector Review Education Sector Synthesis Report 2017 | G21: =IF(F21="UNICEF",1,0) -> 0 | H21: Qual | I21: =IF(H21 = "Quant", 1, 0) -> 0 | J21: Does not apply | K21: =IF(J21="Yes",1,0) -> 0 | L21: Does not apply | M21: =IF(L21="Yes",1,0) -> 0 | N21: No | O21: =IF(N21="Yes",1,0) -> 0
A22: 2019 | C22: Equitable access to quality education | D22: Number of out-of-school girls and boys who participated in early learning, primary or secondary education through UNICEF-supported programmes | E22: SMQ 2019 Learn | F22: UNICEF | G22: =IF(F22="UNICEF",1,0) -> 1 | H22: Quant | I22: =IF(H22 = "Quant", 1, 0) -> 1 | J22: Yes | K22: =IF(J22="Yes",1,0) -> 1 | L22: No | M22: =IF(L22="Yes",1,0) -> 0 | N22: No | O22: =IF(N22="Yes",1,0) -> 0 | P22: Yes | Q22: Data available for 2018 & 2019
A23: 2019 | C23: Equitable access to quality education | D23: Girls and boys targeted by UNICEF as a share of girls and boys targeted by all partners for early learning or education support in humanitarian situations | E23: SMQ 2019 Learn | F23: UNICEF | G23: =IF(F23="UNICEF",1,0) -> 1 | H23: Quant | I23: =IF(H23 = "Quant", 1, 0) -> 1 | J23: Yes | K23: =IF(J23="Yes",1,0) -> 1 | L23: No | M23: =IF(L23="Yes",1,0) -> 0 | N23: No | O23: =IF(N23="Yes",1,0) -> 0 | P23: Yes | Q23: Contingency Plan target is set to cover 3000 children
A24: 2017 | C24: Gender Equality | D24: The enrolment of girls in compulsory education has steadily improved in recent years: the 2017 Joint Sector Review found a net enrolment rate of 95 per cent, with an overall gender parity index of 0.915 for all levels of education | E24: COAR 2017 | F24: UNICEF | G24: =IF(F24="UNICEF",1,0) -> 1 | H24: Qual | I24: =IF(H24 = "Quant", 1, 0) -> 0 | J24: Yes | K24: =IF(J24="Yes",1,0) -> 1 | L24: Yes | M24: =IF(L24="Yes",1,0) -> 1 | N24: No | O24: =IF(N24="Yes",1,0) -> 0 | P24: No RAM for 2017
A25: 2017 | C25: Gender Equality | D25: More gender-equitable access has been achieved for preschool education, with the gender parity index rising from 0.803 in 2016 to 0.819 in 2017 | E25: COAR 2017 | F25: UNICEF | G25: =IF(F25="UNICEF",1,0) -> 1 | H25: Qual | I25: =IF(H25 = "Quant", 1, 0) -> 0 | J25: Yes | K25: =IF(J25="Yes",1,0) -> 1 | L25: Yes | M25: =IF(L25="Yes",1,0) -> 1 | N25: No | O25: =IF(N25="Yes",1,0) -> 0 | P25: No RAM for 2017
A26: 2018 | C26: Inclusive education | D26: 184 children (84 girls) with disabilities (2.8 % out of 6,584 CwD including 2.611 girls) benefited from a school-based inclusive-education model in order to attend mainstream school with their peers. | E26: COAR 2018 | F26: UNICEF | G26: =IF(F26="UNICEF",1,0) -> 1 | H26: Quant | I26: =IF(H26 = "Quant", 1, 0) -> 1 | J26: Yes | K26: =IF(J26="Yes",1,0) -> 1 | L26: No | M26: =IF(L26="Yes",1,0) -> 0 | N26: No | O26: =IF(N26="Yes",1,0) -> 0 | Q26: The programme was developed in partnership wth the MoES and the In-service Teacher Training Institute and with implementation, the proportion of CwD enrolled in inclusive education is expected to increase by 40 percent by 2020.
A27: 2019 | C27: Inclusive Education | D27: 887,000 inclusive education books distributed throughout the country reaching over 70 per cent of schools | E27: COAR 2019 | F27: UNICEF | G27: =IF(F27="UNICEF",1,0) -> 1 | H27: Qual | I27: =IF(H27 = "Quant", 1, 0) -> 0 | J27: Does not apply | K27: =IF(J27="Yes",1,0) -> 0 | L27: Does not apply | M27: =IF(L27="Yes",1,0) -> 0 | N27: Yes | O27: =IF(N27="Yes",1,0) -> 1
A28: 2019 | C28: Inclusive Education | D28: Latest EMIS report for 2018-2019 school year shows 7,278 children with disabilities (less than 27% of identified children) had access to education, which showed an increase of 694 children (268 girls) compared to the previous year. | E28: COAR 2019 | F28: UNICEF | G28: =IF(F28="UNICEF",1,0) -> 1 | H28: Quant | I28: =IF(H28 = "Quant", 1, 0) -> 1 | J28: Yes | K28: =IF(J28="Yes",1,0) -> 1 | L28: No | M28: =IF(L28="Yes",1,0) -> 0 | N28: No | O28: =IF(N28="Yes",1,0) -> 0
A29: 2019 | C29: Inclusive Education | D29: 11% of schools have comprehensive interventions in place to provide quality inclusive education to the most marginalised, with specific focus on girls and boys with disabilities | E29: RAM 2019 | F29: UNICEF | G29: =IF(F29="UNICEF",1,0) -> 1 | H29: Qual | I29: =IF(H29 = "Quant", 1, 0) -> 0 | J29: Does not apply | K29: =IF(J29="Yes",1,0) -> 0 | L29: Does not apply | M29: =IF(L29="Yes",1,0) -> 0 | N29: No | O29: =IF(N29="Yes",1,0) -> 0
A30: 2016 | C30: Inclusive education training | D30: 140 faculty of the Tajik State Pedagogical University and the Rasht Pedagogical Institute can apply active learning and innovative teaching techniques with future schoolteachers. Cohorts of teachers were also trained on inclusive education and student-centred approaches. A network of 60 teachers skilled on inclusive education was established in GBAO. | E30: COAR 2016 | F30: UNICEF | G30: =IF(F30="UNICEF",1,0) -> 1 | H30: Qual | I30: =IF(H30 = "Quant", 1, 0) -> 0 | J30: No | K30: =IF(J30="Yes",1,0) -> 0 | L30: No | M30: =IF(L30="Yes",1,0) -> 0 | N30: Yes | O30: =IF(N30="Yes",1,0) -> 1 | P30: No RAM for 2016
A31: 2019 | C31: Learning outcomes | D31: Number of girls and boys provided with individual education/early learning material through UNICEF-supported programmes | E31: SMQ 2019 Learn | F31: UNICEF | G31: =IF(F31="UNICEF",1,0) -> 1 | H31: Quant | I31: =IF(H31 = "Quant", 1, 0) -> 1 | J31: No | K31: =IF(J31="Yes",1,0) -> 0 | L31: No | M31: =IF(L31="Yes",1,0) -> 0 | N31: No | O31: =IF(N31="Yes",1,0) -> 0 | P31: Yes | Q31: In 2019 more than 3900 children received learning materials on disaster risk reduction and disaster and climate resilience programme
A32: 2019 | C32: Learning outcomes | D32: Effective education systems for learning outcomes, including early learning | E32: SMQ 2019 Learn | F32: UNICEF | G32: =IF(F32="UNICEF",1,0) -> 1 | H32: Qual | I32: =IF(H32 = "Quant", 1, 0) -> 0 | J32: does not apply to indicator | K32: =IF(J32="Yes",1,0) -> 0 | L32: does not apply to indicator | M32: =IF(L32="Yes",1,0) -> 0 | N32: does not apply to indicator | O32: =IF(N32="Yes",1,0) -> 0
A33: 2019 | C33: Learning outcomes | D33: Gender-responsive teaching and learning systems | E33: SMQ 2019 Learn | F33: UNICEF | G33: =IF(F33="UNICEF",1,0) -> 1 | H33: Qual | I33: =IF(H33 = "Quant", 1, 0) -> 0 | J33: does not apply to indicator | K33: =IF(J33="Yes",1,0) -> 0 | L33: does not apply to indicator | M33: =IF(L33="Yes",1,0) -> 0 | N33: does not apply to indicator | O33: =IF(N33="Yes",1,0) -> 0
A34: 2019 | C34: Learning outcomes | D34: Number of students: 2.25 million | E34: Tajikistan SitAn 2019 page 23 | F34: UNICEF | G34: =IF(F34="UNICEF",1,0) -> 1 | H34: quant | I34: =IF(H34 = "Quant", 1, 0) -> 1 | J34: No | K34: =IF(J34="Yes",1,0) -> 0 | L34: No | M34: =IF(L34="Yes",1,0) -> 0 | N34: No | O34: =IF(N34="Yes",1,0) -> 0
A35: 2019 | C35: Learning outcomes | D35: Number of educational institutions : 4,000 | E35: Tajikistan SitAn 2019 page 23 | F35: UNICEF | G35: =IF(F35="UNICEF",1,0) -> 1 | H35: qual | I35: =IF(H35 = "Quant", 1, 0) -> 0 | J35: Does not apply | K35: =IF(J35="Yes",1,0) -> 0 | L35: Does not apply | M35: =IF(L35="Yes",1,0) -> 0 | N35: Does not apply | O35: =IF(N35="Yes",1,0) -> 0
A36: 2017 | C36: Learning outcomes | D36: Government spending on education (including externally financed programs and special funds of budgetary organizations in education) reached $394.8 million in 2016, an equivalent of 17% of the overall state budget and 5.7% of GDP | E36: Joint Sector Review Education Sector Synthesis Report 2017 | F36: Joint Sector Review Education Sector Synthesis Report 2017 | G36: =IF(F36="UNICEF",1,0) -> 0 | H36: qual | I36: =IF(H36 = "Quant", 1, 0) -> 0 | J36: Does not apply | K36: =IF(J36="Yes",1,0) -> 0 | L36: Does not apply | M36: =IF(L36="Yes",1,0) -> 0 | N36: Does not apply | O36: =IF(N36="Yes",1,0) -> 0
A37: 2017 | C37: Learning outcomes | D37: Number of general secondary edcational institutions : 3,865 | E37: Joint Sector Review Education Sector Synthesis Report 2017 | F37: Joint Sector Review Education Sector Synthesis Report 2017 | G37: =IF(F37="UNICEF",1,0) -> 0 | H37: qual | I37: =IF(H37 = "Quant", 1, 0) -> 0 | J37: Does not apply | K37: =IF(J37="Yes",1,0) -> 0 | L37: Does not apply | M37: =IF(L37="Yes",1,0) -> 0 | N37: No | O37: =IF(N37="Yes",1,0) -> 0
A38: 2017 | C38: Learning outcomes | D38: Number of students enrolled in general secondary education : 1,837,762 (year 2016-17) | E38: Joint Sector Review Education Sector Synthesis Report 2017 | F38: Joint Sector Review Education Sector Synthesis Report 2017 | G38: =IF(F38="UNICEF",1,0) -> 0 | H38: Quant | I38: =IF(H38 = "Quant", 1, 0) -> 1 | J38: No | K38: =IF(J38="Yes",1,0) -> 0 | L38: No | M38: =IF(L38="Yes",1,0) -> 0 | N38: No | O38: =IF(N38="Yes",1,0) -> 0
A39: 2018 | C39: Learning outcomes | D39: Nearly all students (98%) complete primary education and transition (99%) to secondary education | E39: Vulnerability and Resilience Atlas 2018 | F39: Vulnerability and Resilience Atlas 2018 | G39: =IF(F39="UNICEF",1,0) -> 0 | H39: quant | I39: =IF(H39 = "Quant", 1, 0) -> 1 | J39: No | K39: =IF(J39="Yes",1,0) -> 0 | L39: No | M39: =IF(L39="Yes",1,0) -> 0 | N39: No | O39: =IF(N39="Yes",1,0) -> 0
A40: 2016 | C40: learning outcomes | D40: UNDAF Outcome 3.1: Net enrolment ratio (NER) in pre-priMary, children between the ages of 36-59 months (SDG 4.2) Baseline (2016) : Girls (10%), Boys (12%) Target (2020): Girls (25%), Boys (25%) | E40: EMIS, MOES | F40: EMIS, MOES | G40: =IF(F40="UNICEF",1,0) -> 0 | H40: Quant | I40: =IF(H40 = "Quant", 1, 0) -> 1 | J40: Yes | K40: =IF(J40="Yes",1,0) -> 1 | L40: Yes | M40: =IF(L40="Yes",1,0) -> 1 | N40: No | O40: =IF(N40="Yes",1,0) -> 0 | Q40: UNDAF Framework Outcome 3. People in Tajikistan benefit from quality, equitable and inclusive health, education and social protection systems
A41: 2016 | C41: learning outcomes | D41: UNDAF Outcome 3.2 Transition rate from primary to secondary general education, by sex (Grade 9 to Grade 10) (→SDG 4.1.1) Baseline: (2016) Girls (75%), Boys (77%) Target (2020): Girls (85%), Boys (85%) | E41: EMIS, MOES | F41: EMIS, MOES | G41: =IF(F41="UNICEF",1,0) -> 0 | H41: Quant | I41: =IF(H41 = "Quant", 1, 0) -> 1 | J41: Yes | K41: =IF(J41="Yes",1,0) -> 1 | L41: Yes | M41: =IF(L41="Yes",1,0) -> 1 | N41: No | O41: =IF(N41="Yes",1,0) -> 0 | Q41: UNDAF Framework Outcome 3. People in Tajikistan benefit from quality, equitable and inclusive health, education and social protection systems
A42: 2016 | C42: learning outcomes | D42: UNDAF Outcome 3.3 Out-of-school rate for adolescents of lower secondary school age, by sex (→SDG 4.1.1, 8.6.1) Baseline: (2016) Girls (9.1%) Boys (2.4%) Target: (2020) Girls (2%) Boys (2%) | E42: EMIS, MOES | F42: EMIS, MOES | G42: =IF(F42="UNICEF",1,0) -> 0 | H42: Quant | I42: =IF(H42 = "Quant", 1, 0) -> 1 | J42: Yes | K42: =IF(J42="Yes",1,0) -> 1 | L42: Yes | M42: =IF(L42="Yes",1,0) -> 1 | N42: No | O42: =IF(N42="Yes",1,0) -> 0 | Q42: UNDAF Framework Outcome 3. People in Tajikistan benefit from quality, equitable and inclusive health, education and social protection systems
C43: Participation | D43: More than 3,000 students, 250 teachers and Parent and teacher association (PTA) members from five target schools and 15,015 community members enhanced their understanding of disaster risks, mitigation, prevention and preparedness measures. | E43: RAM 2019 | F43: UNICEF | G43: =IF(F43="UNICEF",1,0) -> 1 | H43: Quant | I43: =IF(H43 = "Quant", 1, 0) -> 1 | J43: No | K43: =IF(J43="Yes",1,0) -> 0 | L43: No | M43: =IF(L43="Yes",1,0) -> 0 | N43: Yes | O43: =IF(N43="Yes",1,0) -> 1 | P43: Yes
C44: Participation | D44: Nearly 900 students and 600 PTA members of 30 schools in Gafurov and Isfara districts enhanced their competencies on peace building, citizenship and tolerance under this programme. | E44: RAM 2019 | F44: UNICEF | G44: =IF(F44="UNICEF",1,0) -> 1 | H44: Quant | I44: =IF(H44 = "Quant", 1, 0) -> 1 | J44: No | K44: =IF(J44="Yes",1,0) -> 0 | L44: No | M44: =IF(L44="Yes",1,0) -> 0 | N44: Yes | O44: =IF(N44="Yes",1,0) -> 1 | P44: Yes
A45: 2019 | C45: Participation | D45: Over 609 parents (62% women) participated in a community dialogue and enhanced understanding about peaceful conflict resolution and acceptance of diversity | E45: RAM 2019 | F45: UNICEF | G45: =IF(F45="UNICEF",1,0) -> 1 | H45: Quant | I45: =IF(H45 = "Quant", 1, 0) -> 1 | J45: Yes | K45: =IF(J45="Yes",1,0) -> 1 | L45: Does not apply | M45: =IF(L45="Yes",1,0) -> 0 | N45: No | O45: =IF(N45="Yes",1,0) -> 0 | P45: Yes
A46: 2018 | C46: Preschool education | D46: Net enrolment ratio in preprimary edication, children aged 36-71 months (UNDAF indicator) : 10% girls, 12% boys (data from 2014) | E46: RAM 2018 | F46: UNICEF | G46: =IF(F46="UNICEF",1,0) -> 1 | H46: Quant | I46: =IF(H46 = "Quant", 1, 0) -> 1 | J46: Yes | K46: =IF(J46="Yes",1,0) -> 1 | L46: Yes | M46: =IF(L46="Yes",1,0) -> 1 | N46: No | O46: =IF(N46="Yes",1,0) -> 0 | P46: Yes | Q46: Target is 25% by 2020
A47: 2018 | C47: Preschool education | D47: Proportion of children enrolled in preschool education : 12.5 percent of children aged 3-6 years (122,241 of whom 54,576 are girls) | E47: COAR 2018 - citing MoES data | F47: UNICEF | G47: =IF(F47="UNICEF",1,0) -> 1 | H47: Quant | I47: =IF(H47 = "Quant", 1, 0) -> 1 | J47: Yes | K47: =IF(J47="Yes",1,0) -> 1 | L47: Yes | M47: =IF(L47="Yes",1,0) -> 1 | N47: No | O47: =IF(N47="Yes",1,0) -> 0
A48: 2018 | C48: Preschool education | D48: UNICEF Tajikistan continued its partnership with the Ministry of Education and Science, which resulted in enrolment of 1,187 children of age four to six (574 girls), representing diverse ethnic backgrounds (Tajik, Uzbek, Kyrgyz, Russian and Tatar) in 15 early childhood education centres in five targeted border districts within the Sughd Region of Tajikistan | E48: COAR 2018 | F48: UNICEF | G48: =IF(F48="UNICEF",1,0) -> 1 | H48: Quant | I48: =IF(H48 = "Quant", 1, 0) -> 1 | J48: Yes | K48: =IF(J48="Yes",1,0) -> 1 | L48: Yes | M48: =IF(L48="Yes",1,0) -> 1 | N48: Yes | O48: =IF(N48="Yes",1,0) -> 1
A49: 2018 | C49: Preschool education | D49: UNICEF Tajikistan supported the Institute for Education Development and the In-Service Teacher Training Institute to design and deliver a multilingual education and peacebuilding programme in Uzbek, Kyrgyz and Tatar, which allowed 935 ethnic minority children to start their first learning experience in their mother tongue. These children represent 12 per cent of total ethnic minority children enrolled in early childhood education in the Sughd Region and 7.9 per cent of the total ethnic minority children enrolled in early childhood education across the country. | E49: COAR 2018 | F49: UNICEF | G49: =IF(F49="UNICEF",1,0) -> 1 | H49: Quant | I49: =IF(H49 = "Quant", 1, 0) -> 1 | J49: No | K49: =IF(J49="Yes",1,0) -> 0 | L49: Yes | M49: =IF(L49="Yes",1,0) -> 1 | N49: Yes | O49: =IF(N49="Yes",1,0) -> 1
A50: 2018 | C50: preschool education | D50: 88% of three to six years old children do not have access to early childhood education. | E50: RAM 2018 | F50: UNICEF | G50: =IF(F50="UNICEF",1,0) -> 1 | H50: Quant | I50: =IF(H50 = "Quant", 1, 0) -> 1 | J50: No | K50: =IF(J50="Yes",1,0) -> 0 | L50: Yes | M50: =IF(L50="Yes",1,0) -> 1 | N50: No | O50: =IF(N50="Yes",1,0) -> 0 | P50: Yes
A51: 2016 | C51: Right to education | D51: More than 70 % of children with disabilities do not enjoy their right to education. 26% of CwD receive formal education, out of whom 40% still attend special segregated schools. | E51: COAR 2016 | F51: UNICEF | G51: =IF(F51="UNICEF",1,0) -> 1 | H51: Quant | I51: =IF(H51 = "Quant", 1, 0) -> 1 | J51: Yes | K51: =IF(J51="Yes",1,0) -> 1 | L51: Yes | M51: =IF(L51="Yes",1,0) -> 1 | N51: Yes | O51: =IF(N51="Yes",1,0) -> 1 | P51: No RAM for 2016 | Q51: COAR 2016 (p.25) refers to EMIS data for 2015-2016 on basic education coverage that is disaggregated.
A52: 2017 | C52: Right to education | D52: 17% of children aged 7-10 do not attend primary schools | E52: DHS 2017 | F52: DHS 2017 | G52: =IF(F52="UNICEF",1,0) -> 0 | H52: Quant | I52: =IF(H52 = "Quant", 1, 0) -> 1 | J52: No | K52: =IF(J52="Yes",1,0) -> 0 | L52: Yes | M52: =IF(L52="Yes",1,0) -> 1 | N52: No | O52: =IF(N52="Yes",1,0) -> 0
A53: 2019 | C53: Right to education | D53: 12% of primary school aged children are either underage or overage for the grade in which they are placed and educated | E53: Tajikistan SitAn 2019 page 23 | F53: UNICEF | G53: =IF(F53="UNICEF",1,0) -> 1 | H53: quant | I53: =IF(H53 = "Quant", 1, 0) -> 1 | J53: No | K53: =IF(J53="Yes",1,0) -> 0 | L53: No | M53: =IF(L53="Yes",1,0) -> 0 | N53: No | O53: =IF(N53="Yes",1,0) -> 0
A54: 2016 | C54: School drop-out rates | D54: In 2016, of 2,696 children (1,146 girls and 1,550 boys) identified as at risk of dropping out in 50 schools in targeted districts, only 0.7% dropped out. | E54: COAR 2016 | F54: UNICEF | G54: =IF(F54="UNICEF",1,0) -> 1 | H54: Quant | I54: =IF(H54 = "Quant", 1, 0) -> 1 | J54: Yes | K54: =IF(J54="Yes",1,0) -> 1 | L54: No | M54: =IF(L54="Yes",1,0) -> 0 | N54: Yes | O54: =IF(N54="Yes",1,0) -> 1 | P54: No RAM for 2016
A55: 2016 | C55: School drop-out rates | D55: 1.9 per cent of primary school-age children (7–10 years old) and 5.6 per cent of lower secondary-age children (11–15 years old) were out of school. In lower secondary, the rate for girls was 9.1 per cent, compared with 2.4 per cent for boys. | E55: COAR 2016 | F55: UNESCO | G55: =IF(F55="UNICEF",1,0) -> 0 | H55: Quant | I55: =IF(H55 = "Quant", 1, 0) -> 1 | J55: Yes | K55: =IF(J55="Yes",1,0) -> 1 | L55: Yes | M55: =IF(L55="Yes",1,0) -> 1 | N55: No | O55: =IF(N55="Yes",1,0) -> 0 | P55: No RAM for 2016 | Q55: Girls and children with disabilities, as well as children in conflict with the law, make up most of the children who are out of school. Continuing efforts started in 2015 to improve indicators on drop-outs and absenteeism in the EMIS, UNICEF enhanced the capacity of education departments in all 68 districts of Tajikistan to generate and use data. Moreover,158 education economists and statisticians trained at the district level (69 female and 89 male) are expected to conduct cascade training covering all schools in their own districts beginning in 2017.
A56: 2017 | C56: School drop-out rates | D56: 6% of children miss out on some schooling owing to financial constraints with some families requiring the labor of their children to supplement families' income | E56: Listening to Tajikistan: Reporting Period: July 2016-2017. World Bank and UNICEF | F56: World Bank and UNICEF | G56: =IF(F56="UNICEF",1,0) -> 0 | H56: quant | I56: =IF(H56 = "Quant", 1, 0) -> 1 | J56: No | K56: =IF(J56="Yes",1,0) -> 0 | L56: No | M56: =IF(L56="Yes",1,0) -> 0 | N56: No | O56: =IF(N56="Yes",1,0) -> 0
A57: 2019 | C57: School enrolment | D57: Prevention of school-drop at secondary level through modelling of an early warning system in 52 schools in Sughd Region reached over 9,600 children (50 per cent girls). | E57: COAR 2019 | F57: UNICEF | G57: =IF(F57="UNICEF",1,0) -> 1 | H57: Quant | I57: =IF(H57 = "Quant", 1, 0) -> 1 | J57: Yes | K57: =IF(J57="Yes",1,0) -> 1 | L57: Yes | M57: =IF(L57="Yes",1,0) -> 1 | N57: Yes | O57: =IF(N57="Yes",1,0) -> 1
A58: 2019 | C58: School enrolment | D58: Girls’ drop-out prevention was further supported with WASH infrastructure improvement initiated in 48 schools (to reach 45,000 children, 50 per cent girls) | E58: COAR 2019 | F58: UNICEF | G58: =IF(F58="UNICEF",1,0) -> 1 | H58: Quant | I58: =IF(H58 = "Quant", 1, 0) -> 1 | J58: Yes | K58: =IF(J58="Yes",1,0) -> 1 | L58: No | M58: =IF(L58="Yes",1,0) -> 0 | N58: Yes | O58: =IF(N58="Yes",1,0) -> 1
C59: School enrolment | D59: 110 schools have effective interventions to retain girls and boys in basic education and encourage their transition to secondary education (EWS) | E59: RAM 2019 | F59: UNICEF | G59: =IF(F59="UNICEF",1,0) -> 1 | H59: Qual | I59: =IF(H59 = "Quant", 1, 0) -> 0 | J59: Does not apply | K59: =IF(J59="Yes",1,0) -> 0 | L59: Does not apply | M59: =IF(L59="Yes",1,0) -> 0 | N59: No | O59: =IF(N59="Yes",1,0) -> 0
A60: 2019 | C60: School enrolment | D60: Transition to secondary education of girls (aged 14-15 years) stands at 61 per cent in some districts compared to 81 per cent national average | E60: Ministry of Education and Science | F60: Ministry of Education and Science | G60: =IF(F60="UNICEF",1,0) -> 0 | H60: Quant | I60: =IF(H60 = "Quant", 1, 0) -> 1 | J60: Yes | K60: =IF(J60="Yes",1,0) -> 1 | L60: Yes | M60: =IF(L60="Yes",1,0) -> 1 | N60: Yes | O60: =IF(N60="Yes",1,0) -> 1
A61: 2019 | C61: Skills development | D61: Number of girls and boys who have participated in skills development programmes for learning, personal empowerment, active citizenship and/or employability through UNICEF-supported programmes (humanitarian) | E61: SMQ 2019 Learn | F61: UNICEF | G61: =IF(F61="UNICEF",1,0) -> 1 | H61: Quant | I61: =IF(H61 = "Quant", 1, 0) -> 1 | J61: Yes | K61: =IF(J61="Yes",1,0) -> 1 | L61: Yes | M61: =IF(L61="Yes",1,0) -> 1 | N61: No | O61: =IF(N61="Yes",1,0) -> 0 | Q61: Data available for 2018 & 2019
A62: 2019 | C62: Skills development | D62: Systems institutionalizing gender-equitable skills for learning, personal empowerment, active citizenship and/or employability | E62: SMQ 2019 Learn | F62: UNICEF | G62: =IF(F62="UNICEF",1,0) -> 1 | H62: Qual | I62: =IF(H62 = "Quant", 1, 0) -> 0 | J62: does not apply to indicator | K62: =IF(J62="Yes",1,0) -> 0 | L62: does not apply to indicator | M62: =IF(L62="Yes",1,0) -> 0 | N62: does not apply to indicator | O62: =IF(N62="Yes",1,0) -> 0
A63: 2016 | C63: Skills development | D63: 30 per cent of young people aged 15-24 are not in education, training or employeent (NEET) with 89 per cent of them being girls | E63: Labour Force Survey, 2016 | F63: Labour Force Survey, 2016 | G63: =IF(F63="UNICEF",1,0) -> 0 | H63: Quant | I63: =IF(H63 = "Quant", 1, 0) -> 1 | J63: Yes | K63: =IF(J63="Yes",1,0) -> 1 | L63: Yes | M63: =IF(L63="Yes",1,0) -> 1 | N63: No | O63: =IF(N63="Yes",1,0) -> 0
A64: 2018 | C64: Skills development | D64: Priority areas of work for adolescents | E64: Adolescents Baseline Study, 2018 | F64: UNICEF | G64: =IF(F64="UNICEF",1,0) -> 1 | H64: Qual | I64: =IF(H64 = "Quant", 1, 0) -> 0 | J64: Yes | K64: =IF(J64="Yes",1,0) -> 1 | L64: Yes | M64: =IF(L64="Yes",1,0) -> 1 | N64: Yes | O64: =IF(N64="Yes",1,0) -> 1
A65: 2018 | C65: Skills development | D65: Adolescents and ICT: 53.6 percent of adolescents do not use computers, 64 percent of adolescents do not use internet | E65: Adolescents Baseline Study, 2018 | F65: UNICEF | G65: =IF(F65="UNICEF",1,0) -> 1 | H65: Quant | I65: =IF(H65 = "Quant", 1, 0) -> 1 | J65: No | K65: =IF(J65="Yes",1,0) -> 0 | L65: No | M65: =IF(L65="Yes",1,0) -> 0 | N65: No | O65: =IF(N65="Yes",1,0) -> 0
A66: 2018 | C66: Skills development | D66: 97 percent of adolescent have been covered by formal education during last 12 months, 2 percent have been covered by non-formal education during last 12 months. 44 percent took additionnal lessons during last 12 months | E66: Adolescents Baseline Study, 2018 | F66: UNICEF | G66: =IF(F66="UNICEF",1,0) -> 1 | H66: Quant | I66: =IF(H66 = "Quant", 1, 0) -> 1 | J66: Yes | K66: =IF(J66="Yes",1,0) -> 1 | L66: Yes | M66: =IF(L66="Yes",1,0) -> 1 | N66: Yes | O66: =IF(N66="Yes",1,0) -> 1
A67: 2018 | C67: Skills development | D67: 94 percent of adolescents want to continue their education after 9th grade | E67: Adolescents Baseline Study, 2018 | F67: UNICEF | G67: =IF(F67="UNICEF",1,0) -> 1 | H67: Quant | I67: =IF(H67 = "Quant", 1, 0) -> 1 | J67: No | K67: =IF(J67="Yes",1,0) -> 0 | L67: Yes | M67: =IF(L67="Yes",1,0) -> 1 | N67: Yes | O67: =IF(N67="Yes",1,0) -> 1
A68: 2016 | C68: Skills development | D68: Number of youths enrolled in Technical Vocational Education and Training (TVET) : 22,779 enroled in primary vocational education schools (lyceums) and 73,333 enroled in secondart vocational education schools | E68: Minustry of Education of the Republic of Tajikistan | F68: Minustry of Education of the Republic of Tajikistan | G68: =IF(F68="UNICEF",1,0) -> 0 | H68: quant | I68: =IF(H68 = "Quant", 1, 0) -> 1 | J68: No | K68: =IF(J68="Yes",1,0) -> 0 | L68: No | M68: =IF(L68="Yes",1,0) -> 0 | N68: No | O68: =IF(N68="Yes",1,0) -> 0
A69: 2013 | C69: Skills development | D69: 26% of young graduates are unable to find jobs five years after comleting their education | E69: World Bank and GIZ, Tajikistan Jobs, Skills, and Migration Survey, Dushanbe, 2013 | F69: World Bank and GIZ, Tajikistan Jobs, Skills, and Migration Survey, Dushanbe, 2013 | G69: =IF(F69="UNICEF",1,0) -> 0 | H69: quant | I69: =IF(H69 = "Quant", 1, 0) -> 1 | J69: No | K69: =IF(J69="Yes",1,0) -> 0 | L69: No | M69: =IF(L69="Yes",1,0) -> 0 | N69: No | O69: =IF(N69="Yes",1,0) -> 0
A70: 2017 | C70: Skills development | D70: 435,621 (29.3% of young people) are NEET, of which 11.6% are male and 88.4% female. Highest rates of NEET are found in Dushanbe (40.4%) follwed by DRS (36.1%), GBAO (30.4%), Khatlon (25.4%) and Sughd (24%). | E70: Mapping the Vulnerable and Excluded Groups of adolescents and youth in Tajikistan, UNICEF 2017 | F70: UNICEF | G70: =IF(F70="UNICEF",1,0) -> 1 | H70: quant | I70: =IF(H70 = "Quant", 1, 0) -> 1 | J70: Yes | K70: =IF(J70="Yes",1,0) -> 1 | L70: Yes | M70: =IF(L70="Yes",1,0) -> 1 | N70: Yes | O70: =IF(N70="Yes",1,0) -> 1 | Q70: NEET refers to young people aged 15-24 who are engaged in neither work, nor study nor enrolled in vocational training.
A71: 2019 | C71: Teacher training | D71: 100 preschool teachers and 20 local education officials were capacitated on child-centred teaching and learning techniques to support early learning of young children in a diverse linguistic and cultural environment | E71: RAM 2019 | F71: UNICEF | G71: =IF(F71="UNICEF",1,0) -> 1 | H71: Qual | I71: =IF(H71 = "Quant", 1, 0) -> 0 | J71: Does not apply | K71: =IF(J71="Yes",1,0) -> 0 | L71: Does not apply | M71: =IF(L71="Yes",1,0) -> 0 | N71: No | O71: =IF(N71="Yes",1,0) -> 0 | P71: Yes
A72: 2019 | C72: WASH | D72: 48% of schools have separate functional sanitation facilities for girls and boys, meeting national standards | E72: RAM 2019 | F72: UNICEF | G72: =IF(F72="UNICEF",1,0) -> 1 | H72: Quant | I72: =IF(H72 = "Quant", 1, 0) -> 1 | J72: Does not apply | K72: =IF(J72="Yes",1,0) -> 0 | L72: Does not apply | M72: =IF(L72="Yes",1,0) -> 0 | N72: No | O72: =IF(N72="Yes",1,0) -> 0 | P72: Yes

Sheet  SURVIVE & THRIVE
A1: Year | B1: Area | C1: Goal/Outcome | D1: Indicator | E1: Data source | F1: UNICEF or other | G1: INDIC_UNICEForNot | H1: Qualitative or Quantitative | I1: Yes if Quant | J1: Dis Sex | K1: INDIC_Dis Sex | L1: Dis Age | M1: INDIC_Dis Age | N1: Dis Urb/Rural | O1: INDIC_Dis Urb/Rural | P1: Cross-referenced w/ RAM | Q1: Comment
A2: 2016 | B2: Survive and Thrive | C2: Immunization | D2: UNICEF Tajikistan contributed to more than 90% immunization coverage for all antigens | E2: COAR 2016 | F2: UNICEF | G2: =IF(F2="UNICEF",1,0) -> 1 | H2: Quant | I2: =IF(H2="Quant",1,0) -> 1 | J2: No | K2: =IF(J2="Yes",1,0) -> 0 | L2: No | M2: =IF(L2="Yes",1,0) -> 0 | N2: No | O2: =IF(N2="Yes",1,0) -> 0 | P2: Not applicable No RAM for 2016 | Q2: With support from Japan, the Russian Federation and the United States Agency for International Development (USAID) and working closely with the Ministry of Health.
A3: 2016 | C3: Nutrition | D3: 210,720 children in 33 districts received sprinkles for 60 days every 60 months | E3: COAR 2016 | F3: UNICEF | G3: =IF(F3="UNICEF",1,0) -> 1 | H3: Quant | I3: =IF(H3="Quant",1,0) -> 1 | J3: No | K3: =IF(J3="Yes",1,0) -> 0 | L3: No | M3: =IF(L3="Yes",1,0) -> 0 | N3: Yes | O3: =IF(N3="Yes",1,0) -> 1 | P3: Not applicable No RAM for 2016
A4: 2016 | C4: Nutrition | D4: 95, 749 pregnant women in 35 districts received iron and folic acid tablets | E4: COAR 2016 | F4: UNICEF | G4: =IF(F4="UNICEF",1,0) -> 1 | H4: Quant | I4: =IF(H4="Quant",1,0) -> 1 | J4: Yes | K4: =IF(J4="Yes",1,0) -> 1 | L4: No | M4: =IF(L4="Yes",1,0) -> 0 | N4: Yes | O4: =IF(N4="Yes",1,0) -> 1 | P4: Not applicable No RAM for 2016
A5: 2016 | C5: Maternal and Newborn Health | D5: A communication campaign reached 125,000 mothers and 3,500 health workers through 10,000 copies of 'Breastfeeding is a Key for Sustainable Development' | E5: COAR 2016 | F5: UNICEF | G5: =IF(F5="UNICEF",1,0) -> 1 | H5: Quant | I5: =IF(H5="Quant",1,0) -> 1 | J5: Does not apply | K5: =IF(J5="Yes",1,0) -> 0 | L5: No | M5: =IF(L5="Yes",1,0) -> 0 | N5: No | O5: =IF(N5="Yes",1,0) -> 0 | P5: Not applicable No RAM for 2016 | Q5: Campaign run by the MoHSP and UNICEF
A6: 2016 | C6: Nutrition | D6: Increase in iodized salt usage in households: example : More households were using salt in Rasht Valley in 2016 compared to 2015 (from 17% to 59 %) | E6: COAR 2016 | F6: UNICEF | G6: =IF(F6="UNICEF",1,0) -> 1 | H6: Quant | I6: =IF(H6="Quant",1,0) -> 1 | J6: No | K6: =IF(J6="Yes",1,0) -> 0 | L6: No | M6: =IF(L6="Yes",1,0) -> 0 | N6: Yes | O6: =IF(N6="Yes",1,0) -> 1 | P6: Not applicable No RAM for 2016
A7: 2016 | C7: Maternal and Newborn Health | D7: 150 MoHSP heath professionals received training on essential baby care in 2016 | E7: COAR 2016 | F7: UNICEF | G7: =IF(F7="UNICEF",1,0) -> 1 | H7: Quant | I7: =IF(H7="Quant",1,0) -> 1 | J7: Does not apply | K7: =IF(J7="Yes",1,0) -> 0 | L7: No | M7: =IF(L7="Yes",1,0) -> 0 | N7: No | O7: =IF(N7="Yes",1,0) -> 0 | P7: Not applicable No RAM for 2016 | Q7: Training provided by UNICEF, the German Development Agency, the NGO LDS Charities and USAID
A8: 2017 | C8: Immunization | D8: 1.9 million children aged 1-9 yearswere vaccinated through the measles and rubella initiatives | E8: COAR 2017 | F8: UNICEF | G8: =IF(F8="UNICEF",1,0) -> 1 | H8: Quant | I8: =IF(H8="Quant",1,0) -> 1 | J8: No | K8: =IF(J8="Yes",1,0) -> 0 | L8: Yes | M8: =IF(L8="Yes",1,0) -> 1 | N8: No | O8: =IF(N8="Yes",1,0) -> 0 | P8: Not applicable No RAM for 2017 | Q8: Collaboration of UNICEF and WHO
A9: 2017 | C9: Immunization | D9: 28 national and oblast immunization and health managers were provided training and supplies to be better prepared for any importation of wild poliovirus | E9: COAR 2017 | F9: UNICEF | G9: =IF(F9="UNICEF",1,0) -> 1 | H9: Qual | I9: =IF(H9="Quant",1,0) -> 0 | J9: No | K9: =IF(J9="Yes",1,0) -> 0 | L9: No | M9: =IF(L9="Yes",1,0) -> 0 | N9: Yes | O9: =IF(N9="Yes",1,0) -> 1 | P9: Not applicable No RAM for 2017
A10: 2017 | C10: Nutrition | D10: The Maternal and Child Health Handbook reached 45,000 women who are pregnant and living in the most deprived districts. | E10: COAR 2017 | F10: UNICEF | G10: =IF(F10="UNICEF",1,0) -> 1 | H10: Quant | I10: =IF(H10="Quant",1,0) -> 1 | J10: Yes | K10: =IF(J10="Yes",1,0) -> 1 | L10: No | M10: =IF(L10="Yes",1,0) -> 0 | N10: Yes | O10: =IF(N10="Yes",1,0) -> 1 | P10: Not applicable No RAM for 2017
A11: 2018 | C11: Child health | D11: Number of PHC workers with improved Inter-Personal Communication skills on proper Child Health and Nutrition Care: 523 in 2017 | E11: RAM 2018 | F11: Other | G11: =IF(F11="UNICEF",1,0) -> 0 | H11: Quant | I11: =IF(H11="Quant",1,0) -> 1 | J11: No | K11: =IF(J11="Yes",1,0) -> 0 | L11: No | M11: =IF(L11="Yes",1,0) -> 0 | N11: No | O11: =IF(N11="Yes",1,0) -> 0
A12: 2018 | C12: Maternal and Newborn Health | D12: Neonatal mortality was reduced from 22 per 1,000 live birhts in 2013 to an estimated 20 per 1,000 in 2017 (target is 16 by 2020) | F12: UNICEF | G12: =IF(F12="UNICEF",1,0) -> 1 | H12: Quant | I12: =IF(H12="Quant",1,0) -> 1 | J12: Does not apply | K12: =IF(J12="Yes",1,0) -> 0 | L12: Does not appply | M12: =IF(L12="Yes",1,0) -> 0 | N12: No | O12: =IF(N12="Yes",1,0) -> 0 | P12: Yes
A13: 2018 | C13: Child health | D13: Child mortality decreased from 48 per 1,000 in 2013 to 43 in 2017 (target is 25 by 2020) | E13: COAR 2018 | F13: UNICEF | G13: =IF(F13="UNICEF",1,0) -> 1 | H13: Quant | I13: =IF(H13="Quant",1,0) -> 1 | J13: No | K13: =IF(J13="Yes",1,0) -> 0 | L13: No | M13: =IF(L13="Yes",1,0) -> 0 | N13: No | O13: =IF(N13="Yes",1,0) -> 0 | P13: Yes
C14: Nutrition | D14: Prevalence of wasting in children under five decreased from 10 to 3 in 2017 (target was 7 in 2018) | E14: RAM 2018 | F14: MICS/DHS or other national survey | G14: =IF(F14="UNICEF",1,0) -> 0 | H14: Quant | I14: =IF(H14="Quant",1,0) -> 1 | J14: No | K14: =IF(J14="Yes",1,0) -> 0 | L14: No | M14: =IF(L14="Yes",1,0) -> 0 | N14: No | O14: =IF(N14="Yes",1,0) -> 0 | P14: Yes | Q14: According to RAM target is fully acheived
A15: 2018 | C15: Nutrition | D15: Prevalence of stunting in children under five decreased from 26 (per 1,000?) in 2012 to 21 (per 1,000?) in 2017 (target is 20 by 2018) | E15: COAR 2018 citing DHS 2017 | F15: MICS/DHS or other national survey | G15: =IF(F15="UNICEF",1,0) -> 0 | H15: Quant | I15: =IF(H15="Quant",1,0) -> 1 | J15: No | K15: =IF(J15="Yes",1,0) -> 0 | L15: Yes | M15: =IF(L15="Yes",1,0) -> 1 | N15: No | O15: =IF(N15="Yes",1,0) -> 0 | P15: Yes | Q15: Content from RAM : Malnutrition is still widespread with a quarter of children stunted and 10 per cent wasted (according to DHS 2012). Four per cent suffer from Severe Acute Malnutrition (SAM) though, according to MoHSP service statistics, only 204 children were admitted for treatment in the first nine months of 2016.
A16: 2018 | C16: Nutrition | D16: Number of underweight children under five fell from 12 (per 1,000?) in 2012 to 6 (per 1,000?) 2017 (target is 7 by 2018) | E16: COAR 2018 citing DHS 2017 | F16: MICS/DHS or other national survey | G16: =IF(F16="UNICEF",1,0) -> 0 | H16: Quant | I16: =IF(H16="Quant",1,0) -> 1 | J16: No | K16: =IF(J16="Yes",1,0) -> 0 | L16: Yes | M16: =IF(L16="Yes",1,0) -> 1 | N16: No | O16: =IF(N16="Yes",1,0) -> 0 | P16: Yes | Q16: According to RAM target is fully acheived
A17: 2018 | C17: Maternal and Newborn Health | D17: About 45,000 women and 45,000 newborns benefitted from continuous quality improvementand independent data verification interventions in 2018 | E17: COAR 2018 | F17: UNICEF | G17: =IF(F17="UNICEF",1,0) -> 1 | H17: Quant | I17: =IF(H17="Quant",1,0) -> 1 | J17: Does not apply | K17: =IF(J17="Yes",1,0) -> 0 | L17: No | M17: =IF(L17="Yes",1,0) -> 0 | N17: No | O17: =IF(N17="Yes",1,0) -> 0
A18: 2018 | C18: Maternal and Newborn Health | D18: 61 % of last births were followed with a postnatal check-up by skilled health providers within one week after delivery | E18: RAM 2018 | F18: MICS/DHS or other national survey | G18: =IF(F18="UNICEF",1,0) -> 0 | H18: Quant | I18: =IF(H18="Quant",1,0) -> 1 | J18: Does not apply | K18: =IF(J18="Yes",1,0) -> 0 | L18: No | M18: =IF(L18="Yes",1,0) -> 0 | N18: No | O18: =IF(N18="Yes",1,0) -> 0 | P18: Yes | Q18: Target is 80% by 2018
A19: 2018 | C19: Nutrition | D19: Level of anemia among children aged 6-59 months decreased from 29% in 2009 to 26% in 2017 | E19: RAM 2018 | F19: MICS/DHS or other national survey | G19: =IF(F19="UNICEF",1,0) -> 0 | H19: Quant | I19: =IF(H19="Quant",1,0) -> 1 | J19: No | K19: =IF(J19="Yes",1,0) -> 0 | L19: No | M19: =IF(L19="Yes",1,0) -> 0 | N19: No | O19: =IF(N19="Yes",1,0) -> 0 | P19: Yes | Q19: Target is 25% by 2018
A20: 2018 | C20: Nutrition | D20: Prevalence of anemia among women of reproductive age: 26% in 2017 | E20: RAM 2018 | F20: MICS/DHS or other national survey | G20: =IF(F20="UNICEF",1,0) -> 0 | H20: Quant | I20: =IF(H20="Quant",1,0) -> 1 | J20: Yes | K20: =IF(J20="Yes",1,0) -> 1 | L20: No | M20: =IF(L20="Yes",1,0) -> 0 | N20: No | O20: =IF(N20="Yes",1,0) -> 0 | P20: Yes | Q20: Target is 16% by 2018
A21: 2018 | C21: Maternal and Newborn Health | D21: UNICEF supported a full-scale dissemination of the mother and child health handbook in 16 districts, reaching over 45,000 women who were pregnant. | E21: COAR 2018 | F21: UNICEF | G21: =IF(F21="UNICEF",1,0) -> 1 | H21: Quant | I21: =IF(H21="Quant",1,0) -> 1 | J21: Does not apply | K21: =IF(J21="Yes",1,0) -> 0 | L21: No | M21: =IF(L21="Yes",1,0) -> 0 | N21: Yes | O21: =IF(N21="Yes",1,0) -> 1 | P21: Yes
A22: 2018 | C22: Maternal and Newborn Health | D22: 56% of districts adopted the MCH handbook | E22: RAM 2018 | F22: Other | G22: =IF(F22="UNICEF",1,0) -> 0 | H22: Quant | I22: =IF(H22="Quant",1,0) -> 1 | J22: Does not apply | K22: =IF(J22="Yes",1,0) -> 0 | L22: Does not apply | M22: =IF(L22="Yes",1,0) -> 0 | N22: No | O22: =IF(N22="Yes",1,0) -> 0 | P22: Yes
A23: 2018 | C23: Maternal and Newborn Health | D23: Number of district Maternity and Newborn Units which passed accreditation standard and maintained the status: 11 | E23: RAM 2018 | F23: Evaluation | G23: =IF(F23="UNICEF",1,0) -> 0 | H23: Quant | I23: =IF(H23="Quant",1,0) -> 1 | J23: Does not apply | K23: =IF(J23="Yes",1,0) -> 0 | L23: Does not apply | M23: =IF(L23="Yes",1,0) -> 0 | N23: No | O23: =IF(N23="Yes",1,0) -> 0 | P23: Yes | Q23: Target is 20 by 2020
A24: 2018 | C24: Maternal and Newborn Health | D24: 10% of maternities and children's hospitals have functional internal infection control mechanisms in place | E24: RAM 2018 | F24: Evaluation | G24: =IF(F24="UNICEF",1,0) -> 0 | H24: Quant | I24: =IF(H24="Quant",1,0) -> 1 | J24: Does not apply | K24: =IF(J24="Yes",1,0) -> 0 | L24: Does not apply | M24: =IF(L24="Yes",1,0) -> 0 | N24: No | O24: =IF(N24="Yes",1,0) -> 0 | P24: Yes | Q24: target is 60% by 2020
A25: 2018 | C25: Maternal and Newborn Health | D25: 10% of districts are regularly implementing BABIES matrix | E25: RAM 2018 | F25: Evaluation | G25: =IF(F25="UNICEF",1,0) -> 0 | H25: Quant | I25: =IF(H25="Quant",1,0) -> 1 | J25: Does not apply | K25: =IF(J25="Yes",1,0) -> 0 | L25: Does not apply | M25: =IF(L25="Yes",1,0) -> 0 | N25: No | O25: =IF(N25="Yes",1,0) -> 0 | P25: Yes
A26: 2018 | C26: Immunization | D26: Share of budget requirement for vaccines and related devices covered by the government : 22% in 2017 | E26: RAM 2018 | F26: Other | G26: =IF(F26="UNICEF",1,0) -> 0 | H26: Quant | I26: =IF(H26="Quant",1,0) -> 1 | J26: Does not apply | K26: =IF(J26="Yes",1,0) -> 0 | L26: Does not apply | M26: =IF(L26="Yes",1,0) -> 0 | N26: Does not apply | O26: =IF(N26="Yes",1,0) -> 0 | P26: Yes | Q26: Target is 50% by 2019
A27: 2018 | C27: Immunization | D27: Between January and August, over 290,000 children benefitted from vaccines; 37,855 children with diarrhoea benefitted from oral rehydration salt and ainc; and 126,128 children diagnosed with acute respiratory infections (including pneumonia cases) were treated with integrated management of childhood illnesses drugs. | E27: COAR 2018 | F27: UNICEF | G27: =IF(F27="UNICEF",1,0) -> 1 | H27: Quant | I27: =IF(H27="Quant",1,0) -> 1 | J27: No | K27: =IF(J27="Yes",1,0) -> 0 | L27: No | M27: =IF(L27="Yes",1,0) -> 0 | N27: No | O27: =IF(N27="Yes",1,0) -> 0
A28: 2018 | C28: Immunization | D28: Capacity building of 126 health managers, 174 family doctors and 2,948 vaccinators benefitted 63,000 children across the country. | E28: COAR 2018 | F28: UNICEF | G28: =IF(F28="UNICEF",1,0) -> 1 | H28: Quant | I28: =IF(H28="Quant",1,0) -> 1 | J28: No | K28: =IF(J28="Yes",1,0) -> 0 | L28: No | M28: =IF(L28="Yes",1,0) -> 0 | N28: No | O28: =IF(N28="Yes",1,0) -> 0
A29: 2018 | C29: Immunization | D29: UNICEF support ensured the smooth introduction of IPV and a resultant increase in IPV coverage from 66 percent to 85 percent, between JuneSeptember 2018 | E29: COAR 2018 | F29: UNICEF | G29: =IF(F29="UNICEF",1,0) -> 1 | H29: Quant | I29: =IF(H29="Quant",1,0) -> 1 | J29: No | K29: =IF(J29="Yes",1,0) -> 0 | L29: No | M29: =IF(L29="Yes",1,0) -> 0 | N29: No | O29: =IF(N29="Yes",1,0) -> 0
A30: 2018 | C30: Nutrition | D30: UNICEF trained more than 450 health staff across the country on the integrated management of acute malnutrition guidelines. The improved capacity of health workers and active case-finding resulted in a 51 per cent increase in the admission of severe and acute malnourished children to treatment between the second and third quarter of 2018. | E30: COAR 2018 | F30: UNICEF | G30: =IF(F30="UNICEF",1,0) -> 1 | H30: Quant | I30: =IF(H30="Quant",1,0) -> 1 | J30: No | K30: =IF(J30="Yes",1,0) -> 0 | L30: No | M30: =IF(L30="Yes",1,0) -> 0 | N30: No | O30: =IF(N30="Yes",1,0) -> 0
A31: 2018 | C31: Nutrition | D31: 2,772 children benefitted from UNICEF-supported severe acute malnutrition treatment in 2018. | E31: COAR 2018 | F31: UNICEF | G31: =IF(F31="UNICEF",1,0) -> 1 | H31: Quant | I31: =IF(H31="Quant",1,0) -> 1 | J31: No | K31: =IF(J31="Yes",1,0) -> 0 | L31: No | M31: =IF(L31="Yes",1,0) -> 0 | N31: No | O31: =IF(N31="Yes",1,0) -> 0
A32: 2018 | C32: Nutrition | D32: More than 79,000 children in 12 districts benefited from micronutrient powder for sixty days every six months in 2018. Over 83,000 women who were pregnant in 35 districts received iron and folic acid tablets as part of their antenatal care at primary health care level while 2,593 severe acute malnourished inpatient children were treated with therapeutic food to recovery. | E32: COAR 2018 | F32: UNICEF | G32: =IF(F32="UNICEF",1,0) -> 1 | H32: Quant | I32: =IF(H32="Quant",1,0) -> 1 | J32: No | K32: =IF(J32="Yes",1,0) -> 0 | L32: No | M32: =IF(L32="Yes",1,0) -> 0 | N32: No | O32: =IF(N32="Yes",1,0) -> 0
C33: Treatment and care of children living with HIV | D33: 44.4% of HIV positive pregnant women received antiretrovirals to reduce the risk of mother-to-child transmission of HIV during the last 12 months | E33: RAM 2018 | F33: Other | G33: =IF(F33="UNICEF",1,0) -> 0 | H33: Quant | I33: =IF(H33="Quant",1,0) -> 1 | J33: Does not apply | K33: =IF(J33="Yes",1,0) -> 0 | L33: No | M33: =IF(L33="Yes",1,0) -> 0 | N33: No | O33: =IF(N33="Yes",1,0) -> 0 | P33: Yes | Q33: Target is 80% by 2019
A34: 2018 | C34: Treatment and care of children living with HIV | D34: The number of children living with HIV to access social services increased from 63 percent in 2015 to 75 percent in 2018. | E34: COAR 2018 | F34: UNICEF | G34: =IF(F34="UNICEF",1,0) -> 1 | H34: Quant | I34: =IF(H34="Quant",1,0) -> 1 | J34: No | K34: =IF(J34="Yes",1,0) -> 0 | L34: No | M34: =IF(L34="Yes",1,0) -> 0 | N34: No | O34: =IF(N34="Yes",1,0) -> 0
A35: 2018 | C35: Child health | D35: 844 children screened for development delay between July and November 2018, 15 children with developmental delays were referred for expert consultation; five of them were enrolled in rehabilitation programme. | E35: COAR 2018 | F35: UNICEF | G35: =IF(F35="UNICEF",1,0) -> 1 | H35: Quant | I35: =IF(H35="Quant",1,0) -> 1 | J35: No | K35: =IF(J35="Yes",1,0) -> 0 | L35: No | M35: =IF(L35="Yes",1,0) -> 0 | N35: No | O35: =IF(N35="Yes",1,0) -> 0
A36: 2019 | C36: Immunization | D36: UNICEF procured and distributed essential life-saving vaccines and IMCI drugs to all primary healthcare facilities resulting in vaccination of over 500,000 children which accounts for consistent 98 per cent coverage country-wide. | E36: COAR 2019 | F36: UNICEF | G36: =IF(F36="UNICEF",1,0) -> 1 | H36: Quant | I36: =IF(H36="Quant",1,0) -> 1 | J36: Does not apply | K36: =IF(J36="Yes",1,0) -> 0 | L36: Does not apply | M36: =IF(L36="Yes",1,0) -> 0 | N36: No | O36: =IF(N36="Yes",1,0) -> 0 | Q36: With financial support from the Government of Japan
C37: Maternal and Newborn Health | D37: The rehabilitation/construction and refurbishment of WASh infrastructure in 18 maternity units of districts hospital started and to be accomplished by end of Dec 2019 or Jan 2020. | E37: RAM 2019 | F37: UNICEF | G37: =IF(F37="UNICEF",1,0) -> 1 | H37: Qual | I37: =IF(H37="Quant",1,0) -> 0 | J37: Does not apply | K37: =IF(J37="Yes",1,0) -> 0 | L37: Does not apply | M37: =IF(L37="Yes",1,0) -> 0 | N37: Yes | O37: =IF(N37="Yes",1,0) -> 1 | P37: Yes
C38: Maternal and Newborn Health | D38: 18% of maternities have improved water, sanitation and hygiene facilities. | E38: RAM 2019 | F38: UNICEF | G38: =IF(F38="UNICEF",1,0) -> 1 | H38: Qual | I38: =IF(H38="Quant",1,0) -> 0 | J38: Does not apply | K38: =IF(J38="Yes",1,0) -> 0 | L38: Does not apply | M38: =IF(L38="Yes",1,0) -> 0 | N38: No | O38: =IF(N38="Yes",1,0) -> 0 | P38: Yes | Q38: Target was 30% in 2019
A39: 2019 | C39: Maternal and Newborn Health | D39: UNICEF procured and installed life-saving equipment in 11 district maternities and two maternity hospitals which benefitted about 25,000 newborns during July-December. | E39: COAR 2019 | F39: UNICEF | G39: =IF(F39="UNICEF",1,0) -> 1 | H39: Quant | I39: =IF(H39="Quant",1,0) -> 1 | J39: Does not apply | K39: =IF(J39="Yes",1,0) -> 0 | L39: Does not apply | M39: =IF(L39="Yes",1,0) -> 0 | N39: Yes | O39: =IF(N39="Yes",1,0) -> 1 | Q39: With Russian Federation funding
A40: 2019 | C40: Maternal and Newborn Health | D40: 45,000 pregnant women mothers/caregivers of children under 2 years old received the improved MCH handbook | E40: RAM 2019 | F40: UNICEF | G40: =IF(F40="UNICEF",1,0) -> 1 | H40: Quant | I40: =IF(H40="Quant",1,0) -> 1 | J40: Does not apply | K40: =IF(J40="Yes",1,0) -> 0 | L40: No | M40: =IF(L40="Yes",1,0) -> 0 | N40: No | O40: =IF(N40="Yes",1,0) -> 0 | P40: Yes | Q40: Target was 50,000 in 2019
A41: 2019 | C41: Maternal and Newborn Health | D41: 20% of births took place in Maternity and Newborn Units which applied national quality standards in 2019 | E41: RAM 2019 | F41: UNICEF | G41: =IF(F41="UNICEF",1,0) -> 1 | H41: Quant | I41: =IF(H41="Quant",1,0) -> 1 | J41: Does not apply | K41: =IF(J41="Yes",1,0) -> 0 | L41: Does not apply | M41: =IF(L41="Yes",1,0) -> 0 | N41: No | O41: =IF(N41="Yes",1,0) -> 0 | P41: Yes | Q41: Target was 50% in 2019
A42: 2019 | C42: Maternal and Newborn Health | D42: 95 maternities’ focal points and 235 health managers/experts across the country received training and essential newborn care equipment. | E42: COAR 2019 | F42: UNICEF | G42: =IF(F42="UNICEF",1,0) -> 1 | H42: Qual | I42: =IF(H42="Quant",1,0) -> 0 | J42: Does not apply | K42: =IF(J42="Yes",1,0) -> 0 | L42: Does not apply | M42: =IF(L42="Yes",1,0) -> 0 | N42: No | O42: =IF(N42="Yes",1,0) -> 0
A43: 2019 | C43: Maternal and Newborn Health | D43: Procurement of Folic Acid and iron for 86,000 pregnant women, 221 anthropometric measurement equipment for PHC facilities and therapeutic food for treatment of severe acute malnutrition (SAM) in 4,000 children contributed to increased coverage of affected children from three to eight per cent in 2019 | E43: COAR 2019 | F43: UNICEF | G43: =IF(F43="UNICEF",1,0) -> 1 | H43: Quant | I43: =IF(H43="Quant",1,0) -> 1 | J43: Does not apply | K43: =IF(J43="Yes",1,0) -> 0 | L43: No | M43: =IF(L43="Yes",1,0) -> 0 | N43: No | O43: =IF(N43="Yes",1,0) -> 0 | P43: Yes | Q43: Target was 110,000 in 2019
C44: Nutrition | D44: SAM coverage across the country increased of 32% with 82% recovery rate in 2019 | E44: RAM 2019 | F44: UNICEF | G44: =IF(F44="UNICEF",1,0) -> 1 | H44: Quant | I44: =IF(H44="Quant",1,0) -> 1 | J44: Does not apply | K44: =IF(J44="Yes",1,0) -> 0 | L44: Does not apply | M44: =IF(L44="Yes",1,0) -> 0 | N44: No | O44: =IF(N44="Yes",1,0) -> 0 | P44: Yes
C45: Nutrition | D45: 3,163 children aged 0-59 months with SAM were admitted for treatment | E45: RAM 2019 | F45: UNICEF | G45: =IF(F45="UNICEF",1,0) -> 1 | H45: Quant | I45: =IF(H45="Quant",1,0) -> 1 | J45: No | K45: =IF(J45="Yes",1,0) -> 0 | L45: Yes | M45: =IF(L45="Yes",1,0) -> 1 | N45: No | O45: =IF(N45="Yes",1,0) -> 0 | P45: Yes | Q45: Target was 4,000 in 2019
C46: Nutrition | D46: 96% of children aged 6-59 months old were provided with two annual doses of vitamin A supplements | E46: RAM 2019 | F46: UNICEF | G46: =IF(F46="UNICEF",1,0) -> 1 | H46: Quant | I46: =IF(H46="Quant",1,0) -> 1 | J46: No | K46: =IF(J46="Yes",1,0) -> 0 | L46: Yes | M46: =IF(L46="Yes",1,0) -> 1 | N46: No | O46: =IF(N46="Yes",1,0) -> 0 | P46: Yes | Q46: Target was 92% in 2019
C47: Nutrition | D47: 92% of households were adequately using iodized Salt in 2019 | E47: RAM 2019 | F47: UNICEF | G47: =IF(F47="UNICEF",1,0) -> 1 | H47: Qual | I47: =IF(H47="Quant",1,0) -> 0 | J47: Does not apply | K47: =IF(J47="Yes",1,0) -> 0 | L47: Does not apply | M47: =IF(L47="Yes",1,0) -> 0 | N47: No | O47: =IF(N47="Yes",1,0) -> 0 | P47: Yes | Q47: Target was 95% in 2019
A48: 2019 | C48: Child health | D48: In 2019, in Bokhtar city and Rasht district only, 10,102 children were screened for developmental delays, and 196 children with developmental delays and disabilities received early intervention services. | E48: COAR 2019 | F48: UNICEF | G48: =IF(F48="UNICEF",1,0) -> 1 | H48: Quant | I48: =IF(H48="Quant",1,0) -> 1 | J48: No | K48: =IF(J48="Yes",1,0) -> 0 | L48: No | M48: =IF(L48="Yes",1,0) -> 0 | N48: Yes | O48: =IF(N48="Yes",1,0) -> 1
A49: 2019 | C49: Mental health | D49: 14,000 adolescent girls (about 45 per cent) and boys received mental health services from school psychologists and counsellors. | E49: COAR 2019 | F49: UNICEF | G49: =IF(F49="UNICEF",1,0) -> 1 | H49: Quant | I49: =IF(H49="Quant",1,0) -> 1 | J49: Yes | K49: =IF(J49="Yes",1,0) -> 1 | L49: Yes | M49: =IF(L49="Yes",1,0) -> 1 | N49: Yes | O49: =IF(N49="Yes",1,0) -> 1 | P49: Yes | Q49: This accounts for about 16 per cent of adolescents in targeted nine districts (220 schools, approximately five per cent of schools in Tajikistan).
C50: Mental health | D50: 655 school and health professionals in targeted district areas have adequate capacity to provide appropriate support, including psychological support, to address the specific needs of adolescents, especially vulnerable groups | E50: RAM 2019 | F50: UNICEF | G50: =IF(F50="UNICEF",1,0) -> 1 | H50: Qual | I50: =IF(H50="Quant",1,0) -> 0 | J50: Does not apply | K50: =IF(J50="Yes",1,0) -> 0 | L50: Does not apply | M50: =IF(L50="Yes",1,0) -> 0 | N50: Yes | O50: =IF(N50="Yes",1,0) -> 1 | P50: Yes
A51: 2019 | C51: Maternal and Newborn Health | D51: Number of live births delivered in health facilities through UNICEF-supported programmes | E51: SMQ 2019 Survive and Thrive | F51: Other | G51: =IF(F51="UNICEF",1,0) -> 0 | H51: Quant | I51: =IF(H51="Quant",1,0) -> 1 | J51: Does not apply | K51: =IF(J51="Yes",1,0) -> 0 | L51: does not apply to indicator | M51: =IF(L51="Yes",1,0) -> 0 | N51: No | O51: =IF(N51="Yes",1,0) -> 0 | Q51: 40133 live births in UNICEF supported areas (HMIS report for 11 months of 2019) 38643 live births delivered in a health facility in UNICEF supported areas
A52: 2019 | C52: Maternal and Newborn Health | D52: Countries implementing plans to strengthen quality of maternal and newborn primary health care | E52: SMQ 2019 Survive and Thrive | F52: UNICEF | G52: =IF(F52="UNICEF",1,0) -> 1 | H52: Qual | I52: =IF(H52="Quant",1,0) -> 0 | J52: Does not apply | K52: =IF(J52="Yes",1,0) -> 0 | L52: does not apply to indicator | M52: =IF(L52="Yes",1,0) -> 0 | N52: does not apply to indicator | O52: =IF(N52="Yes",1,0) -> 0
A53: 2019 | C53: Nutrition | D53: Integration of nutrition counseling in pregnancy care programmes | E53: SMQ 2019 Survive and Thrive | F53: UNICEF | G53: =IF(F53="UNICEF",1,0) -> 1 | H53: Qual | I53: =IF(H53="Quant",1,0) -> 0 | J53: does not apply to indicator | K53: =IF(J53="Yes",1,0) -> 0 | L53: does not apply to indicator | M53: =IF(L53="Yes",1,0) -> 0 | N53: does not apply to indicator | O53: =IF(N53="Yes",1,0) -> 0
A54: 2019 | C54: Nutrition | D54: National strategy to prevent stunting in children | E54: SMQ 2019 Survive and Thrive | F54: UNICEF | G54: =IF(F54="UNICEF",1,0) -> 1 | H54: Qual | I54: =IF(H54="Quant",1,0) -> 0 | J54: does not apply to indicator | K54: =IF(J54="Yes",1,0) -> 0 | L54: does not apply to indicator | M54: =IF(L54="Yes",1,0) -> 0 | N54: does not apply to indicator | O54: =IF(N54="Yes",1,0) -> 0 | Q54: UNICEF provided technical and financial assistance to the National SUN coordination committeed in finalizing of the multisectoral actional plan for nutrition aming in reducation of stunting in children under 5 in the country to approved by the government in the first half of 2020
A55: 2019 | C55: Nutrition | D55: Programmes to improve the diversity of diets in children | E55: SMQ 2019 Survive and Thrive | F55: UNICEF | G55: =IF(F55="UNICEF",1,0) -> 1 | H55: Qual | I55: =IF(H55="Quant",1,0) -> 0 | J55: does not apply to indicator | K55: =IF(J55="Yes",1,0) -> 0 | L55: does not apply to indicator | M55: =IF(L55="Yes",1,0) -> 0 | N55: does not apply to indicator | O55: =IF(N55="Yes",1,0) -> 0
A56: 2019 | C56: Nutrition | D56: Number of girls and boys with severe acute malnutrition (SAM) who are admitted for treatment | E56: SMQ 2019 Survive and Thrive | F56: UNICEF | G56: =IF(F56="UNICEF",1,0) -> 1 | H56: Quant | I56: =IF(H56="Quant",1,0) -> 1 | J56: Yes | K56: =IF(J56="Yes",1,0) -> 1 | L56: No | M56: =IF(L56="Yes",1,0) -> 0 | N56: No | O56: =IF(N56="Yes",1,0) -> 0 | Q56: 3163 children aged 6-59 months were admitted for treatment of severe acute malnutrition through UNICEF-supported programmes, including 1551 boys and 1612 girls.
A57: 2019 | C57: Treatment and care of children living with HIV | D57: Implementation of policies and/or strategies for the integration of key HIV/AIDS interventions (HIV testing and counselling, antretroviral therapy) into child-centered service points and the degree of scale within countries | E57: SMQ 2019 Survive and Thrive | F57: UNICEF | G57: =IF(F57="UNICEF",1,0) -> 1 | H57: Qual | I57: =IF(H57="Quant",1,0) -> 0 | J57: does not apply to indicator | K57: =IF(J57="Yes",1,0) -> 0 | L57: does not apply to indicator | M57: =IF(L57="Yes",1,0) -> 0 | N57: does not apply to indicator | O57: =IF(N57="Yes",1,0) -> 0 | Q57: In April, 2019 MoHSP issued new order on integration of HIV services for children and adults into PHC throughout the country. According to this order all services related to HIV testing, treatment, care and support should be done within PHC facilities by relevant specialists. UNICEF provided an extensive support during the piloting phase for integration of Pediatric AIDS into child-centered service points at 21 PHC facilities through capacity building, supervision, renovation/equipping of rooms.
A58: 2019 | C58: HIV prevention | D58: Implementation of at least three high-impact gender-responsive adolescent prevention interventions | E58: SMQ 2019 Survive and Thrive | F58: UNICEF | G58: =IF(F58="UNICEF",1,0) -> 1 | H58: Qual | I58: =IF(H58="Quant",1,0) -> 0 | J58: does not apply to indicator | K58: =IF(J58="Yes",1,0) -> 0 | L58: does not apply to indicator | M58: =IF(L58="Yes",1,0) -> 0 | N58: does not apply to indicator | O58: =IF(N58="Yes",1,0) -> 0
A59: 2019 | C59: Early childhood development | D59: Adoption of ECD packages for children at scale | E59: SMQ 2019 Survive and Thrive | F59: UNICEF | G59: =IF(F59="UNICEF",1,0) -> 1 | H59: Qual | I59: =IF(H59="Quant",1,0) -> 0 | J59: does not apply to indicator | K59: =IF(J59="Yes",1,0) -> 0 | L59: does not apply to indicator | M59: =IF(L59="Yes",1,0) -> 0 | N59: does not apply to indicator | O59: =IF(N59="Yes",1,0) -> 0
A60: 2019 | C60: Early childhood development | D60: Percentage of UNICEF-targeted girls and boys in humanitarian situations who participate in organized programmes with ECD kits through UNICEF-supported programmes | E60: SMQ 2019 Survive and Thrive | F60: UNICEF | G60: =IF(F60="UNICEF",1,0) -> 1 | H60: Quant | I60: =IF(H60="Quant",1,0) -> 1 | J60: No | K60: =IF(J60="Yes",1,0) -> 0 | L60: Yes | M60: =IF(L60="Yes",1,0) -> 1 | N60: No | O60: =IF(N60="Yes",1,0) -> 0 | Q60: 2500 children under five targeted to participate in organized programmes with ECD kit, 55 ECD kits covering 2500 children under five
A61: 2017 | C61: Child health | D61: 1 in 23 children dies before they reach 5 years with more than 8 in 10 of those deaths occuring during infancy | E61: DHS 2017 | F61: DHS 2017 | G61: =IF(F61="UNICEF",1,0) -> 0 | H61: Quant | I61: =IF(H61="Quant",1,0) -> 1 | J61: No | K61: =IF(J61="Yes",1,0) -> 0 | L61: Yes | M61: =IF(L61="Yes",1,0) -> 1 | N61: No | O61: =IF(N61="Yes",1,0) -> 0
A62: 2017 | C62: Nutrition | D62: 1 in 5 children is stunted, 42 children out of 1000 are aneamic | E62: DHS 2017 | F62: DHS 2017 | G62: =IF(F62="UNICEF",1,0) -> 0 | H62: Quant | I62: =IF(H62="Quant",1,0) -> 1 | J62: No | K62: =IF(J62="Yes",1,0) -> 0 | L62: No | M62: =IF(L62="Yes",1,0) -> 0 | N62: No | O62: =IF(N62="Yes",1,0) -> 0
A63: 2017 | C63: Immunization | D63: 95% immunization coverage but lower coverage of children aged 12-23 months immunized with all age-appropriate vaccines (79%) | E63: DHS 2017 | F63: DHS 2017 | G63: =IF(F63="UNICEF",1,0) -> 0 | H63: Quant | I63: =IF(H63="Quant",1,0) -> 1 | J63: No | K63: =IF(J63="Yes",1,0) -> 0 | L63: No | M63: =IF(L63="Yes",1,0) -> 0 | N63: No | O63: =IF(N63="Yes",1,0) -> 0
A64: 2017 | C64: Maternal and Newborn Health | D64: Number of women receiving the recommended four antenatal care visits (ANC) during a pregnancy (from 53% in 2012 to 64% in 2017). 1 in 3 women remains under-cared for during pregnancy and 1 in 10 does not see a health professional at least once for ANC. Urban women more likely to receive 4 or more ANC visits (76% against 60% in rural areas) (→SDG 3.1.1) | E64: DHS 2017 | F64: DHS 2017 | G64: =IF(F64="UNICEF",1,0) -> 0 | H64: Quant | I64: =IF(H64="Quant",1,0) -> 1 | J64: Does not apply | K64: =IF(J64="Yes",1,0) -> 0 | L64: No | M64: =IF(L64="Yes",1,0) -> 0 | N64: Yes | O64: =IF(N64="Yes",1,0) -> 1 | Q64: Checked against UNDAF outcomes
A65: 2017 | C65: Maternal and Newborn Health | D65: Percentage of births attended by a skilled provider : from 86% in 2012 to 88% in 2017. UNDAF target for 2020 : 95% (→SDG 3.1.2) | E65: DHS, MoHSPP | F65: DHS, MoHSPP | G65: =IF(F65="UNICEF",1,0) -> 0 | H65: Quant | I65: =IF(H65="Quant",1,0) -> 1 | J65: Does not apply | K65: =IF(J65="Yes",1,0) -> 0 | L65: No | M65: =IF(L65="Yes",1,0) -> 0 | N65: No | O65: =IF(N65="Yes",1,0) -> 0 | Q65: Checked against UNDAF outcomes
A66: 2017 | C66: Maternal and Newborn Health | D66: Infant mortality rates (IMR) have fallen from 53 per 1,000 live births in 2007 to 33 per 1,000 live births in 2017 | E66: DHS 2017 | F66: DHS 2017 | G66: =IF(F66="UNICEF",1,0) -> 0 | H66: Quant | I66: =IF(H66="Quant",1,0) -> 1 | J66: Does not apply | K66: =IF(J66="Yes",1,0) -> 0 | L66: No | M66: =IF(L66="Yes",1,0) -> 0 | N66: No | O66: =IF(N66="Yes",1,0) -> 0
A67: 2018 | C67: WASH | D67: 42% of IMR can be attributed to lack of water and sanitation at community level | E67: COAR 2018 | F67: UNICEF | G67: =IF(F67="UNICEF",1,0) -> 1 | H67: Quant | I67: =IF(H67="Quant",1,0) -> 1 | J67: No | K67: =IF(J67="Yes",1,0) -> 0 | L67: No | M67: =IF(L67="Yes",1,0) -> 0 | N67: No | O67: =IF(N67="Yes",1,0) -> 0
A68: 2018 | C68: Maternal and Newborn Health | D68: 1% of maternity hospitals were found to have all necessary equipment and only 5% have all 20 essential medecines, leading to non-compliance with neonatal protocols and quality of care standards | E68: COAR 2018 | F68: COAR 2018 | G68: =IF(F68="UNICEF",1,0) -> 0 | H68: Quant | I68: =IF(H68="Quant",1,0) -> 1 | J68: Does not apply | K68: =IF(J68="Yes",1,0) -> 0 | L68: Does not apply | M68: =IF(L68="Yes",1,0) -> 0 | N68: No | O68: =IF(N68="Yes",1,0) -> 0 | Q68: In rural areas, neonatal mortality, although reduced overall, remains unchanged (The Universal Period Review, 2016) and patients receive low standard medical care in poorly serviced facilities with no, or outdated, equipment (Vulnerability and Resilience Atlas 2018)
A69: 2018 | C69: Maternal and Newborn Health | D69: 4 out of every 10 women in Tajikistan is anemic, including almost 25% women of reproductive age | E69: Vulnerability and Resilience Atlas 2018 | F69: Vulnerability and Resilience Atlas 2018 | G69: =IF(F69="UNICEF",1,0) -> 0 | H69: Quant | I69: =IF(H69="Quant",1,0) -> 1 | J69: Does not apply | K69: =IF(J69="Yes",1,0) -> 0 | L69: Yes | M69: =IF(L69="Yes",1,0) -> 1 | N69: No | O69: =IF(N69="Yes",1,0) -> 0
A70: 2016 | C70: Maternal and Newborn Health | D70: 9 out of every 10 infants are breastfed but only half of all infants are introduced to complementary foods at appropriate ages. Only a fith of children between the ages of 6-23 months receive optimal infant and young child feeding in terms of food diversity and meal frequency. | E70: Formative Research on Infant and young child feeding and maternal nutrition in Tajikistan, UNICEF 2016 | F70: UNICEF | G70: =IF(F70="UNICEF",1,0) -> 1 | H70: Quant | I70: =IF(H70="Quant",1,0) -> 1 | J70: Does not apply | K70: =IF(J70="Yes",1,0) -> 0 | L70: Yes | M70: =IF(L70="Yes",1,0) -> 1 | N70: No | O70: =IF(N70="Yes",1,0) -> 0
A71: 2018 | C71: Treatment and care of children living with HIV | D71: Number of people living with HIV : 7,552, of which 10.2% are children under the age of 18 and 665 under the age of 15 | E71: Assessment of the impact of social allowances on the quality of life of children living with HIV. Study report, UNICEF, August 2018 | F71: UNICEF | G71: =IF(F71="UNICEF",1,0) -> 1 | H71: Quant | I71: =IF(H71="Quant",1,0) -> 1 | J71: No | K71: =IF(J71="Yes",1,0) -> 0 | L71: Yes | M71: =IF(L71="Yes",1,0) -> 1 | N71: No | O71: =IF(N71="Yes",1,0) -> 0 | Q71: In 2017, the government of Tajikistan reported a slightly higher figure of 800 HIV positive children 400 girls and 400 boys. CRC Concluding observation on the combined third to fith periodic reports of Tajikistan 2017
A72: 2018 | C72: Treatment and care of children living with HIV | D72: Number of children living with HIV with access to social services: increased from 63% in 2015 to 75% in 2018 | E72: COAR 2018 | F72: COAR 2018 | G72: =IF(F72="UNICEF",1,0) -> 0 | H72: Quant | I72: =IF(H72="Quant",1,0) -> 1 | J72: No | K72: =IF(J72="Yes",1,0) -> 0 | L72: No | M72: =IF(L72="Yes",1,0) -> 0 | N72: No | O72: =IF(N72="Yes",1,0) -> 0
A73: 2018 | C73: Nutrition | D73: 37.6% of Tajik women aged between 5-49 are overweight or obese, a 27% increase since 2012. Urban women are slightly more likely than younger women to be obese. Khatlon and Sughd have seen the most alarming rises in obesity | E73: Vulnerability and Resilience Atlas 2018 | F73: Vulnerability and Resilience Atlas 2018 | G73: =IF(F73="UNICEF",1,0) -> 0 | H73: Quant | I73: =IF(H73="Quant",1,0) -> 1 | J73: Yes | K73: =IF(J73="Yes",1,0) -> 1 | L73: Yes | M73: =IF(L73="Yes",1,0) -> 1 | N73: Yes | O73: =IF(N73="Yes",1,0) -> 1
A74: 2015 | C74: Mental health | D74: Number of registered cases of female suicide or attempted suicide: 325 | E74: State Prosecutor | F74: State Prosecutor | G74: =IF(F74="UNICEF",1,0) -> 0 | H74: Quant | I74: =IF(H74="Quant",1,0) -> 1 | J74: Yes | K74: =IF(J74="Yes",1,0) -> 1 | L74: Yes | M74: =IF(L74="Yes",1,0) -> 1 | N74: No | O74: =IF(N74="Yes",1,0) -> 0 | Q74: Case go unregistered because of stigma.
A75: - | C75: Mental health | D75: Suicide rate for young people 12-24 years, higher among girls (13.4/100,00) than for boys (10.9/100,00) | E75: Taleshi, M M. UNICEF policy brief, Adolescent and Youth Programming in Tajikistan | F75: UNICEF | G75: =IF(F75="UNICEF",1,0) -> 1 | H75: Quant | I75: =IF(H75="Quant",1,0) -> 1 | J75: Yes | K75: =IF(J75="Yes",1,0) -> 1 | L75: Yes | M75: =IF(L75="Yes",1,0) -> 1 | N75: No | O75: =IF(N75="Yes",1,0) -> 0
A76: 2013 | C76: Treatment and care of children living with HIV | D76: 72% of women living with HIV have thought about committing suicide and 24% have made an attempt | E76: National NGOs 2013 | F76: National NGOs 2014 | G76: =IF(F76="UNICEF",1,0) -> 0 | H76: Quant | I76: =IF(H76="Quant",1,0) -> 1 | J76: Yes | K76: =IF(J76="Yes",1,0) -> 1 | L76: No | M76: =IF(L76="Yes",1,0) -> 0 | N76: No | O76: =IF(N76="Yes",1,0) -> 0
A77: 2019 | C77: Maternal and Newborn Health | D77: 7% of women aged 15-19 are either pregnant or already have a child, with a majority of 18-19 year olds | E77: Tajikistan SitAn 2019 page 32 | F77: UNICEF | G77: =IF(F77="UNICEF",1,0) -> 1 | H77: Quant | I77: =IF(H77="Quant",1,0) -> 1 | J77: Does not apply | K77: =IF(J77="Yes",1,0) -> 0 | L77: Yes | M77: =IF(L77="Yes",1,0) -> 1 | N77: No | O77: =IF(N77="Yes",1,0) -> 0
A78: - | C78: Maternal and Newborn Health | D78: 26% of 19 year old women are either pregnant or have had a child, with 47% of women married by the age of 20 | E78: Promoting Prevention of Violence against Children and Adolescents in Pilot Communities in Tajikistan: Report of the Formative Research Phase, Istituto degli Innocenti | F78: Promoting Prevention of Violence against Children and Adolescents in Pilot Communities in Tajikistan: Report of the Formative Research Phase, Istituto degli Innocenti | G78: =IF(F78="UNICEF",1,0) -> 0 | H78: Quant | I78: =IF(H78="Quant",1,0) -> 1 | J78: Does not apply | K78: =IF(J78="Yes",1,0) -> 0 | L78: Yes | M78: =IF(L78="Yes",1,0) -> 1 | N78: No | O78: =IF(N78="Yes",1,0) -> 0
A79: 2016 | C79: Health | D79: Number of physicians per 100,000 population in Tajikistan : 170 (compared to 347 for the EU) Number of nurses per 100,000 : 44 | E79: Khodjamurodov G, Sodiqova D, Akkazieva B, Rechel B. Tajikistan: health system review. Health Systems in Transition, 2016; 18(1), 1-114 | F79: Khodjamurodov G, Sodiqova D, Akkazieva B, Rechel B. Tajikistan: health system review. Health Systems in Transition, 2016; 18(1), 1-115 | G79: =IF(F79="UNICEF",1,0) -> 0 | H79: Quant | I79: =IF(H79="Quant",1,0) -> 1 | J79: No | K79: =IF(J79="Yes",1,0) -> 0 | L79: No | M79: =IF(L79="Yes",1,0) -> 0 | N79: Yes | O79: =IF(N79="Yes",1,0) -> 1 | Q79: Rural areas struggle to recruit and retain health workers, as many choose to work in cities or migrate as health workers seek higher wages abroad.
A80: 2017 | C80: Nutrition | D80: 8% of Tajik children are underweight with 2% classified as severly underweight (peak levels are found among children age 6-8, 9-11 months at 11% each). 86.2% of severly malnourished children received medical treatment | E80: DHS 2017 | F80: DHS 2017 | G80: =IF(F80="UNICEF",1,0) -> 0 | H80: Quant | I80: =IF(H80="Quant",1,0) -> 1 | J80: No | K80: =IF(J80="Yes",1,0) -> 0 | L80: Yes | M80: =IF(L80="Yes",1,0) -> 1 | N80: No | O80: =IF(N80="Yes",1,0) -> 0
C81: Treatment and care of children living with HIV | D81: Tajikistan is one of the few countries in the world in which HIV prevalence has increased by 25% in the last ten years | E81: All statistics sourced at : The Global Fund, Tajikistan | F81: All statistics sourced at : The Global Fund, Tajikistan | G81: =IF(F81="UNICEF",1,0) -> 0 | H81: Qual | I81: =IF(H81="Quant",1,0) -> 0 | J81: No | K81: =IF(J81="Yes",1,0) -> 0 | L81: No | M81: =IF(L81="Yes",1,0) -> 0 | N81: No | O81: =IF(N81="Yes",1,0) -> 0
C82: Treatment and care of children living with HIV | D82: From 2009-2016 the number of cases of infection among women increased approximately four times. Over 50% of women infected with HIV have, or have had, sexual partners who had, at some point, migrated for labour. | E82: Tajik center for Aids prevention and control | F82: Tajik center for Aids prevention and control | G82: =IF(F82="UNICEF",1,0) -> 0 | H82: Quant | I82: =IF(H82="Quant",1,0) -> 1 | J82: Yes | K82: =IF(J82="Yes",1,0) -> 1 | L82: No | M82: =IF(L82="Yes",1,0) -> 0 | N82: No | O82: =IF(N82="Yes",1,0) -> 0
A83: 2018 | C83: Treatment and care of children living with HIV | D83: UNDAF Outcome 3.14 % HIV-positive pregnant women who receive antiretroviral to reduce the risk of a mother to child transmission (→SDG 3.3.1) Baseline: 97 (2018) Target: 100 (2020) | E83: MoHSPP JA | F83: MoHSPP JA | G83: =IF(F83="UNICEF",1,0) -> 0 | H83: Quant | I83: =IF(H83="Quant",1,0) -> 1 | J83: Yes | K83: =IF(J83="Yes",1,0) -> 1 | L83: No | M83: =IF(L83="Yes",1,0) -> 0 | N83: No | O83: =IF(N83="Yes",1,0) -> 0 | Q83: UNDAF Framework Outcome 3. People in Tajikistan benefit from quality, equitable and inclusive health, education and social protection systems
A84: 2018 | C84: Treatment and care of children living with HIV | D84: UNDAF Outcome 3.16 % Adults and children with HIV known to be on treatment 12 months after initiation of antiretroviral therapy (by age group and sex for persons aged >15yrs) (→SDG 3.3.1) Baseline: (2018) Total: 94 < 15 yrs: 94 Male 15+: 92 Female 15+: 96 Target: (2020) Total: 96 <15 yrs: 96 Male 15+: 95 Female 15+: 97 | E84: MoHSPP/UN reports | F84: MoHSPP/UN reports | G84: =IF(F84="UNICEF",1,0) -> 0 | H84: Quant | I84: =IF(H84="Quant",1,0) -> 1 | J84: Yes | K84: =IF(J84="Yes",1,0) -> 1 | L84: Yes | M84: =IF(L84="Yes",1,0) -> 1 | N84: No | O84: =IF(N84="Yes",1,0) -> 0 | Q84: UNDAF Framework Outcome 3. People in Tajikistan benefit from quality, equitable and inclusive health, education and social protection systems
A85: 2017 | C85: Maternal and Newborn Health | D85: UNDAF Outcome 3.6 Neonatal mortality rate (per 1,000 live births) (SDG 3.2.2) Baseline: (2017)13 Target: (2020)10 | E85: IGME | F85: IGME | G85: =IF(F85="UNICEF",1,0) -> 0 | H85: Quant | I85: =IF(H85="Quant",1,0) -> 1 | J85: Does not apply | K85: =IF(J85="Yes",1,0) -> 0 | L85: Does not apply | M85: =IF(L85="Yes",1,0) -> 0 | N85: No | O85: =IF(N85="Yes",1,0) -> 0 | Q85: UNDAF Framework Outcome 3. People in Tajikistan benefit from quality, equitable and inclusive health, education and social protection systems
A86: 2017 | C86: Immunization | D86: UNDAF Outcome 3.7 % Maintain high coverage of Penta 3 (DPT-HepB-Hib) vaccine in children 12-23 months age (→SDG 3.2.1) Baseline: (2017) 87% Target: (2020) 95% | E86: DHS 2017 | F86: DHS 2017 | G86: =IF(F86="UNICEF",1,0) -> 0 | H86: Quant | I86: =IF(H86="Quant",1,0) -> 1 | J86: No | K86: =IF(J86="Yes",1,0) -> 0 | L86: No | M86: =IF(L86="Yes",1,0) -> 0 | N86: No | O86: =IF(N86="Yes",1,0) -> 0 | Q86: UNDAF Framework Outcome 3. People in Tajikistan benefit from quality, equitable and inclusive health, education and social protection systems
A87: 2017 | C87: Nutrition | D87: UNDAF Outcome 4.1: Prevalence of stunting, wasting, underweight among children under age 5 (SDG: 2.1.3; 2.2.2) Baseline : Stunting (2017) Total: 17.5% F: 17.2% M: 17.8% Wasting (2017)Total: 5.6% F: 5% M: 6.1% Underweight (<50th)(2012):Total: 12% F: 12% M: 12% Target (2020) Stunting Total: 20% F: 20% M: 20% Wasting Total: 7% F: 7% M: 7% Underweight (<50th): Total: 8% F: 8% M: 8% | E87: DHS 2012, 2017 | F87: DHS 2012, 2017 | G87: =IF(F87="UNICEF",1,0) -> 0 | H87: Quant | I87: =IF(H87="Quant",1,0) -> 1 | J87: Yes | K87: =IF(J87="Yes",1,0) -> 1 | L87: Yes | M87: =IF(L87="Yes",1,0) -> 1 | N87: No | O87: =IF(N87="Yes",1,0) -> 0 | Q87: UNDAF Outcome 4. The nutritional status of the people in Tajikistan is improved through stable access to sufficient, appropriate and safe food, improved child feeding practices, better water and sanitation and improved access to quality health care
A88: 2017 | C88: Maternal and Newborn Health | D88: UNDAF Outcome 4.2 Exclusive breastfeeding rate among children under 6 months (→SDG 2.2.1, 2.2.2) Baseline 2017 : 46% Target 2020: 41% | E88: DHS 2017 | F88: DHS 2017 | G88: =IF(F88="UNICEF",1,0) -> 0 | H88: Quant | I88: =IF(H88="Quant",1,0) -> 1 | J88: Does not apply | K88: =IF(J88="Yes",1,0) -> 0 | L88: No | M88: =IF(L88="Yes",1,0) -> 0 | N88: No | O88: =IF(N88="Yes",1,0) -> 0 | Q88: UNDAF Outcome 4. The nutritional status of the people in Tajikistan is improved through stable access to sufficient, appropriate and safe food, improved child feeding practices, better water and sanitation and improved access to quality health care
A89: 2017 | C89: Maternal and Newborn Health | D89: UNDAF Outcome 4.3 Prevalence of anemia among women of reproductive age (15-49 yrs)(→SDG 2.1.1, 3.1.1) Baseline (2017): Total (41%), DRS (33%), GBAO (55%), Khatlon (47%) and Sughd (40%). Target (2020): 20% | E89: DHS 2017 | F89: DHS 2017 | G89: =IF(F89="UNICEF",1,0) -> 0 | H89: Quant | I89: =IF(H89="Quant",1,0) -> 1 | J89: Does not apply | K89: =IF(J89="Yes",1,0) -> 0 | L89: Yes | M89: =IF(L89="Yes",1,0) -> 1 | N89: Yes | O89: =IF(N89="Yes",1,0) -> 1 | Q89: UNDAF Outcome 4. The nutritional status of the people in Tajikistan is improved through stable access to sufficient, appropriate and safe food, improved child feeding practices, better water and sanitation and improved access to quality health care
A90: 2017 | C90: Nutrition | D90: UNDAF Outcome 4.4 Level of anemia among children (→SDG 2.2.1, 2.2.2) Baseline: (2017) U5: T: 41.6% (2017) F: 40.1 % (2017) M: 43.1 % (2017) U2: T: 53.15% (2017) Target: (2020) U5: T: <25% F: <25% M: <25% U2: T: <25% | E90: DHS 2017 | F90: DHS 2017 | G90: =IF(F90="UNICEF",1,0) -> 0 | H90: Quant | I90: =IF(H90="Quant",1,0) -> 1 | J90: Yes | K90: =IF(J90="Yes",1,0) -> 1 | L90: Yes | M90: =IF(L90="Yes",1,0) -> 1 | N90: No | O90: =IF(N90="Yes",1,0) -> 0 | Q90: UNDAF Outcome 4. The nutritional status of the people in Tajikistan is improved through stable access to sufficient, appropriate and safe food, improved child feeding practices, better water and sanitation and improved access to quality health care
A91: 2017 | C91: Nutrition | D91: UNDAF Outcome 4.5 Percentage of households consuming adequately iodized salt (→SDG 2.1.1, 2.2.1, 2.2.2) Baseline: (2017) 92% Target: (2020) Over 90 % | E91: DHS 2017 | F91: DHS 2017 | G91: =IF(F91="UNICEF",1,0) -> 0 | H91: Quant | I91: =IF(H91="Quant",1,0) -> 1 | J91: Does not apply | K91: =IF(J91="Yes",1,0) -> 0 | L91: Does not apply | M91: =IF(L91="Yes",1,0) -> 0 | N91: No | O91: =IF(N91="Yes",1,0) -> 0 | Q91: UNDAF Outcome 4. The nutritional status of the people in Tajikistan is improved through stable access to sufficient, appropriate and safe food, improved child feeding practices, better water and sanitation and improved access to quality health care
A92: 2017 | C92: Nutrition | D92: UNDAF Outcome 4.6 Proportion of children aged 0-59 months with diarrhea receiving oral rehydration therapy (ORS + Zinc + RHF or increased fluids) by sex and region (→SDG 3.2.1, 3.9.2) Baseline: (2017) T: 70.2% F: 72.3% M: 74.3% GBAO: 90.6% Sughd: 81.0% DRS: 79.3% Khatlon: 67.0% Target: (2020) 80% | E92: DHS 2017 | F92: DHS 2017 | G92: =IF(F92="UNICEF",1,0) -> 0 | H92: Quant | I92: =IF(H92="Quant",1,0) -> 1 | J92: Yes | K92: =IF(J92="Yes",1,0) -> 1 | L92: Yes | M92: =IF(L92="Yes",1,0) -> 1 | N92: Yes | O92: =IF(N92="Yes",1,0) -> 1 | Q92: UNDAF Outcome 4. The nutritional status of the people in Tajikistan is improved through stable access to sufficient, appropriate and safe food, improved child feeding practices, better water and sanitation and improved access to quality health care
A93: 2019 | B93: Safe and clean evironment | C93: WASH | D93: Number of additional people with access to a safe drinking water services through UNICEF supported programmes | E93: SMQ 2019 Safe and Clean environment | F93: UNICEF | G93: =IF(F93="UNICEF",1,0) -> 1 | H93: Quant | I93: =IF(H93="Quant",1,0) -> 1 | J93: Yes | K93: =IF(J93="Yes",1,0) -> 1 | L93: no | M93: =IF(L93="Yes",1,0) -> 0 | N93: Yes | O93: =IF(N93="Yes",1,0) -> 1 | P93: 2019 | Q93: 65000 women and their newborns (beneficiaries of maternity houses) located in rural areas of Tajikistan gained access to SAFELY MANAGED WATER SERVICE LEVEL. Reaching the people at household level was not the focus of the WASH related programming intervention during 2019. The 65,000 beneficiaries in maternities are reported under WASH in Institutions part
A94: 2019 | C94: WASH | D94: Number of people in humanitarian situation who were provided with a sufficient quantity of water of appropriate quality for drinking, cooking and personal hygiene through UNICEF supported programmes during year of reporting | E94: SMQ 2019 Safe and Clean environment | F94: UNICEF | G94: =IF(F94="UNICEF",1,0) -> 1 | H94: Quant | I94: =IF(H94="Quant",1,0) -> 1 | J94: Yes | K94: =IF(J94="Yes",1,0) -> 1 | L94: No | M94: =IF(L94="Yes",1,0) -> 0 | N94: Yes | O94: =IF(N94="Yes",1,0) -> 1 | Q94: 5249 people were provided with a sufficient quantity of water of apropriate quality, of which 3019 women and 2230 men in rural areas
A95: 2019 | C95: WASH | D95: WASH in schools | E95: SMQ 2019 Safe and Clean environment | F95: UNICEF | G95: =IF(F95="UNICEF",1,0) -> 1 | H95: Qual | I95: =IF(H95="Quant",1,0) -> 0 | J95: does not apply to indicator | K95: =IF(J95="Yes",1,0) -> 0 | L95: does not apply to indicator | M95: =IF(L95="Yes",1,0) -> 0 | N95: does not apply to indicator | O95: =IF(N95="Yes",1,0) -> 0 | P95: 2019 | Q95: UNICEF Tajikistan started its WASH programme in 2019. It is expected that in 2020, 49 shcools will gain access to WASH facilities. UNICEF Tajikistan will report on this indicator.
A96: 2019 | C96: WASH | D96: Number of people with access to basic sanitation services through UNICEF-supported programmes | E96: SMQ 2019 Safe and Clean environment | F96: UNICEF | G96: =IF(F96="UNICEF",1,0) -> 1 | H96: Qual | I96: =IF(H96="Quant",1,0) -> 0 | J96: No | K96: =IF(J96="Yes",1,0) -> 0 | L96: No | M96: =IF(L96="Yes",1,0) -> 0 | N96: Yes | O96: =IF(N96="Yes",1,0) -> 1 | P96: 2019 | Q96: 17 maternity houses in rural areas have gained access to sanitation services on its premises in 2019. Reaching the people at household level was not the focus of the WASH related programming intervention during 2019.
A97: 2019 | C97: WASH | D97: Number of schools with separate sanitation facilities for girls and boys | E97: SMQ 2019 Safe and Clean environment | F97: UNICEF | G97: =IF(F97="UNICEF",1,0) -> 1 | H97: Qual | I97: =IF(H97="Quant",1,0) -> 0 | J97: does not apply to indicator | K97: =IF(J97="Yes",1,0) -> 0 | L97: does not apply to indicator | M97: =IF(L97="Yes",1,0) -> 0 | N97: No | O97: =IF(N97="Yes",1,0) -> 0 | P97: 2019 | Q97: In 2019, the contracts with construction companies were signed. The completion of works is expected for July 2020. So, WASH activities reported for maternities only (17).
A98: 2019 | C98: WASH | D98: Number of schools with menstrual hygiene management services | E98: SMQ 2019 Safe and Clean environment | F98: UNICEF | G98: =IF(F98="UNICEF",1,0) -> 1 | H98: Qual | I98: =IF(H98="Quant",1,0) -> 0 | J98: does not apply to indicator | K98: =IF(J98="Yes",1,0) -> 0 | L98: does not apply to indicator | M98: =IF(L98="Yes",1,0) -> 0 | N98: No | O98: =IF(N98="Yes",1,0) -> 0 | P98: 2019 | Q98: This is planned for 2020.
A99: 2019 | C99: WASH | D99: Number of health centres that have basic WASH facilities, through UNICEF-supported programmes | E99: SMQ 2019 Safe and Clean environment | F99: UNICEF | G99: =IF(F99="UNICEF",1,0) -> 1 | H99: Qual | I99: =IF(H99="Quant",1,0) -> 0 | J99: does not apply to indicator | K99: =IF(J99="Yes",1,0) -> 0 | L99: does not apply to indicator | M99: =IF(L99="Yes",1,0) -> 0 | N99: Yes | O99: =IF(N99="Yes",1,0) -> 1 | P99: 2019 | Q99: Rehabilitation of WASH infrastructure works conducted in 17 maternities across the country (1 urban and 16 rural health care facilities) enabled access to WASH services to 65, 000 mothres and their newborns (on annual basis, referring to the data provided by the Ministry of Health)
A100: 2019 | C100: WASH | D100: Community-based hand-washing behaviour-change programmes at a national scale | E100: SMQ 2019 Safe and Clean environment | F100: UNICEF | G100: =IF(F100="UNICEF",1,0) -> 1 | H100: Qual | I100: =IF(H100="Quant",1,0) -> 0 | J100: does not apply to indicator | K100: =IF(J100="Yes",1,0) -> 0 | L100: does not apply to indicator | M100: =IF(L100="Yes",1,0) -> 0 | N100: No | O100: =IF(N100="Yes",1,0) -> 0 | P100: 2019 | Q100: Expert group set up at national level co-chaired by WB and UNICEF aimed to develop a nation-wide handwashing programme package for schools.
...

Sheet PROTECTIVE ENVIRONMENT
A1: Year | B1: Area | C1: Goal/Outcome | D1: Indicator | E1: Data source | F1: UNICEF or other | G1: INDIC_UNICEForNot | H1: Qualitative or Quantitative | I1: Yes if Quant | J1: Dis Sex | K1: INDIC_Dis Sex | L1: Dis Age | M1: INDIC_Dis Age | N1: Dis Urb/Rural | O1: INDIC_Dis Urb/Rural | P1: Cross-referenced w/ RAM | Q1: Comment
A2: 2016 | B2: Child Protection | C2: Alternative Care | D2: The number of children aged 0-4 residing in baby homes icreased by 25% from 245 in 2014 to 309 in 2015 | E2: COAR 2016 | F2: UNICEF | G2: =IF(F2="UNICEF",1,0) -> 1 | H2: Quant | I2: =IF(H2="Quant",1,0) -> 1 | J2: No | K2: =IF(J2="Yes",1,0) -> 0 | L2: Yes | M2: =IF(L2="Yes",1,0) -> 1 | N2: No | O2: =IF(N2="Yes",1,0) -> 0 | P2: No RAM for 2016
A3: 2016 | C3: Child Labour | D3: Children are expected to contribute to earning income to help families: 23.3% of children or 522,000 children aged 5-17 were working in 2013. The survey found that 68.7% of girls aged 5–17 were involved in unpaid household services (household chores) compared with 55.8 % for boys of the same age. | E3: COAR 2016 citing the 2012-2013 Child Labour Survey | F3: UNICEF | G3: =IF(F3="UNICEF",1,0) -> 1 | H3: Quant | I3: =IF(H3="Quant",1,0) -> 1 | J3: No | K3: =IF(J3="Yes",1,0) -> 0 | L3: Yes | M3: =IF(L3="Yes",1,0) -> 1 | N3: No | O3: =IF(N3="Yes",1,0) -> 0 | P3: No RAM for 2016
A4: 2016 | C4: Social Protection | D4: In 2016, 25,178 childern received a disability pension | E4: COAR 2016 | F4: UNICEF | G4: =IF(F4="UNICEF",1,0) -> 1 | H4: Quant | I4: =IF(H4="Quant",1,0) -> 1 | J4: No | K4: =IF(J4="Yes",1,0) -> 0 | L4: No | M4: =IF(L4="Yes",1,0) -> 0 | N4: No | O4: =IF(N4="Yes",1,0) -> 0 | P4: No RAM for 2016 | Q4: This figure only covers children with disabilities who are registered and are therefore eligible for state support
A5: 2017 | C5: Juvenile Justice | D5: 10 new judge master trainers and 10 new police master trainers (3 women and 17 men) were trained on child-friendly law enforcement and justice | E5: COAR 2017 | F5: UNICEF | G5: =IF(F5="UNICEF",1,0) -> 1 | H5: Quant | I5: =IF(H5="Quant",1,0) -> 1 | J5: Yes | K5: =IF(J5="Yes",1,0) -> 1 | L5: Does not apply | M5: =IF(L5="Yes",1,0) -> 0 | N5: No | O5: =IF(N5="Yes",1,0) -> 0 | P5: No RAM for 2017 | Q5: Many of these children live in border areas adjacent to Kyrgystan and are of diverse ethnic backgrounds.
A6: 2017 | C6: Juvenile Justice | D6: 20 new prosecutors (3 women and 17 men) enhanced their capacities on justice for children and are now better equipped to deliver child-friendly justice. | E6: COAR 2017 | F6: UNICEF | G6: =IF(F6="UNICEF",1,0) -> 1 | H6: Quant | I6: =IF(H6="Quant",1,0) -> 1 | J6: Yes | K6: =IF(J6="Yes",1,0) -> 1 | L6: Does not apply | M6: =IF(L6="Yes",1,0) -> 0 | N6: No | O6: =IF(N6="Yes",1,0) -> 0 | P6: No RAM for 2017
A7: 2017 | C7: Juvenile Justice | D7: Under a partnership between UNICEF and the Union of Lawyers of Tajikistan, 18 practicing lawyers (4 women and 14 men) were capacitated in the area of child rights protection | E7: COAR 2017 | F7: UNICEF | G7: =IF(F7="UNICEF",1,0) -> 1 | H7: Quant | I7: =IF(H7="Quant",1,0) -> 1 | J7: Yes | K7: =IF(J7="Yes",1,0) -> 1 | L7: Does not apply | M7: =IF(L7="Yes",1,0) -> 0 | N7: No | O7: =IF(N7="Yes",1,0) -> 0 | P7: No RAM for 2017
A8: 2017 | C8: Juvenile Justice | D8: UNICEF supported the Ministry of Justice to deliver a three-day, tailor-made orientation on child rights and child protection to 11 mid-level officials (four women and seven men) from various ministries. | E8: COAR 2017 | F8: UNICEF | G8: =IF(F8="UNICEF",1,0) -> 1 | H8: Qual | I8: =IF(H8="Quant",1,0) -> 0 | J8: Yes | K8: =IF(J8="Yes",1,0) -> 1 | L8: Does not apply | M8: =IF(L8="Yes",1,0) -> 0 | N8: No | O8: =IF(N8="Yes",1,0) -> 0 | P8: No RAM for 2017
A9: 2017 | C9: Juvenile Justice | D9: A total of 143 children (29 girls and 114 boys) who had committed minor offences were diverted from the criminal justice system to six district centres for additional education and one rehabilitation centre in Sughd region between January and November. | E9: COAR 2017 | F9: UNICEF | G9: =IF(F9="UNICEF",1,0) -> 1 | H9: Quant | I9: =IF(H9="Quant",1,0) -> 1 | J9: Yes | K9: =IF(J9="Yes",1,0) -> 1 | L9: No | M9: =IF(L9="Yes",1,0) -> 0 | N9: No | O9: =IF(N9="Yes",1,0) -> 0 | P9: No RAM for 2017
A10: 2017 | C10: Juvenile Justice | D10: 24 professionals (para-social workers, centre for additional education directors and child rights units officers (15 women and 9 men) increased their knowledge on social work and children in conflict with the law. | E10: COAR 2017 | F10: UNICEF | G10: =IF(F10="UNICEF",1,0) -> 1 | H10: Quant | I10: =IF(H10="Quant",1,0) -> 1 | J10: Yes | K10: =IF(J10="Yes",1,0) -> 1 | L10: Does not apply | M10: =IF(L10="Yes",1,0) -> 0 | N10: No | O10: =IF(N10="Yes",1,0) -> 0 | P10: No RAM for 2017
A11: 2018 | C11: Juvenile justice | D11: 60 newly-appointed judges and 20 prosecutors gained acumen in child justice and child psychology. To ensure training institutions of law enforcement agencies have in-house capacity to carry out training on justice for children, 10 judges, 10 police officers and five prosecutors were trained as master trainers. | E11: COAR 2018 | F11: UNICEF | G11: =IF(F11="UNICEF",1,0) -> 1 | H11: Quant | I11: =IF(H11="Quant",1,0) -> 1 | J11: No | K11: =IF(J11="Yes",1,0) -> 0 | L11: No | M11: =IF(L11="Yes",1,0) -> 0 | N11: No | O11: =IF(N11="Yes",1,0) -> 0 | Q11: UNICEF Tajikistan supported the Supreme Court Training Centre, the General Prosecutor’s Training Institute and the Ministry of Internal Affairs to strengthen capacity and increase the number of professionals equipped with the knowledge and skills to deliver child-friendly justice to children.
A12: 2018 | C12: Juvenile justice | D12: 106 children (18 girls and 88 boys) in conflict with the law or with behavioural difficulties benefitted from rehabilitation services in five districts of Sughd region. | E12: COAR 2018 | F12: UNICEF | G12: =IF(F12="UNICEF",1,0) -> 1 | H12: Quant | I12: =IF(H12="Quant",1,0) -> 1 | J12: Yes | K12: =IF(J12="Yes",1,0) -> 1 | L12: No | M12: =IF(L12="Yes",1,0) -> 0 | N12: Yes | O12: =IF(N12="Yes",1,0) -> 1 | P12: Yes | Q12: UNICEF Tajikistan supported: case workers, who made a total of 289 household visits to monitor the effective rehabilitation of these children; 20 para-social workers in centres for additional education; and two child-rights units officers in learning better case management
C13: Juvenile justice | D13: Number of children in contact with the law provided with protection services including free legal aid: 106 in 2018 | E13: RAM 2018 | F13: UNICEF | G13: =IF(F13="UNICEF",1,0) -> 1 | H13: Quant | I13: =IF(H13="Quant",1,0) -> 1 | J13: No | K13: =IF(J13="Yes",1,0) -> 0 | L13: No | M13: =IF(L13="Yes",1,0) -> 0 | N13: No | O13: =IF(N13="Yes",1,0) -> 0 | P13: Yes | Q13: Target is 200 by 2020
A14: 2018 | C14: Alternative Care | D14: Number of children 0-17 yrs living in residential care: 10,061 in 2016 | E14: RAM 2018 | F14: UNICEF | G14: =IF(F14="UNICEF",1,0) -> 1 | H14: Quant | I14: =IF(H14="Quant",1,0) -> 1 | J14: No | K14: =IF(J14="Yes",1,0) -> 0 | L14: No | M14: =IF(L14="Yes",1,0) -> 0 | N14: No | O14: =IF(N14="Yes",1,0) -> 0 | P14: Yes | Q14: Target is 9,500 in 2019
C15: Alternative Care | D15: Percent distribution of children in formal care by type of care : 84% in residential care, 16% in family-type care (in 2013) | E15: RAM 2018 | F15: UNICEF | G15: =IF(F15="UNICEF",1,0) -> 1 | H15: Quant | I15: =IF(H15="Quant",1,0) -> 1 | J15: No | K15: =IF(J15="Yes",1,0) -> 0 | L15: No | M15: =IF(L15="Yes",1,0) -> 0 | N15: No | O15: =IF(N15="Yes",1,0) -> 0 | P15: Yes | Q15: Target is 77% and 33% by 2020
C16: Alternative Care | D16: Number of Children with Disabilities in residential care : 2,493 in 2013 | E16: RAM 2018 | F16: UNICEF | G16: =IF(F16="UNICEF",1,0) -> 1 | H16: Quant | I16: =IF(H16="Quant",1,0) -> 1 | J16: Yes | K16: =IF(J16="Yes",1,0) -> 1 | L16: No | M16: =IF(L16="Yes",1,0) -> 0 | N16: No | O16: =IF(N16="Yes",1,0) -> 0 | P16: Yes | Q16: target is 1,653 by 2020
C17: Alternative Care | D17: number of children under 4 years old receiving family alternative care: 8 in 2013 | E17: RAM 2018 | F17: UNICEF | G17: =IF(F17="UNICEF",1,0) -> 1 | H17: Quant | I17: =IF(H17="Quant",1,0) -> 1 | J17: Yes | K17: =IF(J17="Yes",1,0) -> 1 | L17: Yes | M17: =IF(L17="Yes",1,0) -> 1 | N17: No | O17: =IF(N17="Yes",1,0) -> 0 | P17: Yes | Q17: Target is 70 by 2020
C18: Alternative Care | D18: Number of children in conflict with the law diverted to alternative community based support during the year: 99 in 2013 | E18: RAM 2018 | F18: UNICEF | G18: =IF(F18="UNICEF",1,0) -> 1 | H18: Quant | I18: =IF(H18="Quant",1,0) -> 1 | J18: No | K18: =IF(J18="Yes",1,0) -> 0 | L18: No | M18: =IF(L18="Yes",1,0) -> 0 | N18: No | O18: =IF(N18="Yes",1,0) -> 0 | P18: Yes | Q18: Target is 200 by 2020
C19: Alternative Care | D19: Percentage of children affected by emergencies who receive social and child protection support : 50% in 2015 | E19: RAM 2018 | F19: UNICEF | G19: =IF(F19="UNICEF",1,0) -> 1 | H19: Quant | I19: =IF(H19="Quant",1,0) -> 1 | J19: Yes | K19: =IF(J19="Yes",1,0) -> 1 | L19: No | M19: =IF(L19="Yes",1,0) -> 0 | N19: No | O19: =IF(N19="Yes",1,0) -> 0 | P19: Yes | Q19: Target is >60% by 2020
A20: 2018 | C20: Alternative Care | D20: With UNICEF Tajikistan technical guidance and funding, the Ombudsman for Child Rights team monitored child rights in 11 residential child care institutions, including boarding schools and institutions for children with disabilities, as well as secondary schools located in various parts of the country servicing 3,188 children. | E20: COAR 2018 | F20: UNICEF | G20: =IF(F20="UNICEF",1,0) -> 1 | H20: Qual | I20: =IF(H20="Quant",1,0) -> 0 | J20: No | K20: =IF(J20="Yes",1,0) -> 0 | L20: No | M20: =IF(L20="Yes",1,0) -> 0 | N20: No | O20: =IF(N20="Yes",1,0) -> 0
C21: Children with Disabilities | D21: Number of Children with disabilities receiving community based care service during the year: 1,999 in 2017 | E21: RAM 2018 | F21: UNICEF | G21: =IF(F21="UNICEF",1,0) -> 1 | H21: Quant | I21: =IF(H21="Quant",1,0) -> 1 | J21: No | K21: =IF(J21="Yes",1,0) -> 0 | L21: No | M21: =IF(L21="Yes",1,0) -> 0 | N21: No | O21: =IF(N21="Yes",1,0) -> 0 | P21: Yes | Q21: Target is 1,000 by 2020
C22: Children with Disabilities | D22: Number of children with disabilities recieving social pensions (UNDAF indicator) : 25,129 in 2017 | E22: RAM 2018 | F22: UNICEF | G22: =IF(F22="UNICEF",1,0) -> 1 | H22: Quant | I22: =IF(H22="Quant",1,0) -> 1 | J22: No | K22: =IF(J22="Yes",1,0) -> 0 | L22: No | M22: =IF(L22="Yes",1,0) -> 0 | N22: No | O22: =IF(N22="Yes",1,0) -> 0 | P22: Yes | Q22: Target is 35,000 by 2020
C23: Children with Disabilities | D23: Percentage of planned state budget expenditure on social protection : 15.7% in 2017 | E23: RAM 2018 | F23: UNICEF | G23: =IF(F23="UNICEF",1,0) -> 1 | H23: Qual | I23: =IF(H23="Quant",1,0) -> 0 | J23: No | K23: =IF(J23="Yes",1,0) -> 0 | L23: No | M23: =IF(L23="Yes",1,0) -> 0 | N23: No | O23: =IF(N23="Yes",1,0) -> 0 | P23: Yes | Q23: Target is 22% by 2020
A24: 2018 | C24: Children with Disabilities | D24: In 10 jamoats of Rasht district, 121 children with disabilities (62 girls/59 boys) received community-based rehabilitation assistance. Of the children, four girls and three boys were enrolled in school with UNICEF support. | E24: COAR 2018 | F24: UNICEF | G24: =IF(F24="UNICEF",1,0) -> 1 | H24: Quant | I24: =IF(H24="Quant",1,0) -> 1 | J24: Yes | K24: =IF(J24="Yes",1,0) -> 1 | L24: No | M24: =IF(L24="Yes",1,0) -> 0 | N24: Yes | O24: =IF(N24="Yes",1,0) -> 1
A25: 2018 | C25: Refugee Children | D25: UNICEF assisted 13 child returnees (nine girls), six from Iraq and seven from Turkey. | E25: COAR 2018 | F25: UNICEF | G25: =IF(F25="UNICEF",1,0) -> 1 | H25: Quant | I25: =IF(H25="Quant",1,0) -> 1 | J25: Yes | K25: =IF(J25="Yes",1,0) -> 1 | L25: No | M25: =IF(L25="Yes",1,0) -> 0 | N25: No | O25: =IF(N25="Yes",1,0) -> 0 | Q25: The parents of the latter children had attempted to cross the Turkey and Syria border and were deported to Tajikistan where some received long-term prison sentences. The children received medical check-ups, home tutoring, enrolment in pre-primary and primary school, one-time cash assistance for each child, advice and assistance in accessing birth certificates.
A26: 2019 | C26: Alternative care | D26: Two of four Baby Homes already converted into FCSCs which provided new type of services for 465 children, where 291 children under four evaded placement in residential care. | E26: COAR 2019 | F26: UNICEF | G26: =IF(F26="UNICEF",1,0) -> 1 | H26: Quant | I26: =IF(H26="Quant",1,0) -> 1 | J26: Does not apply | K26: =IF(J26="Yes",1,0) -> 0 | L26: Does not apply | M26: =IF(L26="Yes",1,0) -> 0 | N26: No | O26: =IF(N26="Yes",1,0) -> 0
C27: Alternative care | D27: 8818 children 0-17 years are living in residential care | E27: RAM 2019 | F27: UNICEF | G27: =IF(F27="UNICEF",1,0) -> 1 | H27: Quant | I27: =IF(H27="Quant",1,0) -> 1 | J27: No | K27: =IF(J27="Yes",1,0) -> 0 | L27: No | M27: =IF(L27="Yes",1,0) -> 0 | N27: No | O27: =IF(N27="Yes",1,0) -> 0 | P27: Yes | Q27: Target is 9.500. Target reached as numbers decreased from 10,061 in 2016 to 8818 in 2019
C28: Alternative care | D28: 3,110 CWD are living in residential care | E28: RAM 2019 | F28: UNICEF | G28: =IF(F28="UNICEF",1,0) -> 1 | H28: Quant | I28: =IF(H28="Quant",1,0) -> 1 | J28: No | K28: =IF(J28="Yes",1,0) -> 0 | L28: No | M28: =IF(L28="Yes",1,0) -> 0 | N28: No | O28: =IF(N28="Yes",1,0) -> 0 | P28: Yes | Q28: Target for 2020 is 1,653
A29: 2019 | C29: Alternative care | D29: In 2019, the number of children in residential childcare decreased by 13 per cent and number of children in family care (including guardianship, foster care and adoption) remained stable | E29: COAR 2019 | F29: UNICEF | G29: =IF(F29="UNICEF",1,0) -> 1 | H29: Quant | I29: =IF(H29="Quant",1,0) -> 1 | J29: No | K29: =IF(J29="Yes",1,0) -> 0 | L29: No | M29: =IF(L29="Yes",1,0) -> 0 | N29: No | O29: =IF(N29="Yes",1,0) -> 0 | P29: Yes
C30: Children with disabilities | D30: 1,999 children with disabilities received community based care services in 2019 | E30: RAM 2019 | F30: UNICEF | G30: =IF(F30="UNICEF",1,0) -> 1 | H30: Quant | I30: =IF(H30="Quant",1,0) -> 1 | J30: No | K30: =IF(J30="Yes",1,0) -> 0 | L30: No | M30: =IF(L30="Yes",1,0) -> 0 | N30: No | O30: =IF(N30="Yes",1,0) -> 0 | P30: Yes
C31: Children with disabilities | D31: 7,000 local officials and community members including youth, adolescents, men and women with/without disabilities were sensitised on social inclusion, with focus on children and women with disabilities | E31: RAM 2019 | F31: UNICEF | G31: =IF(F31="UNICEF",1,0) -> 1 | H31: Quant | I31: =IF(H31="Quant",1,0) -> 1 | J31: No | K31: =IF(J31="Yes",1,0) -> 0 | L31: No | M31: =IF(L31="Yes",1,0) -> 0 | N31: No | O31: =IF(N31="Yes",1,0) -> 0 | P31: Yes
C32: Children with disabilities | D32: Community-based rehabilitation model piloted in Rasht district benefitted over 100 children with disabilities. | E32: RAM 2019 | F32: UNICEF | G32: =IF(F32="UNICEF",1,0) -> 1 | H32: Quant | I32: =IF(H32="Quant",1,0) -> 1 | J32: No | K32: =IF(J32="Yes",1,0) -> 0 | L32: No | M32: =IF(L32="Yes",1,0) -> 0 | N32: yes | O32: =IF(N32="Yes",1,0) -> 1 | P32: Yes
C33: Violence against children | D33: 16.4% of parents consider physical punishment of their children acceptable under given circumstances | E33: RAM 2019 | F33: UNICEF | G33: 1 | H33: Quant | I33: =IF(H33="Quant",1,0) -> 1 | J33: No | K33: =IF(J33="Yes",1,0) -> 0 | L33: No | M33: =IF(L33="Yes",1,0) -> 0 | N33: No | O33: =IF(N33="Yes",1,0) -> 0 | P33: Yes
C34: Child protection | D34: 143 children in conflict with the law were diverted to alternative community based support during the year | E34: RAM 2019 | F34: UNICEF | G34: =IF(F34="UNICEF",1,0) -> 1 | H34: Quant | I34: =IF(H34="Quant",1,0) -> 1 | J34: No | K34: =IF(J34="Yes",1,0) -> 0 | L34: No | M34: =IF(L34="Yes",1,0) -> 0 | N34: No | O34: =IF(N34="Yes",1,0) -> 0 | P34: Yes
A35: 2019 | C35: Child protection | D35: Over 439 vulnerable children (201 girls and 238 boys) were identified through Referral and Response Mechanism (LRRM) piloted in two cities. Around 180 cases of children and families were discussed during monthly LRRM meetings and children were referred to relevant services. | E35: COAR 2019 | F35: UNICEF | G35: =IF(F35="UNICEF",1,0) -> 1 | H35: Quant | I35: =IF(H35="Quant",1,0) -> 1 | J35: Yes | K35: =IF(J35="Yes",1,0) -> 1 | L35: No | M35: =IF(L35="Yes",1,0) -> 0 | N35: Yes | O35: =IF(N35="Yes",1,0) -> 1 | P35: Yes | Q35: Fully-functional LRRM contributed to increased coverage of vulnerable children to address their individual needs - from four per cent in 2018 to 103.5 per cent (528 children) in targeted districts in 2019. The piloting districts were the localities of Kulob and Levakant.
C36: Birth registration | D36: 109 children were referred through the LRRM to the civil registry office to obtain birth certificates | E36: RAM 2019 | F36: UNICEF | G36: =IF(F36="UNICEF",1,0) -> 1 | H36: Quant | I36: =IF(H36="Quant",1,0) -> 1 | J36: No | K36: =IF(J36="Yes",1,0) -> 0 | L36: No | M36: =IF(L36="Yes",1,0) -> 0 | N36: Yes | O36: =IF(N36="Yes",1,0) -> 1 | P36: Yes
C37: Social protection | D37: 34 children received support through the LRRM to get access to social benefits/allowances and alimony. | E37: RAM 2019 | F37: UNICEF | G37: =IF(F37="UNICEF",1,0) -> 1 | H37: Quant | I37: =IF(H37="Quant",1,0) -> 1 | J37: No | K37: =IF(J37="Yes",1,0) -> 0 | L37: No | M37: =IF(L37="Yes",1,0) -> 0 | N37: Yes | O37: =IF(N37="Yes",1,0) -> 1 | P37: Yes
C38: Birth registration | D38: Over 2,400 children obtained birth certificates which is only about 5% of the estimated number of children that may be at risk of statelessness or with undetermined nationality who require further support | E38: RAM 2019 | F38: UNICEF | G38: =IF(F38="UNICEF",1,0) -> 1 | H38: Quant | I38: =IF(H38="Quant",1,0) -> 1 | J38: No | K38: =IF(J38="Yes",1,0) -> 0 | L38: No | M38: =IF(L38="Yes",1,0) -> 0 | N38: No | O38: =IF(N38="Yes",1,0) -> 0 | P38: Yes
C39: Social protection | D39: UNICEF supported MOHSPP to transform Social Assistance at Home Unit (SAHUs) into the Centres for Social Services Provision (CSSP) with a series of capacity building sessions for 92 para-social workers, school teachers, nurses and other local-level duty bearers in 6 districts | E39: RAM 2019 | F39: UNICEF | G39: =IF(F39="UNICEF",1,0) -> 1 | H39: Quant | I39: =IF(H39="Quant",1,0) -> 1 | J39: Does not apply | K39: =IF(J39="Yes",1,0) -> 0 | L39: Does not apply | M39: =IF(L39="Yes",1,0) -> 0 | N39: Yes | O39: =IF(N39="Yes",1,0) -> 1 | P39: Yes
C40: Social protection | D40: 90 community workers, school teachers, para-social workers, nurses and caregivers were equipped with better understanding of child development and tools for positive parenting. | E40: RAM 2019 | F40: UNICEF | G40: =IF(F40="UNICEF",1,0) -> 1 | H40: Quant | I40: =IF(H40="Quant",1,0) -> 1 | J40: No | K40: =IF(J40="Yes",1,0) -> 0 | L40: Does not apply | M40: =IF(L40="Yes",1,0) -> 0 | N40: No | O40: =IF(N40="Yes",1,0) -> 0 | P40: Yes
C41: Migration | D41: UNICEF supported over 3,500 children affected by migration to access social welfare services in 14 districts | E41: RAM 2019 | F41: UNICEF | G41: =IF(F41="UNICEF",1,0) -> 1 | H41: Quant | I41: =IF(H41="Quant",1,0) -> 1 | J41: No | K41: =IF(J41="Yes",1,0) -> 0 | L41: No | M41: =IF(L41="Yes",1,0) -> 0 | N41: Yes | O41: =IF(N41="Yes",1,0) -> 1 | P41: Yes
C42: Juvenile Justice | D42: 115 justice professionals and law enforcement officials were trained on J4C | E42: RAM 2019 | F42: UNICEF | G42: =IF(F42="UNICEF",1,0) -> 1 | H42: Quant | I42: =IF(H42="Quant",1,0) -> 1 | J42: No | K42: =IF(J42="Yes",1,0) -> 0 | L42: Does not apply | M42: =IF(L42="Yes",1,0) -> 0 | N42: No | O42: =IF(N42="Yes",1,0) -> 0 | P42: Yes
C43: Juvenile Justice | D43: To increase the number of professionals equipped to deliver child-friendly justice, 60 newly appointed judges gained knowledge and skills on justice for children and child psychology. 10 judges, 10 police officers and 10 defence lawyers qualified as Master Trainers. | E43: RAM 2019 | F43: UNICEF | G43: =IF(F43="UNICEF",1,0) -> 1 | H43: Quant | I43: =IF(H43="Quant",1,0) -> 1 | J43: No | K43: =IF(J43="Yes",1,0) -> 0 | L43: Does not apply | M43: =IF(L43="Yes",1,0) -> 0 | N43: No | O43: =IF(N43="Yes",1,0) -> 0 | P43: Yes
C44: Juvenile Justice | D44: Out of 37 cases of offences committed by children and handled by trained judges, 2 cases were charged with deprivation of liberty, the rest - with alternatives to detention measures. 41 cases involving child witnesses and 27 child victims were handled in a child-friendly manner in Sughd only. | E44: RAM 2019 | F44: UNICEF | G44: =IF(F44="UNICEF",1,0) -> 1 | H44: Quant | I44: =IF(H44="Quant",1,0) -> 1 | J44: No | K44: =IF(J44="Yes",1,0) -> 0 | L44: No | M44: =IF(L44="Yes",1,0) -> 0 | N44: Yes | O44: =IF(N44="Yes",1,0) -> 1 | P44: Yes | Q44: Data at the country level is very limited: 70 children treated in child-friendly manner: children were treated without psychological pressure of being in the court-room whereas children victims and witnesses felt safer without meeting perpetrator during the proceeding and avoiding revictimization.
C45: Juvenile Justice | D45: 46 cases of children in conflict with the law, 9 cases of child victims handled by the Child rights units (CRU). 84 children in conflict with the law or with behavioural difficulties benefitted from rehabilitation services | E45: RAM 2019 | F45: UNICEF | G45: =IF(F45="UNICEF",1,0) -> 1 | H45: Quant | I45: =IF(H45="Quant",1,0) -> 1 | J45: No | K45: =IF(J45="Yes",1,0) -> 0 | L45: No | M45: =IF(L45="Yes",1,0) -> 0 | N45: No | O45: =IF(N45="Yes",1,0) -> 0 | P45: Yes
C46: Juvenile Justice | D46: 84 children were diverted from criminal and administrative justice | E46: RAM 2019 | F46: UNICEF | G46: =IF(F46="UNICEF",1,0) -> 1 | H46: Quant | I46: =IF(H46="Quant",1,0) -> 1 | J46: No | K46: =IF(J46="Yes",1,0) -> 0 | L46: No | M46: =IF(L46="Yes",1,0) -> 0 | N46: No | O46: =IF(N46="Yes",1,0) -> 0 | P46: Yes
C47: Positive parenting | D47: “Stepping Stones” workshops for 90 target families (347 family members) and 90 children in six pilot communities (Jamoats) of B. Gafurov and Rudaky districts and Penjikent city were conducted. | E47: RAM 2019 | F47: UNICEF | G47: =IF(F47="UNICEF",1,0) -> 1 | H47: Quant | I47: =IF(H47="Quant",1,0) -> 1 | J47: No | K47: =IF(J47="Yes",1,0) -> 0 | L47: No | M47: =IF(L47="Yes",1,0) -> 0 | N47: Yes | O47: =IF(N47="Yes",1,0) -> 1 | P47: Yes | Q47: Stepping Stones workshops help selected families to establish safe relationships among all members, as a way of preventing violence against children. Changes in adults’ behavior towards VAC after participation in a series of workshops on Positive Parenting
A48: 2019 | C48: Prevention and response services for violence against children | D48: Core prevention and response interventions addressing violence against children through UNICEF-supported programmes: number of mothers, fathers and caregivers reached through parenting programmes | E48: SMQ 2019 Protection from Violence and Exploitation | F48: UNICEF | G48: =IF(F48="UNICEF",1,0) -> 1 | H48: Quant | I48: =IF(H48="Quant",1,0) -> 1 | J48: No | K48: =IF(J48="Yes",1,0) -> 0 | L48: No | M48: =IF(L48="Yes",1,0) -> 0 | N48: No | O48: =IF(N48="Yes",1,0) -> 0 | Q48: Total number of the parents and caregivers reached through positive parenting interventions: 1994. Mothers, fathers and caregivers of children under 5: 1557 - no disaggregation is available
A49: 2019 | C49: Prevention and response services for violence against children | D49: Core prevention and response interventions addressing violence against children through UNICEF-supported programmes: number of girls and boys who have experienced violence reached by UNICEF-suported health, social work or justice/law enforcement services | E49: SMQ 2019 Protection from Violence and Exploitation | F49: UNICEF | G49: =IF(F49="UNICEF",1,0) -> 1 | H49: Qual | I49: =IF(H49="Quant",1,0) -> 0 | J49: No | K49: =IF(J49="Yes",1,0) -> 0 | L49: No | M49: =IF(L49="Yes",1,0) -> 0 | N49: No | O49: =IF(N49="Yes",1,0) -> 0 | Q49: Total 27 victims handled by the capacitated judges only in Northern part of Tajikistan (Soghd region). The total number of victims who faced formal justice procedures in Soghd region is 32. By the amendments introduced to the Law On Order and Conditions of Custody every year up to 700 children who fall into pre-trial detention will be protected from risk of abuse from adult detainees, approx. 40 children p.a sent to boys colony won't be in solitary confinement while serving sentence. No age breakdown available
A50: 2019 | C50: Prevention and response services for violence against children | D50: Number of children reached by UNICEF supported social work/social services | E50: SMQ 2019 Protection from Violence and Exploitation | F50: UNICEF | G50: =IF(F50="UNICEF",1,0) -> 1 | H50: Quant | I50: =IF(H50="Quant",1,0) -> 1 | J50: Yes | K50: =IF(J50="Yes",1,0) -> 1 | L50: No | M50: =IF(L50="Yes",1,0) -> 0 | N50: No | O50: =IF(N50="Yes",1,0) -> 0 | Q50: 84 (13 girls and 71 boys). Children that were diverted to Juvenile Support Services in Northern part of Tajikistan. 429 affected by migration (214 girls) recfeived individual services.
A51: 2019 | C51: Prevention and response services for violence against children | D51: Number of children reached by UNICEF supported justice/law enforcement services | E51: SMQ 2019 Protection from Violence and Exploitation | F51: UNICEF | G51: =IF(F51="UNICEF",1,0) -> 1 | H51: Quant | I51: =IF(H51="Quant",1,0) -> 1 | J51: No | K51: =IF(J51="Yes",1,0) -> 0 | L51: No | M51: =IF(L51="Yes",1,0) -> 0 | N51: No | O51: =IF(N51="Yes",1,0) -> 0 | Q51: 175 children were handled by trained judges in 7 technically equipped child friendly courtrooms (across the country), protecting child victims and witnesses from contact with prepetrators.
A52: 2019 | C52: Prevention and response services for violence against children | D52: Data availability on number of girls and boys reported as victims of violence to child welfare services during a 12-month period | E52: SMQ 2019 Protection from Violence and Exploitation | F52: UNICEF | G52: =IF(F52="UNICEF",1,0) -> 1 | H52: Qual | I52: =IF(H52="Quant",1,0) -> 0 | J52: No | K52: =IF(J52="Yes",1,0) -> 0 | L52: No | M52: =IF(L52="Yes",1,0) -> 0 | N52: No | O52: =IF(N52="Yes",1,0) -> 0 | Q52: Disaggregation is available only by Type of violence
A53: 2019 | C53: Prevention and response services for violence against children | D53: Data availability on number of cases of violence against girls and boys aged 0-17 years reported to police during a 12-month period | E53: SMQ 2019 Protection from Violence and Exploitation | F53: UNICEF | G53: =IF(F53="UNICEF",1,0) -> 1 | H53: Qual | I53: =IF(H53="Quant",1,0) -> 0 | J53: No | K53: =IF(J53="Yes",1,0) -> 0 | L53: No | M53: =IF(L53="Yes",1,0) -> 0 | N53: No | O53: =IF(N53="Yes",1,0) -> 0 | Q53: Data tracked and reported at national level but disaggregation is available only by Type of violence
A54: 2019 | C54: Prevention and response services for violence against children | D54: Data availability on number of criminal convictions of violence against girls and boys aged 0-17 during a 12-month period | E54: SMQ 2019 Protection from Violence and Exploitation | F54: UNICEF | G54: =IF(F54="UNICEF",1,0) -> 1 | H54: Qual | I54: =IF(H54="Quant",1,0) -> 0 | J54: No | K54: =IF(J54="Yes",1,0) -> 0 | L54: No | M54: =IF(L54="Yes",1,0) -> 0 | N54: No | O54: =IF(N54="Yes",1,0) -> 0 | Q54: Data tracked and reported at national level but disaggregation is available only by Type of violence
A55: 2019 | C55: Prevention and response services for violence against children | D55: Quality assurance system in place for social services work | E55: SMQ 2019 Protection from Violence and Exploitation | F55: UNICEF | G55: =IF(F55="UNICEF",1,0) -> 1 | H55: Qual | I55: =IF(H55="Quant",1,0) -> 0 | J55: does not apply to indicator | K55: =IF(J55="Yes",1,0) -> 0 | L55: does not apply to indicator | M55: =IF(L55="Yes",1,0) -> 0 | N55: does not apply to indicator | O55: =IF(N55="Yes",1,0) -> 0 | Q55: The country has 2 normative documents defining functions (roles and responsiblities, work procedures/SOPs) for social service workers at the national level, this framework is finalised and in use. The country has no formal system of supervision and support to the social service workforce but a system has been developed and is in the late draft stage, however implementation has not yet started. The country has no system for licensing or accreditation of social work. in 2017 MOHSP endoreced a Regulation to validate the qualifications and competencies of the staff working in the social protection sector. The regulation foresees the introduction of three levels or categories of social workers (with the higher, first and second categories). Based on the education background, working experience and results of the validation, social workers can be promoted to another level.
A56: 2019 | C56: Prevention and response services for violence against children | D56: Number of social services workers in the country | E56: SMQ 2019 Protection from Violence and Exploitation | F56: UNICEF | G56: =IF(F56="UNICEF",1,0) -> 1 | H56: Quant | I56: =IF(H56="Quant",1,0) -> 1 | J56: No | K56: =IF(J56="Yes",1,0) -> 0 | L56: No | M56: =IF(L56="Yes",1,0) -> 0 | N56: No | O56: =IF(N56="Yes",1,0) -> 0 | Q56: 1,973 staff is engaged in social services provision, from them 1, 276 are social workers.
A57: 2019 | C57: Prevention and response services for violence against children | D57: Number of social services workers certified to provide child protection services based on the most recent data available | E57: SMQ 2019 Protection from Violence and Exploitation | F57: UNICEF | G57: =IF(F57="UNICEF",1,0) -> 1 | H57: Quant | I57: =IF(H57="Quant",1,0) -> 1 | J57: No | K57: =IF(J57="Yes",1,0) -> 0 | L57: No | M57: =IF(L57="Yes",1,0) -> 0 | N57: No | O57: =IF(N57="Yes",1,0) -> 0 | Q57: 68 Child Rights Units Officers (officially called Guardianship Secretaries) have the mandate on child protection service provision, but they are not qualified social workers. There is no certification system for social services workers to provide child protection services.
A58: 2019 | C58: Prevention and response services for violence against children | D58: Legislative and policy framework to eliminate the worst forms of child labour | E58: SMQ 2019 Protection from Violence and Exploitation | F58: UNICEF | G58: =IF(F58="UNICEF",1,0) -> 1 | H58: Qual | I58: =IF(H58="Quant",1,0) -> 0 | J58: does not apply to indicator | K58: =IF(J58="Yes",1,0) -> 0 | L58: does not apply to indicator | M58: =IF(L58="Yes",1,0) -> 0 | N58: does not apply to indicator | O58: =IF(N58="Yes",1,0) -> 0 | Q58: i) The country has ratified the CRC ii) The country has ratified ILO C138 without any reservations, e.g. for agricultural work iii) The country has ratified ILO C182 without any reservations, e.g. for agricultural work iv) The country's legal minimum age for employment is compliant with minimum age standards (ILO C138). v) The national legislation explicitly prohibits slavery and forced labour, trafficking of children and sexual exploitation vi) The national legislation explicitly prohibits hazardous work for children and young workers vii) The country has targeted government programmes, including National Action Plans, to prevent the worst forms of child labour
A59: 2019 | C59: Prevention and response services for violence against children | D59: Inter-operable information management system supports and tracks case management, incident monitoring and programme monitoring. | E59: SMQ 2019 Protection from Violence and Exploitation | F59: UNICEF | G59: =IF(F59="UNICEF",1,0) -> 1 | H59: Qual | I59: =IF(H59="Quant",1,0) -> 0 | J59: does not apply to indicator | K59: =IF(J59="Yes",1,0) -> 0 | L59: does not apply to indicator | M59: =IF(L59="Yes",1,0) -> 0 | N59: does not apply to indicator | O59: =IF(N59="Yes",1,0) -> 0
A60: 2019 | C60: Prevention and response services for violence against children | D60: Number of unaccompanied and seperated children in humanitarian situation supported by CO during this reporting year | E60: SMQ 2019 Protection from Violence and Exploitation | F60: UNICEF | G60: =IF(F60="UNICEF",1,0) -> 1 | H60: Quant | I60: =IF(H60="Quant",1,0) -> 1 | J60: No | K60: =IF(J60="Yes",1,0) -> 0 | L60: No | M60: =IF(L60="Yes",1,0) -> 0 | N60: No | O60: =IF(N60="Yes",1,0) -> 0 | Q60: UNICEF provided support to 19 children repatriated from war affected areas. UNICEF supported all these children to be reintegrated with their extended families.
A61: 2019 | C61: Prevention and response services for violence against children | D61: Of the unaccompanied children registered with UNICEF support during the reporting year, (a) how many were provided with alternative care services and (b) how many were reunified with their primarycaregiver? | E61: SMQ 2019 Protection from Violence and Exploitation | F61: UNICEF | G61: =IF(F61="UNICEF",1,0) -> 1 | H61: Quant | I61: =IF(H61="Quant",1,0) -> 1 | J61: Yes | K61: =IF(J61="Yes",1,0) -> 1 | L61: Yes | M61: =IF(L61="Yes",1,0) -> 1 | N61: No | O61: =IF(N61="Yes",1,0) -> 0 | Q61: 6 boys and 13 girls where reunified with their families as a result of UNICEF support. 8 were under 5 years, 6 were between 5 and 9, 4 were between 10-14 years and one was between 15-17 years.
A62: 2019 | C62: Prevention and response services for violence against children | D62: Number of children on the move who receive protective services through UNICEF supported programmes | E62: SMQ 2019 Protection from Violence and Exploitation | F62: UNICEF | G62: =IF(F62="UNICEF",1,0) -> 1 | H62: Quant | I62: =IF(H62="Quant",1,0) -> 1 | J62: No | K62: =IF(J62="Yes",1,0) -> 0 | L62: No | M62: =IF(L62="Yes",1,0) -> 0 | N62: No | O62: =IF(N62="Yes",1,0) -> 0 | Q62: The CO is implementing an EU-funded project on children left behind since July 2018. 3244 children received protective services through UNICEF-supported programmes during the year of reporting such as mental health, psychosocial services, legal aid, children were supported to receive birth certificates, support provided to apply for alimony, social allowances, enroll to school, establish paternity. No breakdown data is available. So CO states that total of 3,673 children left behind received services (from them 3,244 children received legal aid and 429 received reintegration services).
A63: 2019 | C63: Access to justice | D63: Percentage of girls and boys that are in contact with the justice and administrative bodies who benefit from interventions to improve children's access to justice, such as specialized legal aid for children | E63: SMQ 2019 Protection from Violence and Exploitation | F63: UNICEF | G63: =IF(F63="UNICEF",1,0) -> 1 | H63: Quant | I63: =IF(H63="Quant",1,0) -> 1 | J63: No | K63: =IF(J63="Yes",1,0) -> 0 | L63: No | M63: =IF(L63="Yes",1,0) -> 0 | N63: No | O63: =IF(N63="Yes",1,0) -> 0 | Q63: Data available for 2018 and 2019
A64: 2019 | C64: Access to justice | D64: Percentage of girls and boys that are in contact with the justice and administrative bodies who are subject to diversion order or alternative measure as opposed to a custodial sentence through UNICEF-supported programmes | E64: SMQ 2019 Protection from Violence and Exploitation | F64: UNICEF | G64: =IF(F64="UNICEF",1,0) -> 1 | H64: Quant | I64: =IF(H64="Quant",1,0) -> 1 | J64: No | K64: =IF(J64="Yes",1,0) -> 0 | L64: No | M64: =IF(L64="Yes",1,0) -> 0 | N64: No | O64: =IF(N64="Yes",1,0) -> 0 | Q64: Data available for 2018 and 2019
A65: 2019 | C65: Access to justice | D65: Specialized justice for children systems, such as capacity-building and standards-setting within criminal and civil justice systems | E65: SMQ 2019 Protection from Violence and Exploitation | F65: UNICEF | G65: =IF(F65="UNICEF",1,0) -> 1 | H65: Qual | I65: =IF(H65="Quant",1,0) -> 0 | J65: does not apply to indicator | K65: =IF(J65="Yes",1,0) -> 0 | L65: does not apply to indicator | M65: =IF(L65="Yes",1,0) -> 0 | N65: does not apply to indicator | O65: =IF(N65="Yes",1,0) -> 0 | Q65: UNICEF supports a capacity building of judges, prosecutors, police officers. 3 training modules have been updated for prosecutors, judges and defense lawyers. 7 child friendly courtrooms have been set up in biggest cities. Rooms are equipped with CCTV, cameras and microphones and special rooms for interviewing children, victims and witness rooms that are connected to courts via CCTV.
A66: 2019 | C66: Access to justice | D66: Justice professionals certified in and dealing with child offenders | E66: SMQ 2019 Protection from Violence and Exploitation | F66: UNICEF | G66: =IF(F66="UNICEF",1,0) -> 1 | H66: Qual | I66: =IF(H66="Quant",1,0) -> 0 | J66: does not apply to indicator | K66: =IF(J66="Yes",1,0) -> 0 | L66: does not apply to indicator | M66: =IF(L66="Yes",1,0) -> 0 | N66: does not apply to indicator | O66: =IF(N66="Yes",1,0) -> 0 | Q66: Justice professionals attend capacity building interventions available at respective capacity building institutes/centers. Since 2015, Unicef capacitated 495 judges, police officers, prosecutors and defense lawyers. In 2019, 60 newly-appointed judges gained knowledge & skills on J4C & child psychology. To ensure law enforcement institutions have in-house capacity to run J4C training in sustainable manner, 10 judges, 10 police officers & 10 defence lawyers qualified as Master Trainers.
A67: 2019 | C67: Access to justice | D67: Alternative care policies in line with 2009 Guidelines for the Alternative Care of Children | E67: SMQ 2019 Protection from Violence and Exploitation | F67: UNICEF | G67: =IF(F67="UNICEF",1,0) -> 1 | H67: Qual | I67: =IF(H67="Quant",1,0) -> 0 | J67: does not apply to indicator | K67: =IF(J67="Yes",1,0) -> 0 | L67: does not apply to indicator | M67: =IF(L67="Yes",1,0) -> 0 | N67: does not apply to indicator | O67: =IF(N67="Yes",1,0) -> 0 | Q67: The country has guardianship system and now in the process of placement children under the foster care. Adoption is also widely used in the country to place children.
A68: 2019 | C68: Access to justice | D68: Free and Universal Birth registration Service within civil registration system, in accordance with national legal requirements | E68: SMQ 2019 Protection from Violence and Exploitation | F68: UNICEF | G68: =IF(F68="UNICEF",1,0) -> 1 | H68: Qual | I68: =IF(H68="Quant",1,0) -> 0 | J68: does not apply to indicator | K68: =IF(J68="Yes",1,0) -> 0 | L68: does not apply to indicator | M68: =IF(L68="Yes",1,0) -> 0 | N68: does not apply to indicator | O68: =IF(N68="Yes",1,0) -> 0 | Q68: There is a universal birth registration service in the country. Based on amendments to the law On Civil Registry registration of birth within three months of birth is free of charge. If this period is missed, fine may apply. UNICEF has supported 3,244 children age of 0-18 to receive birth certificates. In addition, negotiation with Ministry of Justice initiated to support children at risk of stateless to obtain birth registration through organisation of national campaign.
C69: Access to justice | D69: Programmes that aim to improve birth registration and civil registration/vital statistics during the year of reporting | E69: SMQ 2019 Protection from Violence and Exploitation | F69: UNICEF | G69: =IF(F69="UNICEF",1,0) -> 1 | H69: Qual | I69: =IF(H69="Quant",1,0) -> 0 | J69: does not apply to indicator | K69: =IF(J69="Yes",1,0) -> 0 | L69: does not apply to indicator | M69: =IF(L69="Yes",1,0) -> 0 | N69: does not apply to indicator | O69: =IF(N69="Yes",1,0) -> 0 | Q69: Yes
C70: Access to justice | D70: Number of children's births notified in the reporting year | E70: SMQ 2019 Protection from Violence and Exploitation | F70: UNICEF | G70: =IF(F70="UNICEF",1,0) -> 1 | H70: Quant | I70: =IF(H70="Quant",1,0) -> 1 | J70: No | K70: =IF(J70="Yes",1,0) -> 0 | L70: No | M70: =IF(L70="Yes",1,0) -> 0 | N70: No | O70: =IF(N70="Yes",1,0) -> 0 | Q70: Notified: 30,000 (no disaggregation is available) children and families in 16 districts Registered: 13,242 children at risk of statelessness (70% women and girls) Certified: 2,625 children (49.4% girls, 50.6% boys) received birth certificates and 97 received passports within framework of the project.
C71: Access to justice | D71: Number of children's births registred in the reporting year | E71: SMQ 2019 Protection from Violence and Exploitation | F71: UNICEF | G71: =IF(F71="UNICEF",1,0) -> 1 | H71: Quant | I71: =IF(H71="Quant",1,0) -> 1 | J71: No | K71: =IF(J71="Yes",1,0) -> 0 | L71: Yes | M71: =IF(L71="Yes",1,0) -> 1 | N71: No | O71: =IF(N71="Yes",1,0) -> 0 | Q71: Total : 3171, Under 1 year old : 209, Ages 1-4 : 1295, Ages 5-17: 1667
C72: Access to justice | D72: Number of children issued a birth certificate in the reporting year | E72: SMQ 2019 Protection from Violence and Exploitation | F72: UNICEF | G72: =IF(F72="UNICEF",1,0) -> 1 | H72: Quant | I72: =IF(H72="Quant",1,0) -> 1 | J72: No | K72: =IF(J72="Yes",1,0) -> 0 | L72: Yes | M72: =IF(L72="Yes",1,0) -> 1 | N72: No | O72: =IF(N72="Yes",1,0) -> 0 | Q72: Total : 2364, Under 1 year old 217, Ages 1-4 : 1045, Ages 5-17: 1102
C73: Access to justice | D73: Number of children issued a legal identity documen other than a birth certificate | E73: SMQ 2019 Protection from Violence and Exploitation | F73: UNICEF | G73: =IF(F73="UNICEF",1,0) -> 1 | H73: Quant | I73: =IF(H73="Quant",1,0) -> 1 | J73: Yes | K73: =IF(J73="Yes",1,0) -> 1 | L73: Yes | M73: =IF(L73="Yes",1,0) -> 1 | N73: No | O73: =IF(N73="Yes",1,0) -> 0 | Q73: Total : 66, Ages 5-17: 66
A74: 2018 | C74: Child rights | D74: Adolescent participation in decision making | E74: Adolescents Baseline Study, 2018 | F74: UNICEF | G74: =IF(F74="UNICEF",1,0) -> 1 | H74: Qual | I74: =IF(H74="Quant",1,0) -> 0 | J74: Yes | K74: =IF(J74="Yes",1,0) -> 1 | L74: Yes | M74: =IF(L74="Yes",1,0) -> 1 | N74: Yes | O74: =IF(N74="Yes",1,0) -> 1
A75: 2019 | C75: Child rights | D75: Birth registration : 96% of children. However, 12,880 children without birth certificate have been identified in 15 districts in 2019 | E75: DHS 2017 | F75: DHS 2017 | G75: =IF(F75="UNICEF",1,0) -> 0 | H75: Quant | I75: =IF(H75="Quant",1,0) -> 1 | J75: No | K75: =IF(J75="Yes",1,0) -> 0 | L75: No | M75: =IF(L75="Yes",1,0) -> 0 | N75: Yes | O75: =IF(N75="Yes",1,0) -> 1
A76: 2019 | C76: Child rights | D76: 33% of all identified people are at risk of statelessness or with undetermined nationality | E76: Presentation of the Tajik delegation during 2nd Regional Conference on the Right to Legal Identity and Prevention of Statelessness organized by UNHCR in partnership with UNICEF, ESCAP and UNFPA. “Leaving no one behind at birth”, 5-6 September 2019, Nur-Sultan, Kazakhstan | F76: Presentation of the Tajik delegation during 2nd Regional Conference on the Right to Legal Identity and Prevention of Statelessness organized by UNHCR in partnership with UNICEF, ESCAP and UNFPA. “Leaving no one behind at birth”, 5-6 September 2019, Nur-Sultan, Kazakhstan | G76: =IF(F76="UNICEF",1,0) -> 0 | H76: Qual | I76: =IF(H76="Quant",1,0) -> 0 | J76: No | K76: =IF(J76="Yes",1,0) -> 0 | L76: No | M76: =IF(L76="Yes",1,0) -> 0 | N76: No | O76: =IF(N76="Yes",1,0) -> 0
A77: 2019 | C77: Child rights | D77: Number of children in institutions (boarding schools for children without parental care, rehabilitation institutions such as sanatoriums and residential centers for children in conflict with the law "colonies") : 10,000 | E77: Tajikistan SitAn 2019 page 25 | F77: UNICEF | G77: =IF(F77="UNICEF",1,0) -> 1 | H77: Quant | I77: =IF(H77="Quant",1,0) -> 1 | J77: No | K77: =IF(J77="Yes",1,0) -> 0 | L77: No | M77: =IF(L77="Yes",1,0) -> 0 | N77: No | O77: =IF(N77="Yes",1,0) -> 0
A78: 2017 | C78: Child rights | D78: 23% of children aged 5-15 work, 11% of whom are aged 5 to 11 | E78: Committee on the Rights of Children reviews reports of Tajikistan, 17 September 2017 | F78: CRC | G78: =IF(F78="UNICEF",1,0) -> 0 | H78: Quant | I78: =IF(H78="Quant",1,0) -> 1 | J78: No | K78: =IF(J78="Yes",1,0) -> 0 | L78: Yes | M78: =IF(L78="Yes",1,0) -> 1 | N78: No | O78: =IF(N78="Yes",1,0) -> 0
A79: 2019 | C79: Child rights | D79: Number of offences committed by children : 906 (755 boys and 25 girls) with 539 NEET | E79: Ministry of Internal Affairs of the Republic of Tajilistan | F79: Ministry of Internal Affairs of the Republic of Tajilistan | G79: =IF(F79="UNICEF",1,0) -> 0 | H79: Quant | I79: =IF(H79="Quant",1,0) -> 1 | J79: Yes | K79: =IF(J79="Yes",1,0) -> 1 | L79: No | M79: =IF(L79="Yes",1,0) -> 0 | N79: No | O79: =IF(N79="Yes",1,0) -> 0
A80: 2018 | C80: Child rights | D80: 39,031 stateless people have been recorded as stateless in Tajikistan in 20158 including 12,880 children. 70% of these stateless people are women and girls. Around 33% of stateless people are children | E80: Briefing Note on Statelessness in Tajikistan UNHCR October 2018 | F80: UNHCR | G80: =IF(F80="UNICEF",1,0) -> 0 | H80: Quant | I80: =IF(H80="Quant",1,0) -> 1 | J80: Yes | K80: =IF(J80="Yes",1,0) -> 1 | L80: Yes | M80: =IF(L80="Yes",1,0) -> 1 | N80: Yes | O80: =IF(N80="Yes",1,0) -> 1 | Q80: The total number of stateless people is envisaged to be higher owing to obstacles to access, and lack of knowledge of, birth registration, notably in rural areas.. In Tajikistan, official statistics on stateless people include only people with qa permanent residence permit in the country and an official document certifying them as stateless.
A81: 2019 | C81: Child rights | D81: More than 80% of the 11.000 children living in institutions are not orphans and have one living parent | E81: UNICEF Tajikistan website | F81: UNICEF | G81: =IF(F81="UNICEF",1,0) -> 1 | H81: Quant | I81: =IF(H81="Quant",1,0) -> 1 | J81: No | K81: =IF(J81="Yes",1,0) -> 0 | L81: No | M81: =IF(L81="Yes",1,0) -> 0 | N81: No | O81: =IF(N81="Yes",1,0) -> 0
A82: 2018 | C82: Child rights | D82: UNDAF Outcome1.1 : No. targeted SDG indicators for which reliable national data are available, disaggregated by sex : Baseline : 84 (2018) Target: 99 | E82: Tajstat | F82: Tajstat | G82: =IF(F82="UNICEF",1,0) -> 0 | H82: Qual | I82: =IF(H82="Quant",1,0) -> 0 | J82: Does not apply | K82: =IF(J82="Yes",1,0) -> 0 | L82: Does not apply | M82: =IF(L82="Yes",1,0) -> 0 | N82: Does not apply | O82: =IF(N82="Yes",1,0) -> 0 | Q82: UNDAF Framework - Outcome 1 : People in Tajikistan have their rights protected and benefit from improved access to justice and quality services delivered by accountable, transparent, and gender responsive legislative, executive and judicial institutions at all levels
A83: 2018 | C83: Child rights | D83: UNDAF Outcome 5.2. Ratification of CRPD by the Government of Tajikistan (→SDG 1.4) Baseline: No (2018) Target: Yes (2020) | E83: GoT reports Parliamentary reports | F83: GoT reports Parliamentary reports | G83: =IF(F83="UNICEF",1,0) -> 0 | H83: Qual | I83: =IF(H83="Quant",1,0) -> 0 | J83: Does not apply | K83: =IF(J83="Yes",1,0) -> 0 | L83: Does not apply | M83: =IF(L83="Yes",1,0) -> 0 | N83: Does not apply | O83: =IF(N83="Yes",1,0) -> 0 | Q83: UNDAF Outcome 5. Women, youth, children, persons with disabilities and other vulnerable groups are protected from violence and discrimination, have a voice that is heard and are respected as equal members of society
A84: 2018 | C84: Gender based violence | D84: 31% of ever married women have experienced some kind of physical, sexual or emtional violence. One in 4 women have sustained an injury and one in 10 have sustained more grave wounds | E84: Gender counts: Central Asia Sub-Regional Report: A quantitative assessment of gender inequality and its impact on children and adolescents, 2018. Burnet Institute and UNICEF. | F84: UNICEF | G84: =IF(F84="UNICEF",1,0) -> 1 | H84: Quant | I84: =IF(H84="Quant",1,0) -> 1 | J84: Yes | K84: =IF(J84="Yes",1,0) -> 1 | L84: No | M84: =IF(L84="Yes",1,0) -> 0 | N84: No | O84: =IF(N84="Yes",1,0) -> 0
A85: 2015 | C85: Social protection | D85: Social protection spending has reached over 1.5 somoni (equivalent to 4% of the GDP) | E85: Social Protection in Tajikistan, a Situation Analysis. UNICEF 2015 | F85: Does not apply | G85: =IF(F85="UNICEF",1,0) -> 0 | H85: Qual | I85: =IF(H85="Quant",1,0) -> 0 | J85: Does not apply | K85: =IF(J85="Yes",1,0) -> 0 | L85: Does not apply | M85: =IF(L85="Yes",1,0) -> 0 | O85: =IF(N85="Yes",1,0) -> 0
A86: 2018 | C86: Violence against Children | D86: 1 in every 4 youth (26%) reports at least once incidence of violence, including physical violence, shaming or peer-to-peer violence | E86: Adolescents Baseline Study, 2018 | F86: UNICEF | G86: =IF(F86="UNICEF",1,0) -> 1 | H86: Quant | I86: =IF(H86="Quant",1,0) -> 1 | J86: No | K86: =IF(J86="Yes",1,0) -> 0 | L86: No | M86: =IF(L86="Yes",1,0) -> 0 | O86: =IF(N86="Yes",1,0) -> 0
A87: 2014 | C87: Violence against Children | D87: 69.8% of left behind children are subject to violence and 56.1% subject to neglect | E87: Children left Behind: The Impact of Labour Migration on Children Left Behind in Tajikistan, Samuel Hall Consulting, 2014 | F87: No | G87: =IF(F87="UNICEF",1,0) -> 0 | H87: Quant | I87: =IF(H87="Quant",1,0) -> 1 | J87: No | K87: =IF(J87="Yes",1,0) -> 0 | L87: No | M87: =IF(L87="Yes",1,0) -> 0 | O87: =IF(N87="Yes",1,0) -> 0
A88: 2018 | C88: Violence against Children | D88: In rural areas 47% of children have been punished by teachers and 44% have been punished or bullied by their peers. | E88: National Study on Adolescents and Youth: Assessment of needs and interests, Centre for Strategic Studies under the President of the Republic of Tajikistan, 2018 | F88: No | G88: =IF(F88="UNICEF",1,0) -> 0 | H88: Quant | I88: =IF(H88="Quant",1,0) -> 1 | J88: No | K88: =IF(J88="Yes",1,0) -> 0 | L88: Yes | M88: =IF(L88="Yes",1,0) -> 1 | O88: =IF(N88="Yes",1,0) -> 0

Sheet Sheet2
A3: Row Labels | B3: Sum of INDIC_UNICEForNot | C3: Sum of Yes if Quant | D3: Sum of INDIC_Dis Sex | E3: Sum of INDIC_Dis Age | F3: Sum of INDIC_Dis Urb/Rural
A4: Adolescent education | B4: 9 | C4: 11 | D4: 8 | E4: 7 | F4: 8
A5: Adolescent health | B5: 4 | C5: 5 | D5: 1 | E5: 3 | F5: 1
A6: Adolescent participation | B6: 5 | C6: 12 | D6: 7 | E6: 1 | F6: 5
A7: Child Labour | B7: 1 | C7: 1 | D7: 1 | E7: 1 | F7: 1
A8: Child rights | B8: 6 | C8: 5 | D8: 4 | E8: 6 | F8: 3
A9: Demography | B9: 0 | C9: 2 | D9: 2 | E9: 2 | F9: 0
A10: Learning outcomes | B10: 1 | C10: 3 | D10: 1 | E10: 0 | F10: 1
A11: Mental health | B11: 3 | C11: 5 | D11: 4 | E11: 4 | F11: 2
A12: Migration | B12: 0 | C12: 1 | D12: 1 | E12: 1 | F12: 0
A13: School enrolment | B13: 1 | C13: 2 | D13: 1 | E13: 1 | F13: 1
A14: Skills development | B14: 5 | C14: 8 | D14: 6 | E14: 6 | F14: 4
A15: Violence against children | B15: 2 | C15: 2 | D15: 2 | E15: 1 | F15: 2
A16: Grand Total | B16: 37 | C16: 57 | D16: 38 | E16: 33 | F16: 28

Sheet ADAP
A1: Year | B1: Area | C1: Goal/Outcome | D1: Indicator | E1: Data source | F1: UNICEF or other | G1: INDIC_UNICEForNot | H1: Qualitative or Quantitative | I1: Yes if Quant | J1: Dis Sex | K1: INDIC_Dis Sex | L1: Dis Age | M1: INDIC_Dis Age | N1: Dis Urb/Rural | O1: INDIC_Dis Urb/Rural | P1: Cross-referenced w/ RAM | Q1: Comment
A2: 2016 | B2: Learn | C2: Adolescent participation | D2: 500 adolescent girls and boys benefited from life-skills learning and creative and practical opportunities to contribute to social cohesion qnd conflict prevention qnd to promote inter-ethnic dialogue in Sughd Region, near the border with Kyrgyzstan. | E2: COAR 2016 | F2: UNICEF | G2: =IF(F2="UNICEF",1,0) -> 1 | H2: Quant | I2: =IF(H2="Quant",1,0) -> 1 | J2: No | K2: =IF(J2="Yes",1,0) -> 0 | L2: No | M2: =IF(L2="Yes",1,0) -> 0 | N2: Yes | O2: =IF(N2="Yes",1,0) -> 1 | P2: No RAM for 2016 | Q2: With funding from the Government of the United Kingdom and the United Nations Peacebuilding Fund (PBF), working with local authorities and a local NGO.
A3: 2018 | C3: Adolescent education | D3: Through PESHSAF (UPSHIFT) social innovation curriculum at the adolescent innovation labs, 2,780 adolescent girls and boys acquired skills and developed their own innovative solutions to social problems in their communities. | E3: COAR 2018 | F3: UNICEF | G3: =IF(F3="UNICEF",1,0) -> 1 | H3: Quant | I3: =IF(H3="Quant",1,0) -> 1 | J3: No | K3: =IF(J3="Yes",1,0) -> 0 | L3: No | M3: =IF(L3="Yes",1,0) -> 0 | N3: No | O3: =IF(N3="Yes",1,0) -> 0 | Q3: By 2020, UNICEF Tajikistan aims to establish adolescent innovation labs in every centre for additional education and youth centre in Tajikistan, building 21st century skills of up to 30,000 adolescents and youth every year.
A4: 2018 | C4: Adolescent education | D4: Transition rates to upper secondary education : 76% of girls and 80% of boys transition to upper secondary education nationally | E4: RAM 2018 | F4: UNICEF | G4: =IF(F4="UNICEF",1,0) -> 1 | H4: Quant | I4: =IF(H4="Quant",1,0) -> 1 | J4: Yes | K4: =IF(J4="Yes",1,0) -> 1 | L4: Yes | M4: =IF(L4="Yes",1,0) -> 1 | N4: Yes | O4: =IF(N4="Yes",1,0) -> 1 | P4: Yes | Q4: There are significant regional disparities: transition rates of girls in the GBAO are significantly higher (95%) than in Districts of Republican Subordination (56.2%). UNDAF target is 80% by 2020.
A5: 2019 | C5: Adolescent education | D5: 9,563 adolescents (52 per cent girls), including 684 NEET, children with disabilities and in conflict with the law, developed core competencies in 14 Innovation Labs established at the Centres for Additional Education and Youth in 12 towns and districts. | E5: COAR 2019 | F5: UNICEF | G5: =IF(F5="UNICEF",1,0) -> 1 | H5: Quant | I5: =IF(H5="Quant",1,0) -> 1 | J5: Yes | K5: =IF(J5="Yes",1,0) -> 1 | L5: Yes | M5: =IF(L5="Yes",1,0) -> 1 | N5: Yes | O5: =IF(N5="Yes",1,0) -> 1
A6: 2019 | C6: Adolescent education | D6: Over 6,500 adolescents (49 per cent girls) improved skills through extra-curricular interventions, including through student councils’ and summer camps activities. | E6: COAR 2019 | F6: UNICEF | G6: =IF(F6="UNICEF",1,0) -> 1 | H6: Quant | I6: =IF(H6="Quant",1,0) -> 1 | J6: Yes | K6: =IF(J6="Yes",1,0) -> 1 | L6: Yes | M6: =IF(L6="Yes",1,0) -> 1 | N6: No | O6: =IF(N6="Yes",1,0) -> 0
A7: 2019 | C7: Adolescent education | D7: The first cohort of 87 adolescents and youth (80 per cent girls) were employed in digital jobs, as part of proof of concept, and two Impact Hubs were established in Dushanbe and Khorog. In 2019, the coverage of adolescents with these services increased by 5 per cent in 12 districts. | E7: COAR 2019 | F7: UNICEF | G7: =IF(F7="UNICEF",1,0) -> 1 | H7: Quant | I7: =IF(H7="Quant",1,0) -> 1 | J7: Yes | K7: =IF(J7="Yes",1,0) -> 1 | L7: Yes | M7: =IF(L7="Yes",1,0) -> 1 | N7: Yes | O7: =IF(N7="Yes",1,0) -> 1
A8: 2019 | C8: Adolescent education | D8: 4,971 adolescents (2,393 girls) in school and 1,695 adolescents (849 girls) attending summer camps in five districts enhanced their competencies, such as problem solving, creativity and innovation, critical thinking etc. | E8: RAM 2019 | F8: UNICEF | G8: =IF(F8="UNICEF",1,0) -> 1 | H8: Quant | I8: =IF(H8="Quant",1,0) -> 1 | J8: Yes | K8: =IF(J8="Yes",1,0) -> 1 | L8: No | M8: =IF(L8="Yes",1,0) -> 0 | N8: Yes | O8: =IF(N8="Yes",1,0) -> 1 | P8: Yes
A9: 2019 | C9: Adolescent participation | D9: About 15,000 adolescent girls and boys lead and participated in civic engagement initiatives. | E9: RAM 2019 | F9: UNICEF | G9: =IF(F9="UNICEF",1,0) -> 1 | H9: Quant | I9: =IF(H9="Quant",1,0) -> 1 | J9: No | K9: =IF(J9="Yes",1,0) -> 0 | L9: No | M9: =IF(L9="Yes",1,0) -> 0 | N9: No | O9: =IF(N9="Yes",1,0) -> 0 | P9: Yes
A10: 2019 | C10: School enrolment | D10: 110 schools have effective interventions to retain girls and boys in basic education and encourage their transition to secondary education (EWS) | E10: RAM 2019 | F10: UNICEF | G10: =IF(F10="UNICEF",1,0) -> 1 | H10: Quant | I10: =IF(H10="Quant",1,0) -> 1 | J10: Does not apply | K10: =IF(J10="Yes",1,0) -> 0 | L10: Does not apply | M10: =IF(L10="Yes",1,0) -> 0 | N10: No | O10: =IF(N10="Yes",1,0) -> 0
A11: 2019 | C11: Adolescent participation | D11: Adolescent participation platforms established within Child-friendly cities initiative concept in five districts, where 15,081 adolescents (10% of total adolescent (10-19) population in these four districts) got engaged in and led civic engagement initiatives and contributed to the life of their communities and local governance. | E11: RAM 2019 | F11: UNICEF | G11: =IF(F11="UNICEF",1,0) -> 1 | H11: Quant | I11: =IF(H11="Quant",1,0) -> 1 | J11: No | K11: =IF(J11="Yes",1,0) -> 0 | L11: Yes | M11: =IF(L11="Yes",1,0) -> 1 | N11: Yes | O11: =IF(N11="Yes",1,0) -> 1 | P11: Yes
A12: 2019 | C12: Adolescent participation | D12: 15,081 adolescent boys and girls (girls: 5,789, CwD:182) participated in and led civic engagement initiatives for building tolerance and social cohesion as well as governance and development of their communities. Out of this number, 544 adolescents worked closely with local authorities to implement community development projects in four targeted districts and out of this number 50% of them were adolescent girls who advanced their skills by directly leading on various initiatives | E12: RAM 2019 | F12: UNICEF | G12: =IF(F12="UNICEF",1,0) -> 1 | H12: Quant | I12: =IF(H12="Quant",1,0) -> 1 | J12: Yes | K12: =IF(J12="Yes",1,0) -> 1 | L12: No | M12: =IF(L12="Yes",1,0) -> 0 | N12: No | O12: =IF(N12="Yes",1,0) -> 0 | P12: Yes
A13: 2019 | C13: Adolescent participation | D13: 15,081 adolescent girls and boys participated in decision-making on issues of concern to them at school level and contribute to the development of their communities (including social cohesion) in targeted districts | E13: RAM 2019 | F13: UNICEF | G13: =IF(F13="UNICEF",1,0) -> 1 | H13: Quant | I13: =IF(H13="Quant",1,0) -> 1 | J13: No | K13: =IF(J13="Yes",1,0) -> 0 | L13: No | M13: =IF(L13="Yes",1,0) -> 0 | N13: No | O13: =IF(N13="Yes",1,0) -> 0 | P13: Yes
A14: 2018 | C14: Adolescent education | D14: Participation rate of adolescent in formal (including additional lessons) and non-formal education (inc. Extracurricular lessons) and training (inc. Vocational) in the previous 12 months (by sex, reasons). 97% of adolescents covered by formal education during last 12 months (99% 10-14 y.o., 95% 15-19 y.o., 98% boys, 97% girls, 96% urban, 98% rural). 2% adolescent covered by non-formal education (2% 10-14 & 15-19 y.o., 2% boys & girls, 3% urban, 2% rural). 44% adolescent took additional lessons (40% 10-14 y.o, 48% 15-19 y.o., 47% boys, 40% girls, 48% urban, 43% rural) | E14: Adolescents Baseline Study, 2018 | F14: UNICEF | G14: =IF(F14="UNICEF",1,0) -> 1 | H14: Quant | I14: =IF(H14="Quant",1,0) -> 1 | J14: Yes | K14: =IF(J14="Yes",1,0) -> 1 | L14: Yes | M14: =IF(L14="Yes",1,0) -> 1 | N14: Yes | O14: =IF(N14="Yes",1,0) -> 1
A15: 2018 | C15: Adolescent education | D15: % of adolescents satisfied with the quality of their education (SDG indicator) | E15: Adolescents Baseline Study, 2018 | F15: UNICEF | G15: =IF(F15="UNICEF",1,0) -> 1 | H15: Quant | I15: =IF(H15="Quant",1,0) -> 1 | J15: No | K15: =IF(J15="Yes",1,0) -> 0 | L15: No | M15: =IF(L15="Yes",1,0) -> 0 | N15: Yes | O15: =IF(N15="Yes",1,0) -> 1 | Q15: If in the whole country 6.6 out of 10 adolescnets are generally satisfied with the knowledge they gain, relatively lower level of satisfaction is marked in DRS, while satisfaction is relatively high in Sughd province.
A16: 2018 | C16: Adolescent education | D16: absentysm rate among adolescents in formal education | E16: Adolescents Baseline Study, 2018 | F16: UNICEF | H16: Quant | I16: =IF(H16="Quant",1,0) -> 1 | J16: Yes | K16: =IF(J16="Yes",1,0) -> 1 | L16: Yes | M16: =IF(L16="Yes",1,0) -> 1 | N16: Yes | O16: =IF(N16="Yes",1,0) -> 1
A17: 2018 | C17: Adolescent education | D17: % adolescents with information and communications technology skills (SDG indicator). | E17: Adolescents Baseline Study, 2018 | F17: UNICEF | H17: Quant | I17: =IF(H17="Quant",1,0) -> 1 | J17: Yes | L17: Yes | N17: Yes | Q17: 53.6% of adolescents do not use computer. 91.7% adolescnets do not attend computer courses. 64% of adolescnets do not use internet. Of 36% of adolescents using internet 89.6% do so via mobile phone. Main reasons for not using computers : 68.4% do not have a computer, 18% cannot use computer (lack of skills), 7.2% not interested, 4.4% adults do not permit. If at the country level 53.6% of adolescnets reported skills of computer usage, from a regional perspective relatively higher level of computer usage is noted in GBAO and relatively lower level in DRS.
A18: 2018 | C18: Adolescent education | D18: 94% of adolescents want to continue their education after 9th grade. | E18: Adolescents Baseline Study, 2018 | F18: UNICEF | G18: =IF(F18="UNICEF",1,0) -> 1 | H18: Quant | I18: =IF(H18="Quant",1,0) -> 1 | J18: Yes | K18: =IF(J18="Yes",1,0) -> 1 | L18: Yes | M18: =IF(L18="Yes",1,0) -> 1 | N18: Yes | O18: =IF(N18="Yes",1,0) -> 1
A19: 2019 | C19: Skills development | D19: Number of girls and boys who have participated in skills development programmes for learning, personal empowerment, active citizenship and/or employability through UNICEF-supported programmes (humanitarian) | E19: SMQ 2019 Learn | F19: UNICEF | G19: =IF(F19="UNICEF",1,0) -> 1 | H19: Quant | I19: =IF(H19="Quant",1,0) -> 1 | J19: Yes | K19: =IF(J19="Yes",1,0) -> 1 | L19: Yes | M19: =IF(L19="Yes",1,0) -> 1 | N19: No | O19: =IF(N19="Yes",1,0) -> 0 | Q19: Data available for 2018 & 2019
A20: 2019 | C20: School enrolment | D20: Transition to secondary education of girls (aged 14-15 years) stands at 61 per cent in some districts compared to 81 per cent national average | E20: Ministry of Education and Science | F20: Ministry of Education and Science | G20: =IF(F20="UNICEF",1,0) -> 0 | H20: Quant | I20: =IF(H20="Quant",1,0) -> 1 | J20: Yes | K20: =IF(J20="Yes",1,0) -> 1 | L20: Yes | M20: =IF(L20="Yes",1,0) -> 1 | N20: Yes | O20: =IF(N20="Yes",1,0) -> 1
A21: 2016 | C21: Skills development | D21: 30 per cent of young people aged 15-24 are not in education, training or employeent (NEET) with 89 per cent of them being girls | E21: Labour Force Survey, 2016 | F21: Labour Force Survey, 2016 | G21: =IF(F21="UNICEF",1,0) -> 0 | H21: Quant | I21: =IF(H21="Quant",1,0) -> 1 | J21: Yes | K21: =IF(J21="Yes",1,0) -> 1 | L21: Yes | M21: =IF(L21="Yes",1,0) -> 1 | N21: No | O21: =IF(N21="Yes",1,0) -> 0
A22: 2018 | C22: Skills development | D22: Adolescents and ICT: 53.6 percent of adolescents do not use computers, 64 percent of adolescents do not use internet | E22: Adolescents Baseline Study, 2018 | F22: UNICEF | G22: =IF(F22="UNICEF",1,0) -> 1 | H22: Quant | I22: =IF(H22="Quant",1,0) -> 1 | J22: Yes | K22: =IF(J22="Yes",1,0) -> 1 | L22: Yes | M22: =IF(L22="Yes",1,0) -> 1 | N22: Yes | O22: =IF(N22="Yes",1,0) -> 1
A23: 2018 | C23: Skills development | D23: 97 percent of adolescent have been covered by formal education during last 12 months, 2 percent have been covered by non-formal education during last 12 months. 44 percent took additionnal lessons during last 12 months | E23: Adolescents Baseline Study, 2018 | F23: UNICEF | G23: =IF(F23="UNICEF",1,0) -> 1 | H23: Quant | I23: =IF(H23="Quant",1,0) -> 1 | J23: Yes | K23: =IF(J23="Yes",1,0) -> 1 | L23: Yes | M23: =IF(L23="Yes",1,0) -> 1 | N23: Yes | O23: =IF(N23="Yes",1,0) -> 1
A24: 2018 | C24: Skills development | D24: 94 percent of adolescents want to continue their education after 9th grade | E24: Adolescents Baseline Study, 2018 | F24: UNICEF | G24: =IF(F24="UNICEF",1,0) -> 1 | H24: Quant | I24: =IF(H24="Quant",1,0) -> 1 | J24: Yes | K24: =IF(J24="Yes",1,0) -> 1 | L24: Yes | M24: =IF(L24="Yes",1,0) -> 1 | N24: Yes | O24: =IF(N24="Yes",1,0) -> 1
A25: 2017 | C25: Learning outcomes | D25: Number of general secondary edcational institutions : 3,865 | E25: Joint Sector Review Education Sector Synthesis Report 2017 | F25: Joint Sector Review Education Sector Synthesis Report 2017 | G25: =IF(F25="UNICEF",1,0) -> 0 | H25: Qualitative | I25: =IF(H25="Quant",1,0) -> 0 | J25: Does not apply | K25: =IF(J25="Yes",1,0) -> 0 | L25: Does not apply | M25: =IF(L25="Yes",1,0) -> 0 | N25: No | O25: =IF(N25="Yes",1,0) -> 0
A26: 2017 | C26: Learning outcomes | D26: Number of students enrolled in general secondary education : 1,837,762 (year 2016-17) | E26: Joint Sector Review Education Sector Synthesis Report 2017 | F26: Joint Sector Review Education Sector Synthesis Report 2017 | G26: =IF(F26="UNICEF",1,0) -> 0 | H26: Quant | I26: =IF(H26="Quant",1,0) -> 1 | J26: No | K26: =IF(J26="Yes",1,0) -> 0 | L26: No | M26: =IF(L26="Yes",1,0) -> 0 | N26: No | O26: =IF(N26="Yes",1,0) -> 0
A27: 2019 | C27: Learning outcomes | D27: Transition rate from basic to secondary education : 80.0 for boys and 76.0 for girls with regional differences | E27: Tajikistan SitAn 2019 page 27-28 | F27: UNICEF | G27: =IF(F27="UNICEF",1,0) -> 1 | H27: Quant | I27: =IF(H27="Quant",1,0) -> 1 | J27: Yes | K27: =IF(J27="Yes",1,0) -> 1 | L27: No | M27: =IF(L27="Yes",1,0) -> 0 | N27: Yes | O27: =IF(N27="Yes",1,0) -> 1
A28: 2016 | C28: Skills development | D28: Number of youths enrolled in Technical Vocational Education and Training (TVET) : 22,779 enroled in primary vocational education schools (lyceums) and 73,333 enroled in secondart vocational education schools | E28: Ministry of Education and Science | F28: Ministry of Education and Science | G28: =IF(F28="UNICEF",1,0) -> 0 | H28: Quant | I28: =IF(H28="Quant",1,0) -> 1 | J28: No | K28: =IF(J28="Yes",1,0) -> 0 | L28: No | M28: =IF(L28="Yes",1,0) -> 0 | N28: No | O28: =IF(N28="Yes",1,0) -> 0
A29: 2013 | C29: Skills development | D29: 26% of young graduates are unable to find jobs five years after comleting their education | E29: World Bank and GIZ, Tajikistan Jobs, Skills, and Migration Survey, Dushanbe, 2013 | F29: World Bank and GIZ, Tajikistan Jobs, Skills, and Migration Survey, Dushanbe, 2013 | G29: =IF(F29="UNICEF",1,0) -> 0 | H29: Quant | I29: =IF(H29="Quant",1,0) -> 1 | J29: No | K29: =IF(J29="Yes",1,0) -> 0 | L29: No | M29: =IF(L29="Yes",1,0) -> 0 | N29: No | O29: =IF(N29="Yes",1,0) -> 0
A30: 2018 | C30: Learning outcomes | D30: Nearly all students (98%) complete primary education and transition (99%) to secondary education | E30: Vulnerability and Resilience Atlas 2018 | F30: Vulnerability and Resilience Atlas 2018 | G30: =IF(F30="UNICEF",1,0) -> 0 | H30: Quant | I30: =IF(H30="Quant",1,0) -> 1 | J30: No | K30: =IF(J30="Yes",1,0) -> 0 | L30: No | M30: =IF(L30="Yes",1,0) -> 0 | N30: No | O30: =IF(N30="Yes",1,0) -> 0
A31: 2017 | C31: Skills development | D31: 435,621 (29.3% of young people) are NEET, of which 11.6% are male and 88.4% female. Highest rates of NEET are found in Dushanbe (40.4%) follwed by DRS (36.1%), GBAO (30.4%), Khatlon (25.4%) and Sughd (24%). | E31: Mapping the Vulnerable and Excluded Groups of adolescents and youth in Tajikistan, UNICEF 2017 | F31: UNICEF | G31: =IF(F31="UNICEF",1,0) -> 1 | H31: Quant | I31: =IF(H31="Quant",1,0) -> 1 | J31: Yes | K31: =IF(J31="Yes",1,0) -> 1 | L31: Yes | M31: =IF(L31="Yes",1,0) -> 1 | N31: Yes | O31: =IF(N31="Yes",1,0) -> 1 | Q31: NEET refers to young people aged 15-24 who are engaged in neither work, nor study nor enrolled in vocational training.
A32: 2018 | B32: Adolescent health | C32: Adolescent health | D32: 320 school psychologists, 200 primary health care personnel and other relevant staff in pilot regions of the country (Sughd province and three Districts of Republican Subordination districts) were enabled to provide adolescent mental health services with an expected outreach to 43,000 adolescents. | E32: COAR 2018 | F32: UNICEF | G32: =IF(F32="UNICEF",1,0) -> 1 | H32: Quant | I32: =IF(H32="Quant",1,0) -> 1 | J32: No | K32: =IF(J32="Yes",1,0) -> 0 | L32: No | M32: =IF(L32="Yes",1,0) -> 0 | N32: Yes | O32: =IF(N32="Yes",1,0) -> 1
A33: 2019 | C33: Mental health | D33: 14,000 adolescent girls (about 45 per cent) and boys received mental health services from school psychologists and counsellors. | E33: COAR 2019 | F33: UNICEF | G33: =IF(F33="UNICEF",1,0) -> 1 | H33: Quant | I33: =IF(H33="Quant",1,0) -> 1 | J33: Yes | K33: =IF(J33="Yes",1,0) -> 1 | L33: Yes | M33: =IF(L33="Yes",1,0) -> 1 | N33: Yes | O33: =IF(N33="Yes",1,0) -> 1 | P33: Yes | Q33: This accounts for about 16 per cent of adolescents in targeted nine districts (220 schools, approximately five per cent of schools in Tajikistan).
C34: Mental health | D34: 655 school and health professionals in targeted district areas have adequate capacity to provide appropriate support, including psychological support, to address the specific needs of adolescents, especially vulnerable groups | E34: RAM 2019 | F34: UNICEF | G34: =IF(F34="UNICEF",1,0) -> 1 | H34: Quant | I34: =IF(H34="Quant",1,0) -> 1 | J34: Does not apply | K34: =IF(J34="Yes",1,0) -> 0 | L34: Does not apply | M34: =IF(L34="Yes",1,0) -> 0 | N34: Yes | O34: =IF(N34="Yes",1,0) -> 1 | P34: Yes
A35: 2019 | C35: Adolescent health | D35: Number of adolescent girls and boys provided with to prevent anaemia and other forms of malnutrition through UNICEF-supported programmes | E35: SMQ 2019 Survive and Thrive | F35: UNICEF | G35: =IF(F35="UNICEF",1,0) -> 1 | H35: Quant | I35: =IF(H35="Quant",1,0) -> 1 | J35: No | K35: =IF(J35="Yes",1,0) -> 0 | L35: No | M35: =IF(L35="Yes",1,0) -> 0 | N35: No | O35: =IF(N35="Yes",1,0) -> 0 | Q35: To reduce the high rate anemia among children, adolescents and women, UNICEF provided technical advice to the Gov Tajikistan on the way forward to operationalize the recently passed food fortification and to support enhancing the quality of USI in Tajikistan
A36: 2018 | C36: Adolescent health | D36: Number of people living with HIV : 7,552, of which 10.2% are children under the age of 18 and 665 under the age of 15 | E36: Assessment of the impact of social allowances on the quality of life of children living with HIV. Study report, UNICEF, August 2018 | F36: UNICEF | G36: =IF(F36="UNICEF",1,0) -> 1 | H36: Quant | I36: =IF(H36="Quant",1,0) -> 1 | J36: No | K36: =IF(J36="Yes",1,0) -> 0 | L36: Yes | M36: =IF(L36="Yes",1,0) -> 1 | N36: No | O36: =IF(N36="Yes",1,0) -> 0 | Q36: In 2017, the government of Tajikistan reported a slightly higher figure of 800 HIV positive children 400 girls and 400 boys. CRC Concluding observation on the combined third to fith periodic reports of Tajikistan 2017
A37: 2015 | C37: Mental health | D37: Number of registered cases of female suicide or attempted suicide: 325 | E37: State Prosecutor | F37: State Prosecutor | G37: =IF(F37="UNICEF",1,0) -> 0 | H37: Quant | I37: =IF(H37="Quant",1,0) -> 1 | J37: Yes | K37: =IF(J37="Yes",1,0) -> 1 | L37: Yes | M37: =IF(L37="Yes",1,0) -> 1 | N37: No | O37: =IF(N37="Yes",1,0) -> 0 | Q37: Case go unregistered because of stigma.
A38: - | C38: Mental health | D38: Suicide rate for young people 12-24 years, higher among girls (13.4/100,00) than for boys (10.9/100,00) | E38: Taleshi, M M. UNICEF policy brief, Adolescent and Youth Programming in Tajikistan | F38: UNICEF | G38: =IF(F38="UNICEF",1,0) -> 1 | H38: Quant | I38: =IF(H38="Quant",1,0) -> 1 | J38: Yes | K38: =IF(J38="Yes",1,0) -> 1 | L38: Yes | M38: =IF(L38="Yes",1,0) -> 1 | N38: No | O38: =IF(N38="Yes",1,0) -> 0
A39: 2019 | C39: Adolescent health | D39: 7% of women aged 15-19 are either pregnant or already have a child, with a majority of 18-19 year olds | E39: Tajikistan SitAn 2019 page 32 | F39: UNICEF | G39: =IF(F39="UNICEF",1,0) -> 1 | H39: Quant | I39: =IF(H39="Quant",1,0) -> 1 | J39: Does not apply | K39: =IF(J39="Yes",1,0) -> 0 | L39: Yes | M39: =IF(L39="Yes",1,0) -> 1 | N39: No | O39: =IF(N39="Yes",1,0) -> 0
A40: 2018 | C40: Mental health | D40: 33% of 15-19 have depression (36% of girls, 32% of boys) | E40: National Study on Adolescents and Youth: Assessment of needs and interests, Centre for Strategic Studies under the President of the Republic of Tajikistan, 2018 | F40: National Study on Adolescents and Youth: Assessment of needs and interests, Centre for Strategic Studies under the President of the Republic of Tajikistan, 2018 | G40: =IF(F40="UNICEF",1,0) -> 0 | H40: Quant | I40: =IF(H40="Quant",1,0) -> 1 | J40: Yes | K40: =IF(J40="Yes",1,0) -> 1 | L40: Yes | M40: =IF(L40="Yes",1,0) -> 1 | N40: No | O40: =IF(N40="Yes",1,0) -> 0
A41: 2017 | C41: Adolescent health | D41: 14% of young people (15-24 years) know how to prevent HIV infection. 9% of girls aged 15-19 have comprehensive knowledge about HIV prevention while among 15-17 years only 6% claimed to have the right knowlege | E41: DHS 2017 | F41: DHS 2017 | G41: =IF(F41="UNICEF",1,0) -> 0 | H41: Quant | I41: =IF(H41="Quant",1,0) -> 1 | J41: Yes | K41: =IF(J41="Yes",1,0) -> 1 | L41: Yes | M41: =IF(L41="Yes",1,0) -> 1 | N41: No | O41: =IF(N41="Yes",1,0) -> 0
A42: 2018 | B42: Protective Environement | C42: Child rights | D42: Proportion of adolescents with basic knowledge on child rights : 85.7% of adolescents (15-19y.o.) do not know any child right (85.7% 10-14 y.o, 85.7% 15-19 y.o., 85% biys, 86.5% girls, 87.5% urban, 85.2% rural) | E42: Adolescents Baseline Study, 2018 | F42: UNICEF | G42: =IF(F42="UNICEF",1,0) -> 1 | H42: Quant | I42: =IF(H42="Quant",1,0) -> 1 | J42: Yes | K42: =IF(J42="Yes",1,0) -> 1 | L42: Yes | M42: =IF(L42="Yes",1,0) -> 1 | N42: Yes | O42: =IF(N42="Yes",1,0) -> 1
A43: 2018 | C43: child rights | D43: Independence of adolescents in deciding on question of marriage is low. Vulnerable adolescents (adolescents with disabilities) 28%. Urban adolescents 22%, Rural adolescnets 23%, Rural girls 22%, 15-19 y.o. 41% | E43: Adolescents Baseline Study, 2018 | F43: UNICEF | G43: =IF(F43="UNICEF",1,0) -> 1 | H43: Quant | I43: =IF(H43="Quant",1,0) -> 1 | J43: Yes | K43: =IF(J43="Yes",1,0) -> 1 | L43: Yes | M43: =IF(L43="Yes",1,0) -> 1 | N43: Yes | O43: =IF(N43="Yes",1,0) -> 1
A44: 2018 | C44: Child rights | D44: Adolescent participation in decision making | E44: Adolescents Baseline Study, 2018 | F44: UNICEF | G44: =IF(F44="UNICEF",1,0) -> 1 | H44: Qualitative | I44: =IF(H44="Quant",1,0) -> 0 | J44: Yes | K44: =IF(J44="Yes",1,0) -> 1 | L44: Yes | M44: =IF(L44="Yes",1,0) -> 1 | N44: Yes | O44: =IF(N44="Yes",1,0) -> 1
A45: 2018 | C45: Child rights | D45: 13% of 15-19 year old girls were married in 2017, the same as in 2012. | E45: Gender counts: Central Asia Sub-Regional Report: A quantitative assessment of gender inequality and its impact on children and adolescents, 2018. Burnet Institute and UNICEF. | F45: UNICEF | G45: =IF(F45="UNICEF",1,0) -> 1 | H45: Quant | I45: =IF(H45="Quant",1,0) -> 1 | J45: Yes | K45: =IF(J45="Yes",1,0) -> 1 | L45: Yes | M45: =IF(L45="Yes",1,0) -> 1 | N45: No | O45: =IF(N45="Yes",1,0) -> 0 | Q45: The law on the Protection of Children's Rights has rise the age of marriage from 17 to 18 years old.
A46: 2018 | C46: Child rights | D46: Close to 1 in every 8 girls are married by age 18 | E46: Gender counts: Central Asia Sub-Regional Report: A quantitative assessment of gender inequality and its impact on children and adolescents, 2018. Burnet Institute and UNICEF. | F46: UNICEF | G46: =IF(F46="UNICEF",1,0) -> 1 | H46: Quant | I46: =IF(H46="Quant",1,0) -> 1 | J46: No | K46: =IF(J46="Yes",1,0) -> 0 | L46: Yes | M46: =IF(L46="Yes",1,0) -> 1 | N46: No | O46: =IF(N46="Yes",1,0) -> 0 | Q46: The figure is likely to be an underestimate since many child marriages go unreported
A47: 2019 | C47: Child rights | D47: 87.5% of adolescents (15-19) do not know any child rights, or how they can participate to fulfill their rights | E47: Tajikistan SitAn page 95 | F47: UNICEF | G47: =IF(F47="UNICEF",1,0) -> 1 | H47: Quant | I47: =IF(H47="Quant",1,0) -> 1 | J47: No | K47: =IF(J47="Yes",1,0) -> 0 | L47: Yes | M47: =IF(L47="Yes",1,0) -> 1 | N47: No | O47: =IF(N47="Yes",1,0) -> 0
A48: 2018 | C48: Violence against children | D48: Physical and non-physical violence towards adolescents | E48: Adolescents Baseline Study, 2018 | F48: UNICEF | G48: =IF(F48="UNICEF",1,0) -> 1 | H48: Qualitative | I48: =IF(H48="Quant",1,0) -> 0 | J48: Yes | K48: =IF(J48="Yes",1,0) -> 1 | L48: Yes | M48: =IF(L48="Yes",1,0) -> 1 | N48: Yes | O48: =IF(N48="Yes",1,0) -> 1
A49: 2018 | C49: Child Labour | D49: % of adolescents of 10-14 y.o who combine study and work. 66% rural adolescents, 49% urban adolescents, 60% girls, 63% boys | E49: Adolescents Baseline Study, 2018 | F49: UNICEF | G49: =IF(F49="UNICEF",1,0) -> 1 | H49: Quant | I49: =IF(H49="Quant",1,0) -> 1 | J49: Yes | K49: =IF(J49="Yes",1,0) -> 1 | L49: Yes | M49: =IF(L49="Yes",1,0) -> 1 | N49: Yes | O49: =IF(N49="Yes",1,0) -> 1
A50: 2018 | C50: Violence against Children | D50: 1 in every 4 youth (26%) reports at least once incidence of violence, including physical violence, shaming or peer-to-peer violence | E50: Adolescents Baseline Study, 2018 | F50: UNICEF | G50: =IF(F50="UNICEF",1,0) -> 1 | H50: Quant | I50: =IF(H50="Quant",1,0) -> 1 | J50: No | K50: =IF(J50="Yes",1,0) -> 0 | L50: No | M50: =IF(L50="Yes",1,0) -> 0 | N50: Yes | O50: =IF(N50="Yes",1,0) -> 1
A51: 2018 | C51: Violence against Children | D51: 25.5% of adolescents (11-17) lived in a household with a history of violence | E51: Taleshi, M M. UNICEF policy brief, Adolescent and Youth Programming in Tajikistan | F51: No | G51: =IF(F51="UNICEF",1,0) -> 0 | H51: Quant | I51: =IF(H51="Quant",1,0) -> 1 | J51: Yes | K51: =IF(J51="Yes",1,0) -> 1 | L51: No | M51: =IF(L51="Yes",1,0) -> 0 | N51: no | O51: =IF(N51="Yes",1,0) -> 0
A52: 2018 | B52: Equitable chance in life | C52: Adolescent participation | D52: A total of 6,217 adolescents (3,225 girls) participated in or led civic engagement activities within the consultative platforms established at the local government level in Isfara and B. Gafurov cross-border districts—23 per cent of the total adolescent population. | E52: COAR 2018 | F52: UNICEF | G52: Yes | H52: Quant | I52: =IF(H52="Quant",1,0) -> 1 | J52: Yes | K52: =IF(J52="Yes",1,0) -> 1 | L52: No | M52: =IF(L52="Yes",1,0) -> 0 | N52: No | O52: =IF(N52="Yes",1,0) -> 0
A53: 2018 | C53: Adolescent participation | D53: UNICEF supported the participation of 4,600 adolescents by providing the opportunity to be heard through a first-time, national adolescent study. | E53: COAR 2018 | F53: UNICEF | G53: Yes | H53: Quant | I53: =IF(H53="Quant",1,0) -> 1 | J53: Yes | K53: =IF(J53="Yes",1,0) -> 1 | L53: No | M53: =IF(L53="Yes",1,0) -> 0 | N53: No | O53: =IF(N53="Yes",1,0) -> 0
A54: 2019 | C54: Adolescent participation | D54: 15,081 adolescent boys and girls (girls: 5,789, CwD:182) participated in and led civic engagement initiatives for building tolerance and social cohesion as well as governance and development of their communities. | E54: COAR 2019 | F54: UNICEF | G54: Yes | H54: Quant | I54: =IF(H54="Quant",1,0) -> 1 | J54: Yes | K54: =IF(J54="Yes",1,0) -> 1 | L54: No | M54: =IF(L54="Yes",1,0) -> 0 | N54: No | O54: =IF(N54="Yes",1,0) -> 0
A55: 2019 | C55: Adolescent participation | D55: 544 adolescent girls and boys (girls: 250) worked closely with local authorities to implement community development projects in four targeted districts, while 157 local authorities’ staff were capacitated to support civic engagement by adolescents. Through this contribution the adolescent participation rate in these districts reached 10 per cent in 2019 (from 6.4 per cent nationally in 2018) | E55: COAR 2019 | F55: UNICEF | G55: Yes | H55: Quant | I55: =IF(H55="Quant",1,0) -> 1 | J55: Yes | K55: =IF(J55="Yes",1,0) -> 1 | L55: No | M55: =IF(L55="Yes",1,0) -> 0 | N55: No | O55: =IF(N55="Yes",1,0) -> 0
A56: 2019 | C56: Adolescent participation | D56: UNICEF strengthened volunteer network by capacitating 610 adolescents and youths to contribute to decision-making processes and social cohesion in conflict-prone border districts of Tajikistan. | E56: COAR 2019 | F56: UNICEF | G56: No | H56: Quant | I56: =IF(H56="Quant",1,0) -> 1 | J56: No | K56: =IF(J56="Yes",1,0) -> 0 | L56: No | M56: =IF(L56="Yes",1,0) -> 0 | N56: Yes | O56: =IF(N56="Yes",1,0) -> 1
A57: 2019 | C57: Adolescent participation | D57: 314 adolescent girls and boys (Girls:131) in two cross-border districts (Isfara and B.Gafurov) improved their peacebuilding competencies and contributed to building social cohesion through joint community projects and mediation with the local authorities during the crossborder intercommunal tensions. | E57: COAR 2019 | F57: UNICEF | G57: Yes | H57: Quant | I57: =IF(H57="Quant",1,0) -> 1 | J57: Yes | K57: =IF(J57="Yes",1,0) -> 1 | L57: No | M57: =IF(L57="Yes",1,0) -> 0 | N57: Yes | O57: =IF(N57="Yes",1,0) -> 1
A58: 2019 | C58: Adolescent participation | D58: Number of adolescent girls and boys who participate in or lead civic engagement initiatives through UNICEF-supported programmes | E58: SMQ 2019 Equitable chance in life | F58: UNICEF | G58: Yes | H58: Quant | I58: =IF(H58="Quant",1,0) -> 1 | J58: Yes | K58: =IF(J58="Yes",1,0) -> 1 | L58: No | M58: =IF(L58="Yes",1,0) -> 0 | N58: Yes | O58: =IF(N58="Yes",1,0) -> 1 | Q58: 11009 adolescent girls and boys directly involved in adolescent participation and civic engagement activities through the decision making within child and youth friendly local governance initiative in 5 districts that strengthened youth councils within local government.
A59: 2017 | B59: Demography | C59: Demography | D59: Among married girls aged 15-19 only 3% reported using contraception | E59: DHS 2017 | F59: DHS 2017 | G59: Yes | H59: Quant | I59: =IF(H59="Quant",1,0) -> 1 | J59: Yes | K59: =IF(J59="Yes",1,0) -> 1 | L59: Yes | M59: =IF(L59="Yes",1,0) -> 1 | N59: No | O59: =IF(N59="Yes",1,0) -> 0
A60: 2017 | C60: Demography | D60: 7.7% of women aged 18 have begun childbearing, rapidly increasing to 25% by the age of 19. Rural women are more likely to have begun childbearing by 19 than their urban counterparts with the highest rates in DRS, Khatlon, and Sughud. The lowest rates are in GBAO and Dushanbe. | E60: Impact of Child Marriage Global Synthesis Report, World Bank and International Centre for Research on Women, 2017 | F60: Impact of Child Marriage Global Synthesis Report, World Bank and International Centre for Research on Women, 2018 | G60: Yes | H60: Quant | I60: =IF(H60="Quant",1,0) -> 1 | J60: Yes | K60: =IF(J60="Yes",1,0) -> 1 | L60: Yes | M60: =IF(L60="Yes",1,0) -> 1 | N60: No | O60: =IF(N60="Yes",1,0) -> 0
A61: 2017 | B61: Migration | C61: Migration | D61: 13.1% of children left behind aged 12-17 are engaged in labor (14.2 % boys, 12% girls) | E61: Labour Force Survey, 2017, TajStat | F61: Labour Force Survey, 2017, TajStat | G61: Yes | H61: Quant | I61: =IF(H61="Quant",1,0) -> 1 | J61: Yes | K61: =IF(J61="Yes",1,0) -> 1 | L61: Yes | M61: =IF(L61="Yes",1,0) -> 1 | N61: No | O61: =IF(N61="Yes",1,0) -> 0

Sheet Sheet9
A3: Row Labels | B3: Sum of INDIC_UNICEForNot | C3: Sum of INDIC_Dis Sex | D3: Sum of INDIC_Dis Age | E3: Sum of INDIC_Dis Urb/Rural
A4: Demography | B4: 0 | C4: 2 | D4: 3 | E4: 3
A5: Develop and leverage resources and partnerships for children | B5: 1 | C5: 0 | D5: 0 | E5: 0
A6: Economy | B6: 0 | C6: 0 | D6: 0 | E6: 0
A7: Fostering innovations in programming and advocacy processes and practices | B7: 1 | C7: 0 | D7: 0 | E7: 0
A8: Gender-responsive programming | B8: 2 | C8: 0 | D8: 0 | E8: 0
A9: Harnessing the power of business and markets for children | B9: 1 | C9: 0 | D9: 0 | E9: 0
A10: Humanitarian response | B10: 2 | C10: 2 | D10: 1 | E10: 0
A11: Migration | B11: 5 | C11: 2 | D11: 3 | E11: 0
A12: Natural Disasters | B12: 9 | C12: 6 | D12: 5 | E12: 8
A13: Poverty | B13: 1 | C13: 0 | D13: 0 | E13: 3
A14: Programming for at-scale results for children | B14: 7 | C14: 0 | D14: 0 | E14: 0
A15: Social Protection | B15: 9 | C15: 0 | D15: 0 | E15: 0
... A19: Grand Total | B19: 44 | C19: 12 | D19: 12 | E19: 14
A29: Row Labels | B29: Sum of INDIC_UNICEForNot | C29: Sum of INDIC_Dis Sex | D29: Sum of INDIC_Dis Age | E29: Sum of INDIC_Dis Urb/Rural
A30: Demography | B30: 0 | C30: 2 | D30: 3 | E30: 3
A31: Develop and leverage resources and partnerships for children | B31: 1 | C31: 0 | D31: 0 | E31: 0
A32: Economy | B32: 0 | C32: 0 | D32: 0 | E32: 0
A33: Fostering innovations in programming and advocacy processes and practices | B33: 1 | C33: 0 | D33: 0 | E33: 0
A34: Gender-responsive programming | B34: 2 | C34: 0 | D34: 0 | E34: 0
A35: Harnessing the power of business and markets for children | B35: 1 | C35: 0 | D35: 0 | E35: 0
A36: Humanitarian response | B36: 2 | C36: 2 | D36: 1 | E36: 0
A37: Migration | B37: 5 | C37: 2 | D37: 3 | E37: 0
A38: Natural Disasters | B38: 9 | C38: 6 | D38: 5 | E38: 8
A39: Poverty | B39: 1 | C39: 0 | D39: 0 | E39: 3
A40: Programming for at-scale results for children | B40: 7 | C40: 0 | D40: 0 | E40: 0
A41: Social Protection | B41: 9 | C41: 0 | D41: 0 | E41: 0
... A44: (blank) | B44: 0 | C44: 0 | D44: 0 | E44: 0

Sheet CROSS-SECTORAL OTHER
A1: Year | B1: Area | C1: Goal/Oucome | D1: Indicator | E1: Data source | F1: UNICEF or other | G1: INDIC_UNICEForNot | H1: Qualitative or Quantitative | I1: Yes if Quant | J1: Dis Sex | K1: INDIC_Dis Sex | L1: Dis Age | M1: INDIC_Dis Age | N1: Dis Urb/Rural | O1: INDIC_Dis Urb/Rural | P1: Cross-referenced w/ RAM | Q1: Comment
A2: 2019 | B2: Change strategies | C2: Programming for at-scale results for children | D2: Percentage of country offices routinely engaging children in the planning, implementation, monitoring and evaluation of UNICEF country programmes | E2: SMQ 2019 Change strategies | F2: UNICEF | G2: =IF(F2="UNICEF",1,0) -> 1 | H2: Qual | I2: =IF(H2="Quant",1,0) -> 0 | J2: No | K2: =IF(J2="Yes",1,0) -> 0 | L2: No | M2: =IF(L2="Yes",1,0) -> 0 | N2: No | O2: =IF(N2="Yes",1,0) -> 0
A3: 2019 | C3: Programming for at-scale results for children | D3: Percentage of country offices meeting organizational benchmarks on promoting peaceful and inclusive societies | E3: SMQ 2019 Change strategies | F3: UNICEF | G3: =IF(F3="UNICEF",1,0) -> 1 | H3: Qual | I3: =IF(H3="Quant",1,0) -> 0 | J3: does not apply to indicator | K3: =IF(J3="Yes",1,0) -> 0 | L3: does not apply to indicator | M3: =IF(L3="Yes",1,0) -> 0 | N3: does not apply to indicator | O3: =IF(N3="Yes",1,0) -> 0 | Q3: Conflict Tracker with focus on cross-border areas developed within the scope of cross-border multiagency PBF-funded peacebuilding project. Within the scope of peacebuilding programme implemented in cross-border regions, conflict tracker was developed and used with both primary data collected by conflict monitors at muncipality level and available secondary data to understand better conflict dynamics in this region. Since 2015 the CO has been implementing social cohesion (peacebuilding) programme in selected cross-border districts in Tajikistan. At the moment, the CO has two ongoing social cohesion projects, funded by CSSF/DFID and UN PBF, where cross-sectoral approach towards social inclusion and adolescent participation in building social cohesion is applied. Projects are implemented by three sections of the CO under the coordination of Adolescent development and participation programme.
A4: 2019 | C4: Programming for at-scale results for children | D4: Number of countries with inter-agency multi-year humanitarian response plans where country offices have aligned multi-year strtegies and plans | E4: SMQ 2019 Change strategies | F4: UNICEF | G4: =IF(F4="UNICEF",1,0) -> 1 | H4: Qual | I4: =IF(H4="Quant",1,0) -> 0 | J4: does not apply to indicator | K4: =IF(J4="Yes",1,0) -> 0 | L4: does not apply to indicator | M4: =IF(L4="Yes",1,0) -> 0 | N4: does not apply to indicator | O4: =IF(N4="Yes",1,0) -> 0
A5: 2019 | C5: Programming for at-scale results for children | D5: Percentage of countries with humanitarian response plans where country offices contribute to coordinated needs assessments through UNICEF-led cluster coordination mechanis, or directly with humanitarian country team | E5: SMQ 2019 Change strategies | F5: UNICEF | G5: =IF(F5="UNICEF",1,0) -> 1 | H5: Qual | I5: =IF(H5="Quant",1,0) -> 0 | J5: does not apply to indicator | K5: =IF(J5="Yes",1,0) -> 0 | L5: does not apply to indicator | M5: =IF(L5="Yes",1,0) -> 0 | N5: does not apply to indicator | O5: =IF(N5="Yes",1,0) -> 0 | Q5: Active engagement by one or more cluster coordinators Active engagement by one or more CO staff An agreed lead role for WASH data collection and analysis An agreed lead role for education data collection and analysis An agreed lead role for Child Protection data collection and analysis
A6: 2019 | C6: Programming for at-scale results for children | D6: Percentage of country offices that meet organisational benchmarks on communication for development (C4D) programmes for community engagement and behaviour change, including adaptation for humanitarian response | E6: SMQ 2019 Change strategies | F6: UNICEF | G6: =IF(F6="UNICEF",1,0) -> 1 | H6: Qual | I6: =IF(H6="Quant",1,0) -> 0 | J6: does not apply to indicator | K6: =IF(J6="Yes",1,0) -> 0 | L6: does not apply to indicator | M6: =IF(L6="Yes",1,0) -> 0 | N6: does not apply to indicator | O6: =IF(N6="Yes",1,0) -> 0 | Q6: CP applying C4D strategies to health, nutrition, protection and adolescents. CP budget allocated for C4D. National/sub-national Government-led C4D mechanism(s) facilitated coordination of C4D/SBCC components of sector/cross-sector planning. Wide scope and source of data generated/used to design C4D strategies. C4D capacity development planning informed by needs assessment. CE mechanisms facilitate at-scale inclusion and particiaption of the most marginalized. CE initiatives have prioritiezed community capacity building towards development of local solutions and empowerment.
A7: 2019 | C7: Programming for at-scale results for children | D7: CO support to national human rights institutions | E7: SMQ 2019 Change strategies | F7: UNICEF | G7: =IF(F7="UNICEF",1,0) -> 1 | H7: Qual | I7: =IF(H7="Quant",1,0) -> 0 | J7: does not apply to indicator | K7: =IF(J7="Yes",1,0) -> 0 | L7: does not apply to indicator | M7: =IF(L7="Yes",1,0) -> 0 | N7: does not apply to indicator | O7: =IF(N7="Yes",1,0) -> 0 | Q7: In 2018 Ombudsman for Child Rights (O4CR) was not compliant with Paris Principles. UNICEF supported institutional strengthening of the O4CR, including child rights monitoring in schools and residential child care facilities. UNICEF also supported strengthening of the O4CR complaint mechanism and the establishment of a child participation platform. in 2019 with support of UNICEF monitoring tools developed for O4CR and number of outreach campangs and meeting to raise awareness about O4CR were organised. CO supported government in development of a comprehensive SDG programme for children defining costs for its implementation and funding gaps as well as started development of financing plan.
A8: 2019 | C8: Programming for at-scale results for children | D8: South to south cooperation | E8: SMQ 2019 Change strategies | F8: UNICEF | G8: =IF(F8="UNICEF",1,0) -> 1 | H8: Qual | I8: =IF(H8="Quant",1,0) -> 0 | J8: does not apply to indicator | K8: =IF(J8="Yes",1,0) -> 0 | L8: does not apply to indicator | M8: =IF(L8="Yes",1,0) -> 0 | N8: does not apply to indicator | O8: =IF(N8="Yes",1,0) -> 0
A9: 2019 | C9: Gender-responsive programming | D9: Percentage of country offices that conducted a gender analysis as part of CPD development | E9: SMQ 2019 Change strategies | F9: UNICEF | G9: =IF(F9="UNICEF",1,0) -> 1 | H9: Qual | I9: =IF(H9="Quant",1,0) -> 0 | J9: does not apply to indicator | K9: =IF(J9="Yes",1,0) -> 0 | L9: does not apply to indicator | M9: =IF(L9="Yes",1,0) -> 0 | N9: does not apply to indicator | O9: =IF(N9="Yes",1,0) -> 0 | Q9: A gender programmatic review was conducted in 2016 and as well as girls education review in early 2017.
A10: 2019 | C10: Gender-responsive programming | D10: Percentage of country offices that meet organisational standarts on gender mainstreaming in programme implementation | E10: SMQ 2019 Change strategies | F10: UNICEF | G10: =IF(F10="UNICEF",1,0) -> 1 | H10: Qual | I10: =IF(H10="Quant",1,0) -> 0 | J10: does not apply to indicator | K10: =IF(J10="Yes",1,0) -> 0 | L10: does not apply to indicator | M10: =IF(L10="Yes",1,0) -> 0 | N10: does not apply to indicator | O10: =IF(N10="Yes",1,0) -> 0 | Q10: CPD/SMR report. CO using GPR toolkit for conducting the Gender Programmatic Review. CO identified mesurable gender output or outcome aligned to the GAP 2018-2021 in the CPD result framework = Gender equality in access, retention, and learning in education for girls and boys and Advancing adolescent girls' secondary education, learning and skills, including science, technology, engineering and mathematics. All outputs for Learning programme are gendersensitive. Besides, in 2019, in Adolescent Innovation labs under Adolescent programming, new skills development programmes developed for girls. All indicators are gender disaggregated.
A11: 2018 | C11: Winning support for the cause of children from decision makers and the wider public | D11: Number of people who volunteer, advocate or give for the cause of children | E11: SMQ 2019 Change strategies | F11: UNICEF | G11: =IF(F11="UNICEF",1,0) -> 1 | H11: Quant | I11: =IF(H11="Quant",1,0) -> 1 | J11: No | K11: =IF(J11="Yes",1,0) -> 0 | L11: No | M11: =IF(L11="Yes",1,0) -> 0 | N11: No | O11: =IF(N11="Yes",1,0) -> 0 | Q11: UNICEF Tajikistan increased its collaboration with Youth based organisation attracting almost twice more young people in core and complementary programming as part of activities across the country. UNICEF continued its work with National Association of Volunteers of Tajikistan. Number of volunteers affiliated with UNICEF-supported programmes - both on UNICEF contact list and not on UNICEF contact lists : 7600 of which 70 were active during reporting year.
A12: 2019 | C12: Winning support for the cause of children from decision makers and the wider public | D12: Percentage of countries that have changed child focused policies as a result of a UNICEF-led advocacy campaign and related programme strategies | E12: SMQ 2019 Change strategies | F12: UNICEF | G12: =IF(F12="UNICEF",1,0) -> 1 | H12: Qual | I12: =IF(H12="Quant",1,0) -> 0 | J12: does not apply to indicator | K12: =IF(J12="Yes",1,0) -> 0 | L12: does not apply to indicator | M12: =IF(L12="Yes",1,0) -> 0 | N12: does not apply to indicator | O12: =IF(N12="Yes",1,0) -> 0
A13: 2019 | C13: Winning support for the cause of children from decision makers and the wider public | D13: Number of countries supported to take action through a UNICEF-led advocacy campaign on: child survival, children uprooted, early moments matter, ending violence | E13: SMQ 2019 Change strategies | F13: UNICEF | G13: =IF(F13="UNICEF",1,0) -> 1 | H13: Qual | I13: =IF(H13="Quant",1,0) -> 0 | J13: does not apply to indicator | K13: =IF(J13="Yes",1,0) -> 0 | L13: does not apply to indicator | M13: =IF(L13="Yes",1,0) -> 0 | N13: does not apply to indicator | O13: =IF(N13="Yes",1,0) -> 0
A14: 2019 | C14: Develop and leverage resources and partnerships for children | D14: Percentage of country offices and National Committees that are implementing advocacy plans on increasing budget allocations for children | E14: SMQ 2019 Change strategies | F14: UNICEF | G14: =IF(F14="UNICEF",1,0) -> 1 | H14: Qual | I14: =IF(H14="Quant",1,0) -> 0 | J14: does not apply to indicator | K14: =IF(J14="Yes",1,0) -> 0 | L14: does not apply to indicator | M14: =IF(L14="Yes",1,0) -> 0 | N14: does not apply to indicator | O14: =IF(N14="Yes",1,0) -> 0 | Q14: The CO has implemented an advocacy plan which has resulted in increasing budget allocations for children from the government.
A15: 2019 | C15: Harnessing the power of business and markets for children | D15: Number of businesses engaged by UNICEF and National Committees that have integrated child rights approaches into their business activities and relationships | E15: SMQ 2019 Change strategies | F15: UNICEF | G15: =IF(F15="UNICEF",1,0) -> 1 | H15: Qual | I15: =IF(H15="Quant",1,0) -> 0 | J15: does not apply to indicator | K15: =IF(J15="Yes",1,0) -> 0 | L15: does not apply to indicator | M15: =IF(L15="Yes",1,0) -> 0 | N15: does not apply to indicator | O15: =IF(N15="Yes",1,0) -> 0 | Q15: Hilton Hotel, Sheraton Hotel, 55 Group, Accelerate prosperity Investment Fund, Chloe.
A16: 2019 | C16: United Nations working together | D16: UNICEF led cluster coordination mechanism meet satisfactory for established functions: nutrition, education, WASH, child protection | E16: SMQ 2019 Change strategies | F16: UNICEF | G16: =IF(F16="UNICEF",1,0) -> 1 | H16: Qual | I16: =IF(H16="Quant",1,0) -> 0 | J16: does not apply to indicator | K16: =IF(J16="Yes",1,0) -> 0 | L16: does not apply to indicator | M16: =IF(L16="Yes",1,0) -> 0 | N16: does not apply to indicator | O16: =IF(N16="Yes",1,0) -> 0 | Q16: CO assigned designated staff to lead/co-lead a humanitarian cluster/sector, area of responsibility or similar coordination mechanism. However, no assessment of coordination performance assessment has been undertaken with partners during the year of reporting.
A17: 2019 | C17: United Nations working together | D17: Engagement in joint programmes | E17: SMQ 2019 Change strategies | F17: UNICEF | G17: =IF(F17="UNICEF",1,0) -> 1 | H17: Qual | I17: =IF(H17="Quant",1,0) -> 0 | J17: does not apply to indicator | K17: =IF(J17="Yes",1,0) -> 0 | L17: does not apply to indicator | M17: =IF(L17="Yes",1,0) -> 0 | N17: does not apply to indicator | O17: =IF(N17="Yes",1,0) -> 0 | Q17: PBF project aimed at improving intercommunal collaboration and peace in crossborder region with Kyrgyzstan through peacebuilding competencies among adolescents, dialogue platforms between adolescents and local authorities, 21st century skills and capacity of dutybearers working with children. UNDP, UNW, WFP and FAO are agencies involved in the programme.
A18: 2019 | C18: United Nations working together | D18: In cash/kind contribution contributed to resident coordinator system, in millions of USD | E18: SMQ 2019 Change strategies | F18: UNICEF | G18: =IF(F18="UNICEF",1,0) -> 1 | H18: Qual | I18: =IF(H18="Quant",1,0) -> 0 | J18: does not apply to indicator | K18: =IF(J18="Yes",1,0) -> 0 | L18: does not apply to indicator | M18: =IF(L18="Yes",1,0) -> 0 | N18: does not apply to indicator | O18: =IF(N18="Yes",1,0) -> 0 | Q18: USD 30 000
A19: 2019 | C19: Fostering innovations in programming and advocacy processes and practices | D19: Percentage of countries implementing proven real-time information innovations at scale, including adaptation for humanitarian response | E19: SMQ 2019 Change strategies | F19: UNICEF | G19: =IF(F19="UNICEF",1,0) -> 1 | H19: Qual | I19: =IF(H19="Quant",1,0) -> 0 | J19: does not apply to indicator | K19: =IF(J19="Yes",1,0) -> 0 | L19: does not apply to indicator | M19: =IF(L19="Yes",1,0) -> 0 | N19: does not apply to indicator | O19: =IF(N19="Yes",1,0) -> 0 | Q19: Benefited from using Real Time Monitoring using a platform that is not powered by RapidPro
A20: 2019 | B20: Cross-cutting | C20: Humanitarian response | D20: Number of humanitarian situation CO responded to during the year of reporting | E20: SQM 2019 Cross-cutting | F20: UNICEF | G20: =IF(F20="UNICEF",1,0) -> 1 | H20: Qual | I20: =IF(H20="Quant",1,0) -> 0 | J20: Yes | K20: =IF(J20="Yes",1,0) -> 1 | L20: No | M20: =IF(L20="Yes",1,0) -> 0 | N20: No | O20: =IF(N20="Yes",1,0) -> 0 | P20: 2019 | Q20: 2 natural disaster and reached 5,040 (2,571 female; 2,469 male) affected people, including 3,175 children (1,746 girls and 1,429 boys)
A21: 2019 | C21: Humanitarian response | D21: Total combined population in need due to humanitarian situations in the country during the year of reporting | E21: SQM 2019 Cross-cutting | F21: UNICEF | G21: =IF(F21="UNICEF",1,0) -> 1 | H21: Quant | I21: =IF(H21="Quant",1,0) -> 1 | J21: Yes | K21: =IF(J21="Yes",1,0) -> 1 | L21: Yes | M21: =IF(L21="Yes",1,0) -> 1 | N21: No | O21: =IF(N21="Yes",1,0) -> 0 | P21: 2019 | Q21: total of 5249 people in need ( 2230 male; 3019 female) including 3254 0-17 years ( 1432 male; 1822 female) and 1995 18+ years (798 male; 1197 female)
A22: 2019 | C22: Social Protection | D22: National legal social protection policy or legal framework | E22: SMQ 2019 Equitable chance in life | F22: UNICEF | G22: =IF(F22="UNICEF",1,0) -> 1 | H22: Qual | I22: =IF(H22="Quant",1,0) -> 0 | J22: does not apply to indicator | K22: =IF(J22="Yes",1,0) -> 0 | L22: does not apply to indicator | M22: =IF(L22="Yes",1,0) -> 0 | N22: does not apply to indicator | O22: =IF(N22="Yes",1,0) -> 0 | P22: 2019 | Q22: Since 2015, UNICEF has been supporting the Government in Developping a Social Protection Strategy. UNICEF continued its advocacy for the approval of the new Social Protection Strategy in 2019. MHSP reviewed the draft strategy again and shared with sectoral ministries for their final comments. Process is ongoing at this stage.
A23: 2019 | C23: Social Protection | D23: Percentage of GDP dedicated to social assistance programmes (cash transfers, in kind, social pensions, school feeding, public works, fee waivers) | E23: SMQ 2019 Equitable chance in life | F23: UNICEF | G23: =IF(F23="UNICEF",1,0) -> 1 | H23: Qual | I23: =IF(H23="Quant",1,0) -> 0 | J23: does not apply to indicator | K23: =IF(J23="Yes",1,0) -> 0 | L23: does not apply to indicator | M23: =IF(L23="Yes",1,0) -> 0 | N23: does not apply to indicator | O23: =IF(N23="Yes",1,0) -> 0 | P23: 2019 | Q23: Betweem 0.25% and 1 %
A24: 2019 | C24: Social Protection | D24: Existing elements of the integrated social and beneficiary registry systems | E24: SMQ 2019 Equitable chance in life | F24: UNICEF | G24: =IF(F24="UNICEF",1,0) -> 1 | H24: Qual | I24: =IF(H24="Quant",1,0) -> 0 | J24: does not apply to indicator | K24: =IF(J24="Yes",1,0) -> 0 | L24: does not apply to indicator | M24: =IF(L24="Yes",1,0) -> 0 | N24: does not apply to indicator | O24: =IF(N24="Yes",1,0) -> 0 | P24: 2019 | Q24: Beneficiary registry database is available for poverty redction programme in the Targeted Social Assistance. A separate database is operational on social pension programmes for children but the databases are not accessible to the public.
A25: 2019 | C25: Social Protection | D25: Assessment or evaluation of social assistance programmes | E25: SMQ 2019 Equitable chance in life | F25: UNICEF | G25: =IF(F25="UNICEF",1,0) -> 1 | H25: Qual | I25: =IF(H25="Quant",1,0) -> 0 | J25: does not apply to indicator | K25: =IF(J25="Yes",1,0) -> 0 | L25: does not apply to indicator | M25: =IF(L25="Yes",1,0) -> 0 | N25: does not apply to indicator | O25: =IF(N25="Yes",1,0) -> 0 | P25: 2018 | Q25: Evalaution study conducted in 2018 to assess impact of government social assistance program (cash transfer) for children living with HIV.
A26: 2019 | C26: Social Protection | D26: Proportion of children in the country covered by social assistance programme(s) | E26: SMQ 2019 Equitable chance in life | F26: UNICEF | G26: =IF(F26="UNICEF",1,0) -> 1 | H26: Quant | I26: =IF(H26="Quant",1,0) -> 1 | J26: No | K26: =IF(J26="Yes",1,0) -> 0 | L26: No | M26: =IF(L26="Yes",1,0) -> 0 | N26: No | O26: =IF(N26="Yes",1,0) -> 0 | P26: 2019 | Q26: Social assistance programmes coverage is less than 2% of children. Only 27, 000 CWD have access to social protection assistance. Other assistance programmes cover less than the social assistance for CWD programme. In total cash programmes do not reach 2% of child populaton in Tajikistan which equals to 74,000 children
A27: 2019 | C27: Social Protection | D27: Availability of information and knowledge and/or other services to beneficiaries of social assistance programmes | E27: SMQ 2019 Equitable chance in life | F27: UNICEF | G27: =IF(F27="UNICEF",1,0) -> 1 | H27: Qual | I27: =IF(H27="Quant",1,0) -> 0 | J27: does not apply to indicator | K27: =IF(J27="Yes",1,0) -> 0 | L27: does not apply to indicator | M27: =IF(L27="Yes",1,0) -> 0 | N27: does not apply to indicator | O27: =IF(N27="Yes",1,0) -> 0 | P27: 2019 | Q27: Only TSA beneficiaries are made eligible and informed on other sector services
A28: 2019 | C28: Social Protection | D28: Level of integration of gender in the Social Protection system | E28: SMQ 2019 Equitable chance in life | F28: UNICEF | G28: =IF(F28="UNICEF",1,0) -> 1 | H28: Qual | I28: =IF(H28="Quant",1,0) -> 0 | J28: does not apply to indicator | K28: =IF(J28="Yes",1,0) -> 0 | L28: does not apply to indicator | M28: =IF(L28="Yes",1,0) -> 0 | N28: does not apply to indicator | O28: =IF(N28="Yes",1,0) -> 0 | P28: 2019 | Q28: System is gender-neutral/blind, social protection systems and policies are not gender-sensitive.
A29: 2019 | C29: Social Protection | D29: National cash transfer programmes that are ready to respond to a crisis | E29: SMQ 2019 Equitable chance in life | F29: UNICEF | G29: =IF(F29="UNICEF",1,0) -> 1 | H29: Qual | I29: =IF(H29="Quant",1,0) -> 0 | J29: does not apply to indicator | K29: =IF(J29="Yes",1,0) -> 0 | L29: does not apply to indicator | M29: =IF(L29="Yes",1,0) -> 0 | N29: does not apply to indicator | O29: =IF(N29="Yes",1,0) -> 0 | P29: 2019 | Q29: No privision exists in either social protection or DRM policy, strategy or legal framework. There is no coordination between the stakeholders relevant for shock responsive social protection to enable the scale up of cash transfer programmes. UNICEF piloted a humanitarian cash transfer programme in 2018 to strengthen coordination among all stakeholders in 2019.
A30: 2019 | C30: Social Protection | D30: UNICEF support to social protection | E30: SMQ 2019 Equitable chance in life | F30: UNICEF | G30: =IF(F30="UNICEF",1,0) -> 1 | H30: Qual | I30: =IF(H30="Quant",1,0) -> 0 | J30: does not apply to indicator | K30: =IF(J30="Yes",1,0) -> 0 | L30: does not apply to indicator | M30: =IF(L30="Yes",1,0) -> 0 | N30: does not apply to indicator | O30: =IF(N30="Yes",1,0) -> 0 | P30: 2019 | Q30: Child poverty analysis, impact evaluations and/or SP systems assessment SP policy and strategy development, improving coordination and/or domestic financing Expanding and improving cash transfers for children (coverage) Supporting child care and/or adolescent employability Strengthening social welfare workforce and direct outreach to families Strengthening national SP systems to become shock responsive Linking humanitarian cash transfers to SP systems Ensuring that SP system is sensitive to persons living with disability
A31: 2016 | B31: Humanitarian Assistance | C31: Natural Disasters | D31: 3, 830 affected persons received support (2, 165 directly, 1, 665 indirectly), including approximately 317 school-aged girls and 374 school-aged boys, 167 preschool girls and 218 preschool boys | E31: COAR 2016 | F31: UNICEF | G31: =IF(F31="UNICEF",1,0) -> 1 | H31: Quant | I31: =IF(H31="Quant",1,0) -> 1 | J31: Yes | K31: =IF(J31="Yes",1,0) -> 1 | L31: Yes | M31: =IF(L31="Yes",1,0) -> 1 | N31: Yes | O31: =IF(N31="Yes",1,0) -> 1 | P31: No RAM for 2016 | Q31: UNICEF provided critical relief and response activities, focusing on education, child protection and WASH, for earthquake-affected populations in the GBAO after a powerful earthquake hit the region in December 2015 (652 displaced person out of more than 4, 000 affected), causing significant damage to infrastructure, including schools.
A32: 2016 | C32: Natural Disasters | D32: 1.313 students in Rushan schools benefited from improved access to appropriately designed latrines | E32: COAR 2016 | F32: UNICEF | G32: =IF(F32="UNICEF",1,0) -> 1 | H32: Quant | I32: =IF(H32="Quant",1,0) -> 1 | J32: No | K32: =IF(J32="Yes",1,0) -> 0 | L32: No | M32: =IF(L32="Yes",1,0) -> 0 | N32: Yes | O32: =IF(N32="Yes",1,0) -> 1 | P32: No RAM for 2016
